 Dungeon Crawl Stone Soup version 0.15.2 (webtiles) character file.

581600 realizingwhyifist the Sensei (level 25, -4/214 HPs)
             Began as a Mummy Monk on Apr 20, 2015.
             Killed by divine providence
             ... invoked by a sphinx
              (13 damage)
             ... on Level 1 of the Tomb of the Ancients on Apr 21, 2015.
             The game lasted 12:57:49 (157939 turns).

realizingwhyifist the Sensei (Mummy Monk)         Turns: 157939, Time: 12:57:49

HP  -4/214       AC 20     Str 14      XL: 25   Next: 95%
MP  21/21        EV 30     Int  9      God:
Gold 5655        SH 16     Dex 25      Spells:  0 memorised, 24 levels left

rFire  . . .     SeeInvis +       - Unarmed
rCold  + + .     Clarity  .     (no armour)
rNeg   + + +     rCorr    .     a - +2 shield of Resistance {rF+ rC+ MR+}
rPois  +         rRot     +     v - +2 helmet {SInv}
rElec  .         Spirit   .     h - +2 cloak
SustAb .         Warding  .     p - +2 pair of gloves {Dex+3}
rMut   .         Stasis   .     w - +2 pair of boots of Valour {+Inv Stlth+}
Gourm  .                        e - amulet of rage
MR     ++++.                    L - +3 ring of protection
                                I - +3 ring of protection

@: incredibly resistant to hostile enchantments, very stealthy
A: no food or potions, fire vulnerability, in touch with death, restore body,
cold resistance 1, negative energy resistance 3, poison resistance, torment
resistance, unbreathing
a: Self-Restoration, Evoke Invisibility
}: 3/15 runes: serpentine, barnacled, abyssal


You were on level 1 of the Tomb of the Ancients.
You were not hungry.

You visited 10 branches of the dungeon, and saw 53 of its levels.
You visited the Abyss 2 times.
You also visited: Ice Cave.

You collected 8157 gold pieces.
You spent 2502 gold pieces at shops.


Innate Abilities, Weirdness & Mutations

You do not eat or drink.
Your flesh is vulnerable to fire.
You are in touch with the powers of death.
You can restore your body by infusing magical energy.
Your flesh is cold resistant.
You are immune to negative energy.
Your system is resistant to poisons.
You are immune to unholy pain and torment.
You can survive without breathing.


   Skills:
 - Level 21.0 Fighting
 - Level 11.0 Armour
 - Level 15.6 Dodging
 + Level 12.3 Stealth
 - Level 15.0 Shields
 - Level 23.3 Unarmed Combat


You had 24 spell levels left.
You didn't know any spells.

Inventory:

Hand weapons
 b - the +7 great mace "Undeadhunter" {disrupt, rN+}
   (You found it on level 2 of the Crypt)

   It protects you from negative energy.
 y - the +13 sword of the Doom Knight {pain, -Cast MR+}
   (You took it off a skeletal warrior on level 3 of the Crypt)

   In the hands of one skilled in necromantic magic, it inflicts extra damage on
   living creatures.
   It affects your resistance to hostile enchantments.
   It prevents spellcasting.
 K - the +8 glaive of the Guard {elec, +Rage AC+5 SInv}
   (You took it off a deep elf death mage on level 3 of the Vaults)

   Occasionally, upon striking a foe, it will discharge some electrical energy
   and cause terrible harm.
   It affects your AC (+5).
   It enhances your eyesight.
   It lets you go berserk.
 N - the +7 Spriggan's Knife {MR+ EV+4 Dex+4 Stlth+}
   (You took it off a deep elf annihilator on level 3 of the Elven Halls)

   It affects your evasion (+4).
   It affects your dexterity (+4).
   It affects your resistance to hostile enchantments.
   It makes you more stealthy.
Armour
 a - the +2 shield of Resistance (worn) {rF+ rC+ MR+}
   (You bought it in a shop on level 4 of the Orcish Mines)

   It protects you from fire.
   It protects you from cold.
   It affects your resistance to hostile enchantments.
 d - the cursed +3 buckler of the Eternal Fruit {+Rage, unknown}
   (You found it on level 5 of the Dungeon)

   It lets you go berserk.
   It has a curse placed upon it.
 h - a +2 cloak (worn)
 p - a +2 pair of gloves of dexterity (worn)
 v - a +2 helmet of see invisible (worn)
 w - the +2 pair of boots of Valour (worn) {+Inv Stlth+}
   (You bought it in a shop on level 10 of the Dungeon)

   It lets you turn invisible.
   It makes you more stealthy.
 G - the +3 robe of Clouds {+Fly rElec}
   (You took it off a deep elf sorcerer on level 3 of the Elven Halls)

   It insulates you from electricity.
   It lets you fly.
Comestibles
 c - 28 bread rations
 f - 31 meat rations
 j - 4 royal jellies
 m - 10 slices of pizza (quivered)
 o - 27 beef jerkies
 u - 24 fruits
Scrolls
 g - 8 scrolls of magic mapping
 k - a scroll of torment
 l - 20 scrolls of identify
 n - 8 scrolls of remove curse
 q - 2 scrolls of fear
 r - 7 scrolls of immolation {!r}
 t - 4 scrolls of holy word {!r}
 z - 5 scrolls of vulnerability
 C - 6 scrolls of enchant weapon
 D - 6 scrolls of amnesia
 F - 2 scrolls of enchant armour
 H - 3 scrolls of teleportation
 M - a scroll of blinking
Jewellery
 e - an amulet of rage (around neck)
 i - a +4 ring of evasion
 s - an uncursed ring of protection from cold {unknown}
 x - an uncursed ring of ice
 B - an uncursed ring of flight
 E - an uncursed ring of protection from magic
 I - a +3 ring of protection (left hand)
 L - a +3 ring of protection (right hand)
 O - an uncursed ring of fire
 P - an uncursed ring of protection from fire
Potions
 A - 2 potions of porridge

Dungeon Overview and Level Annotations

Branches:
Dungeon (15/15)            Temple (0/1) D:6             Orc (4/4) D:10
    Elf (3/3) Orc:4          Lair (8/8) D:11         Shoals (5/5) Lair:5
  Snake (5/5) Lair:3        Slime (0/6) Lair:7       Vaults (4/5) D:14
  Crypt (3/3)                Tomb (1/3) Crypt:3      Depths (5/5) D:15
    Zot (0/5) Depths:5

Altars:
Cheibriados
Dithmenos
Elyvilon
Fedhas
Kikubaaqudgha
Okawaru
Qazlal
Sif Muna
Trog
Vehumet
Xom
Yredelemnul
Zin
Beogh
Jiyva

Shops:
D:4 *   D:10 [%**?   Orc:3 [   Orc:4 }([[[   Elf:1 =   Snake:2 (   Vaults:2 !
Vaults:4 }=%

Portals:
Hell: Depths:1 Depths:2 Depths:3 Depths:4 Depths:5
Abyss: Depths:2 Depths:4
Pandemonium: Depths:3
Ziggurat: Depths:3

Annotations:
D:3 Grinder
D:4 exclusion: downstairs, Eustachio
D:5 emiel's ghost, experienced MfIE
D:7 CLOAKS
D:8 Maurice
D:9 Joseph
D:12 everything is terrible, exclusions: door, downstairs, tengu reaver, yaktaur captain and 4 more exclusions, Psyche
D:13 exclusion: upstairs
D:14 git ripped kill ettins, exclusion: downstairs
Elf:2 exclusion: downstairs
Lair:4 exclusions: 2 downstairs and hydra
Lair:5 exclusions: downstairs and 4 more exclusions
Lair:8 come back murder crab
Shoals:1 exclusion: Roxanne, Roxanne
Shoals:3 exclusion: downstairs
Snake:3 consider getting the resistshield fgt
Snake:5 distowarrior
Vaults:2 exclusion: downstairs, Boris
Vaults:3 Nikola
Vaults:4 this is V: 4 you dumb fuck don't go down
Crypt:1 Mara
Crypt:2 exclusion: curse skull
Depths:2 drag something to dig

############
#<...........
#@§§..........
#§§§...........
#§.§§§.........
#.§.§§=........
#§§H§§.§...#
#§§§.§§....#
#§§§..§....#
#..§..§§§..#
#.H.§..§§§.#


You could see a sphinx.


Message History

Unknown command.
Here: a sphinx The floor.
Read which item? (? for menu, Esc to quit)
As you read the scroll of fog, it crumbles to dust.
The scroll dissolves into smoke.
Read which item? (? for menu, Esc to quit)
Your blink will be uncontrolled - continue anyway?
As you read the scroll of blinking, it crumbles to dust.
A powerful magic interferes with your control of the blink.
You blink.
Read which item? (? for menu, Esc to quit)
As you read the scroll of fog, it crumbles to dust.
The scroll dissolves into smoke.
Read which item? (? for menu, Esc to quit)
As you read the scroll of fog, it crumbles to dust.
The scroll dissolves into smoke.
Read which item? (? for menu, Esc to quit)
Okay, then.
You can't see that place. [the floor.] Unknown command.
Read which item? (? for menu, Esc to quit)
Okay, then.
Read which item? (? for menu, Esc to quit)
As you read the scroll of fog, it crumbles to dust.
The scroll dissolves into smoke.
The sphinx mumbles some strange words.
Something smites you!
You die...

Action                   |  1- 3 |  4- 6 |  7- 9 | 10-12 | 13-15 | 16-18 | 19-21 | 22-24 | 25-27 || total
-------------------------+-------+-------+-------+-------+-------+-------+-------+-------+-------++-------
Melee: Unarmed           |   177 |   454 |   783 |  1583 |  2889 |  2978 |  3592 |  3762 |  1294 || 17512
 Abil: Evoke Flight      |       |       |       |       |       |       |       |       |     3 ||     3
       Self-Restoration  |       |       |       |       |       |       |       |       |     1 ||     1
  Use: Scroll            |     2 |    13 |     5 |     7 |    16 |    23 |     8 |     7 |    11 ||    92
 Stab: Sleeping          |     2 |       |    10 |    18 |    22 |    15 |    17 |    26 |     4 ||   114
       Distracted        |       |       |     2 |     3 |     8 |    13 |    22 |     8 |    11 ||    67
       Petrified         |       |       |       |       |     3 |       |       |       |       ||     3
       Petrifying        |       |       |       |       |     1 |       |       |       |       ||     1
       Confused          |       |       |       |       |       |       |       |     2 |       ||     2

Vault maps used:
D:1:      scummos_arrival_hexagon, minmay_misc_feat_x, grunt_decor_resistance,
          kennysheep_another_room
D:2:      st_stairs_11, uniq_jessica
D:3:      lemuel_round_altar, nicolae_dithmenos_shadow_blocks,
          nicolae_qazlal_style_of_elements, uniq_grinder
D:4:      zin_treasury, first_bread, serial_shops, shop, uniq_eustachio
D:5:      lemuel_upstairs_altar, lightli_temple_of_fire, old_standard_altar
D:6:      corexii_shantytown
D:7:      lemuel_coloured_pillars_altar, uniq_sigmund, uniq_crazy_yiuf_cottage
D:8:      serial_glass, glass_columns_b, glass_columns_a, glass_columns_c,
          glass_columns_c, glass_columns_a, glass_columns_b, glass_columns_a,
          glass_columns_a, glass_columns_a, glass_columns_a, uniq_grum,
          uniq_maurice
D:9:      vehumet_crystals, lemuel_crystal_altar, uniq_joseph
D:10:     erik_orc_2, serial_shops, shop, nicolae_shop_waterfront,
          nicolae_shop_stone, nicolae_shop_stone, shop
D:11:     dpeg_lair_monsters, lab_entry_generic, uniq_gastronok, uniq_fannar
D:12:     grunt_livestock, grunt_ministairs_10, kennysheep_treasure_room,
          uniq_psyche
D:13:     gargoyle_guard, elyvilon_altar_3
D:14:     erik_vaults_2, infiniplex_staircase_door_maze, cheibriados_altar_1
D:15:     hangedman_slaughterboxes, uniq_kirke
Orc:1:    okawaru_metal_pillars_1_2, uniq_erolcha, uniq_duvessa
Orc:3:    serial_shops, shop, basic_altar, nicolae_orc_pool_cavern,
          nicolae_orc_flooded_monolith
Orc:4:    serial_shops, shop, st_orc_ogre_mass
Elf:1:    eino_elf_arrival_shootout, serial_shops, shop_coins
Elf:2:    hangedman_elf_targetted_burst
Elf:3:    elf_hall_gauntlet_wide, uniq_agnes
Lair:1:   lemuel_slime
Lair:2:   st_stairs_8
Lair:3:   guppyfry_snake_entry_island, serial_forest,
          infiniplex_forest_clump_medium, infiniplex_forest_end_2,
          infiniplex_forest_lined_2, infiniplex_forest_lined_4_way,
          infiniplex_forest_lined_room_2, infiniplex_forest_straight_2,
          infiniplex_forest_straight_4, infiniplex_forest_diagonal,
          infiniplex_staircase_pool
Lair:4:   beast_lair_carwin_2, grunt_megastairs_2
Lair:5:   minmay_shoals_entry_beasts
Lair:6:   serial_bayou_shore_a, lemuel_fruit_fields
Lair:7:   slime_altar_1, portal_ice_cave_entry_imps
Lair:8:   grunt_lair_end_beastmaster, grunt_forest_large_clearing_hut
Shoals:1: uniq_roxanne, uniq_nessos
Shoals:2: uniq_wiglaf, uniq_rupert
Shoals:4: nicolae_shoals_mertower, uniq_louise, uniq_jorgrun
Shoals:5: shoals_end_simple, shoals_ilsuiw_alternative
Snake:1:  uniq_frances
Snake:2:  serial_shops, shop, hangedman_snake_sidewinding
Snake:3:  spider_trap
Snake:4:  uniq_aizul
Snake:5:  grunt_snake_rune_pools, basic_stair_grate_trap
Vaults:1: v_alt_pattern_6, vaults_room_corners, v_misc_26, hangedman_vaults_hat,
          v_misc_33, vaults_standard_mumra_enter_the_diamond,
          vaults_dpeg_diagonal, v_misc_22, ontoclasm_vaults_fault,
          vaults_room_stairs_pillars, nicolae_vaults_little_squares_3,
          nicolae_vaults_ring_of_whatevers, special_room_vaults, uniq_donald
Vaults:2: v_misc_28, v_misc_4, v_alt_pattern_4, nicolae_vaults_sealed_display,
          nicolae_vaults_triangles, vaults_room_guarded_vault,
          minmay_crypt_entry_necro_gods, hangedman_vaults_impose, v_misc_13,
          vaults_room_fours, vaults_room_pools, hangedman_vaults_corner_blocks,
          vaults_room_door_ring, dpeg_vaults_monster_box, serial_shops,
          nicolae_shop_trees, uniq_frederick, uniq_boris
Vaults:3: st_greater_box_1, grunt_vaults_trifunnel,
          nicolae_vaults_ring_of_whatevers, v_alt_pattern_1,
          hangedman_vaults_stretched_pinwheel, vaults_mumra_lcd, uniq_nikola,
          uniq_margery
Vaults:4: vaults_room_boxed, vaults_room_door_ring, v_misc_8, vaults_mumra_hex,
          serial_shops, shop, shop, nicolae_shop_stone
Crypt:1:  uniq_mara
Crypt:2:  crypt_curse_skull
Crypt:3:  grunt_crypt_end_deaths_head
Depths:1: minmay_curly_fans, pf_vacation_house_of_asmodeus, special_room,
          evilmike_bad_box
Depths:2: minmay_diamond_stairs, minmay_large_rounded_square, abyss_entry,
          pf_coc_iceberg, uniq_asterion
Depths:3: kennysheep_ogre_elephant_herders, enter_ziggurat_a,
          serial_corexii_hall, corexii_hall_statues_t, corexii_hall_statues_s,
          hell_entry, rand_demon_pan_entry_9, roderic_roman_lattice,
          infiniplex_staircase_pool_2
Depths:4: lemuel_traditional_vault, abyss_entry_crystal, minmay_misc_feat_doors,
          hell_entry, grunt_megastairs_3, infiniplex_staircase_spiral,
          basic_stair_grate_trap
Depths:5: lemuel_castle_with_subvaults, roderic_cross_of_infinity,
          pf_hell_entry_tar_spiral
Abyss:1:  evilmike_abyss_exit_plants
IceCv:    ice_cave_small_dragons

Notes
Turn   | Place    | Note
--------------------------------------------------------------
     0 | D:1      | realizingwhyifist, the Mummy Monk, began the quest for the Orb.
     0 | D:1      | Reached XP level 1. HP: 18/18 MP: 1/1
     7 | D:1      | Sar: potions of porrige
     7 | D:1      | Sar: RIP
     7 | D:1      | realizingwhyifist: removed fun
   196 | D:1      | Sar: wait
   219 | D:1      | Sar: is throwing stones verbotten too?
   227 | D:1      | Sar: oh right
   227 | D:1      | realizingwhyifist: word
   227 | D:1      | Sar: only throwing pizzas
   227 | D:1      | realizingwhyifist: "fun things"
   227 | D:1      | Sar: yay a ring
   256 | D:1      | realizingwhyifist: how nice!
   286 | D:1      | Sar: wait what was it
   291 | D:1      | Reached XP level 2. HP: 24/24 MP: 2/2
   297 | D:1      | realizingwhyifist: rN
   304 | D:1      | Sar: oh
   309 | D:1      | Sar: good ring!!!
   501 | D:1      | realizingwhyifist: knighted
   788 | D:2      | Sar: wait, I forgot
   928 | D:2      | Sar: stealh?
   957 | D:2      | Sar: nice forbidden needles
   963 | D:2      | Reached skill level 4 in Unarmed Combat
  1003 | D:2      | realizingwhyifist: stealth is somewhat acceptable I guess
  1003 | D:2      | realizingwhyifist: yeah actually shirtless stealth is kosher
  1012 | D:2      | Sar: I like stealth
  1038 | D:2      | Sar: and dislike stabbers
  1041 | D:2      | realizingwhyifist: god
  1041 | D:2      | realizingwhyifist: this is not the map ui
  1041 | D:2      | Sar: it's full of adders
  1041 | D:2      | realizingwhyifist: pls snakes go
  1640 | D:1      | Reached XP level 3. HP: 26/29 MP: 3/3
  2303 | D:2      | realizingwhyifist: but do no damage
  2488 | D:2      | realizingwhyifist: oh right stabbers are the worst
  2488 | D:2      | realizingwhyifist: ever since dazzle lost its charm
  2498 | D:2      | Sar: though I like chars who can occasionally stab
  2531 | D:2      | Sar: like, you kill dudes by other means
  2542 | D:2      | Sar: but sometimes you also oneshot uniques
  2542 | D:2      | Reached XP level 4. HP: 16/35 MP: 4/4
  2750 | D:2      | Sar: grab that amulet!
  2750 | D:2      | realizingwhyifist: yeah it's nice as an option that works with a different main focus
  2750 | D:2      | Sar: maybe it's good and not forbidden
  2750 | D:2      | Typee: there are snakes near the amulet
  2750 | D:2      | Sar: like uh
  2750 | D:2      | realizingwhyifist: that's why I liked dazzle
  2750 | D:2      | realizingwhyifist: also all amulets are forbidden!
  2751 | D:2      | Sar: aren't they all gone
  2763 | D:2      | Sar: fuck
  3068 | D:2      | thanks!
  3068 | D:2      | sorry
  3068 | D:2      | THANKS!
  3068 | D:2      | Noticed Jessica
  3194 | D:2      | Sar: CURSED RING OF LOUDNESS
  3199 | D:2      | Killed Jessica
  3199 | D:2      | Reached skill level 5 in Unarmed Combat
  3251 | D:2      | realizingwhyifist: WHAT
  3608 | D:2      | Reached XP level 5. HP: 21/41 MP: 5/5
  3809 | D:3      | Found a snail-covered altar of Cheibriados.
  3913 | D:3      | Noticed Grinder
  3914 | D:3      | HELLO
  3914 | D:3      | HAVE YOU SEEN MY RING
  4294 | D:2      | Sar: is it time
  4493 | D:3      | realizingwhyifist: for wot
  4504 | D:3      | Found a shadowy altar of Dithmenos.
  4523 | D:3      | Sar: for punching priests!
  4527 | D:3      | realizingwhyifist: how nice!
  4527 | D:3      | Sar: gud
  4559 | D:3      | Reached skill level 3 in Dodging
  4699 | D:3      | realizingwhyifist: curses don't matter I said
  4699 | D:3      | realizingwhyifist: when will I shut the hell up
  4699 | D:3      | realizingwhyifist: :/
  5281 | D:3      | Found a stormy altar of Qazlal.
  5284 | D:3      | Noticed a water elemental
  5284 | D:3      | Noticed an air elemental
  5285 | D:3      | Noticed a fire elemental
  5324 | D:3      | \o/
  5340 | D:3      | Paralysed by Grinder for 4 turns
  5346 | D:3      | Paralysed by Grinder for 6 turns
  5517 | D:3      | Reached XP level 6. HP: 47/47 MP: 6/6
  6035 | D:4      | Noticed Eustachio
  6035 | D:4      | Sar: um
  6035 | D:4      | Typee: ow
  6035 | D:4      | trelanon: the guys in the thread make a reasonable request, why do you keep making new accounts?
  6035 | D:4      | trelanon: also wow
  6035 | D:4      | trelanon: that sucks
  6035 | D:4      | HAVE YOU SEEN MY RING MISTER
  6035 | D:4      | trelanon: oh meant reasonable question
  6035 | D:4      | realizingwhyifist: oh
  6035 | D:4      | realizingwhyifist: because I like fun names and it's good to keep the hype going
  6035 | D:4      | trelanon: oooh. Gotcha
  6035 | D:4      | trelanon: got any other tele scrolls?
  6035 | D:4      | realizingwhyifist: ha
  6035 | D:4      | realizingwhyifist: right
  6035 | D:4      | realizingwhyifist: got some stuff to get out of this though
  6035 | D:4      | realizingwhyifist: please no elec wrath
  6036 | D:4      | coward!
  6252 | D:3      | realizingwhyifist: literally no rc
  6271 | D:4      | Sar: it's on the main page :)
  6334 | D:4      | Found Wybes' General Store.
  6342 | D:4      | Sar: gloooves
  6342 | D:4      | Bought a +0 pair of gloves for 58 gold pieces
  6342 | D:4      | Bought a +0 cloak for 58 gold pieces
  6371 | D:4      | Sar: brb, pls don't die
  6556 | D:4      | trelanon: Bucklers are a big no-no too right
  6773 | D:4      | trelanon: I mean I think it goes without saying but I wanted to be sure
  6779 | D:4      | realizingwhyifist: they are welcome as tossing items
  7483 | D:4      | Reached skill level 6 in Unarmed Combat
  7646 | D:3      | Paralysed by Grinder for 5 turns
  7646 | D:3      | realizingwhyifist: don't you fucking dare
  7650 | D:3      | HP: 2/47 [iguana (13)]
  7651 | D:3      | Typee: ripip
  7651 | D:3      | realizingwhyifist: goddamn you game
  7651 | D:3      | Sar: tbh a buckler would just cripple this char's damage output
  7651 | D:3      | Sar: without giving much in return
  7659 | D:3      | FFFFUCK OFFFF
  8274 | D:3      | realizingwhyifist: is captcha acting up on anyone else btw?
  8274 | D:3      | Sar: fucking sushi
  8274 | D:3      | realizingwhyifist: or not acting up but it asks me to select images of coffee and wine
  8274 | D:3      | Typee: all those burgers
  8274 | D:3      | realizingwhyifist: oh okay
  8274 | D:3      | trelanon: yeah a lot of food in the last two days
  8274 | D:3      | Typee: and sometimes it's hard too, like you see some thumbnail and it's not clear if it's soup or pastas
  8274 | D:3      | realizingwhyifist: these things didn't happen during moot's reign of terror
  8274 | D:3      | trelanon: can't type from my phone because the captcha doesn't work because of that
  8274 | D:4      | trelanon: we all miss our beloved dictator
  8287 | D:4      | Typee: I seem to remember that happened like a year ago for a few days
  8287 | D:4      | Sar: who?
  8308 | D:4      | Typee: but truly the worst was when we had the street numbers to identify
  8308 | D:4      | realizingwhyifist: oh right
  8308 | D:4      | trelanon: oh god that
  8334 | D:4      | Sar: I dunno that wasn't too bad
  8338 | D:4      | Typee: for some reason it was incorrect like half the time
  8469 | D:3      | trelanon: couldn't dodge them at all, you had to use the right number
  8626 | D:3      | Sar: wait ewstachio gets green rats with his spammals???
  8663 | D:3      | Reached XP level 7. HP: 33/52 MP: 7/7
  8849 | D:3      | realizingwhyifist: I know right
  8849 | D:3      | realizingwhyifist: he should get oranges at least
  8849 | D:3      | Sar: that'd be great
  8969 | D:4      | trelanon: >ring of loudness
  8969 | D:4      | thanks god
  9075 | D:4      | trelanon: oh I thought you were wearing it just because
  9183 | D:4      | realizingwhyifist: the mumo path is as silent as it is nimble
  9201 | D:4      | Found a glowing silver altar of Zin.
  9206 | D:4      | Typee: rude!
  9287 | D:4      | trelanon: don't die while I'm away
  9294 | D:5      | Entered Level 5 of the Dungeon
  9295 | D:5      | realizingwhyifist: why I would never
  9309 | D:5      | Sar: fr: mummies take damage next to lava
  9377 | D:5      | Sar: without rF
  9381 | D:5      | Sar: oh look a snake
  9381 | D:5      | realizingwhyifist: it's brown
  9381 | D:5      | Sar: not black
  9381 | D:5      | realizingwhyifist: small miracles
  9423 | D:5      | realizingwhyifist: pretty!
  9455 | D:5      | Typee: aow
  9455 | D:5      | realizingwhyifist: going as far as to deploy the sergeants
  9455 | D:5      | realizingwhyifist: fuck off
  9460 | D:4      | Sar: ih
  9465 | D:4      | Sar: uh
  9471 | D:4      | Sar: it has heals
  9637 | D:4      | realizingwhyifist: it did?
  9657 | D:4      | Sar: also pubby seems to be back on Tavern
  9657 | D:4      | Sar: well it had 2 pots
  9657 | D:4      | realizingwhyifist: eugh
  9676 | D:5      | Sar: and they still have a big chance to spawn with HW in your version
  9694 | D:5      | realizingwhyifist: I didn't know any of that!
  9818 | D:3      | Sar: quazit tile is the best Crawl tile
  9857 | D:3      | Sar: y/y
  9864 | D:4      | realizingwhyifist: hm
  9864 | D:4      | realizingwhyifist: gmummy is very good though
  9869 | D:4      | Sar: it's ~thematic~
  9926 | D:5      | Sar: though I prefer regular mummy tiles I think
 10086 | D:5      | Typee: yay
 10137 | D:5      | Reached skill level 7 in Unarmed Combat
 10224 | D:5      | realizingwhyifist: slurp
 10400 | D:5      | Sar: wooo
 10496 | D:5      | Reached XP level 8. HP: 58/58 MP: 8/8
 10497 | D:5      | realizingwhyifist: not my equipment!
 10544 | D:5      | Got a twisted buckler
 10627 | D:5      | Reached skill level 8 in Unarmed Combat
 10656 | D:5      | Sar: MARTIAL ARTIST
 10692 | D:5      | realizingwhyifist: gotta train notdietodudes now
 10703 | D:5      | Reached skill level 4 in Dodging
 10812 | D:5      | Found a shimmering altar of Xom.
 10867 | D:5      | Found a bloodstained altar of Trog.
 11078 | D:5      | Sar: farm jello for XP
 11128 | D:5      | Noticed emiel's ghost (experienced MfIE)
 11129 | D:5      | realizingwhyifist: unchivalric
 11142 | D:5      | realizingwhyifist: okay so I have no idea where he went
 11142 | D:5      | realizingwhyifist: it's also scary to know he was roaming all along
 11154 | D:6      | Sar: well at least you have rC
 11161 | D:6      | realizingwhyifist: yes!
 11208 | D:6      | Sar: hm
 11208 | D:6      | Sar: is that allowed?
 11208 | D:6      | realizingwhyifist: I don't remember
 11208 | D:6      | realizingwhyifist: was this verboten
 11208 | D:6      | Sar: I think no
 11208 | D:6      | realizingwhyifist: probably
 11208 | D:6      | Sar: but I dunno, it just makes you rest faster
 11208 | D:6      | Sar: then again, I like silk
 11208 | D:6      | realizingwhyifist: oh yeah alright this is totally for pansies
 11208 | D:6      | realizingwhyifist: as is actual slayrinks
 11211 | D:6      | No, thanks!
 11317 | D:6      | Reached skill level 5 in Dodging
 11834 | D:6      | Reached skill level 6 in Dodging
 12220 | D:6      | Found a staircase to the Ecumenical Temple.
 12346 | D:6      | Sar: A HAT
 12377 | D:6      | Sar: eh
 12377 | D:6      | pffff
 13047 | D:7      | Reached XP level 9. HP: 55/63 MP: 9/9
 13051 | D:7      | Reached skill level 9 in Unarmed Combat
 13693 | D:7      | Reached skill level 4 in Fighting
 14086 | D:7      | Reached skill level 5 in Fighting
 15084 | D:7      | Reached skill level 6 in Fighting
 15284 | D:7      | Noticed Sigmund
 15702 | D:7      | Found an iron altar of Okawaru.
 15749 | D:8      | Noticed Grum
 15749 | D:8      | realizingwhyifist: hrm
 15750 | D:8      | Sar: sucks you can't throw things
 15750 | D:8      | Sar: that do damage
 15750 | D:8      | realizingwhyifist: unfortunate indeed
 15788 | D:7      | Reached skill level 7 in Fighting
 15829 | D:8      | Identified a scroll of acquirement
 15830 | D:8      | Sar: oh
 15830 | D:8      | realizingwhyifist: how nice!
 15830 | D:8      | Sar: I just wanted to ask if acq is allowed
 15830 | D:8      | Sar: armour?
 15830 | D:8      | realizingwhyifist: I guess!
 15832 | D:8      | realizingwhyifist: potentially good
 15842 | D:8      | Sar: not bad
 15842 | D:8      | realizingwhyifist: hell yes
 15842 | D:8      | Sar: at all
 15843 | D:8      | realizingwhyifist: holy shit I'm gonna punch so good
 15916 | D:8      | trelanon: wait, did you find regen
 15916 | D:8      | realizingwhyifist: eat shit spore
 15916 | D:8      | realizingwhyifist: I did but it is not allowed
 16615 | D:7      | Reached skill level 7 in Dodging
 16827 | D:7      | Reached XP level 10. HP: 48/79 MP: 10/10
 17677 | D:8      | Killed Grum
 17683 | D:8      | trelanon: >miss miss miss
 17686 | D:8      | realizingwhyifist: the most nimble
 17792 | D:8      | Reached skill level 10 in Unarmed Combat
 17818 | D:8      | Noticed Maurice
 17999 | D:9      | Found a radiant altar of Vehumet.
 18044 | D:9      | trelanon: shit
 18044 | D:9      | Sar: pffffffffff
 18090 | D:9      | trelanon: balls the size of texas
 18218 | D:9      | Found a blossoming altar of Fedhas.
 18322 | D:7      | Killed Sigmund
 18590 | D:7      | Noticed Crazy Yiuf
 18597 | D:7      | Killed Crazy Yiuf
 18599 | D:7      | realizingwhyifist: meh
 18599 | D:7      | realizingwhyifist: shit cloak
 18841 | D:9      | Sar: did I miss a cloak
 18874 | D:9      | Noticed a purple ugly thing
 18878 | D:9      | Noticed Joseph
 18879 | D:9      | trelanon: +0
 18879 | D:9      | Sar: eh
 18879 | D:9      | realizingwhyifist: "a mercenary"
 18880 | D:9      | trelanon: not even "The" mercenary
 18880 | D:9      | realizingwhyifist: still don't like the whole title thing
 18882 | D:9      | realizingwhyifist: holy shit what
 18882 | D:9      | trelanon: well yeah, D9
 18882 | D:9      | trelanon: it's not really OOD
 18882 | D:9      | realizingwhyifist: hm I guess
 18896 | D:9      | Sar: yeah titles are kind of unnecessary
 19042 | D:9      | Reached skill level 2 in Stealth
 19104 | D:9      | Sar: unlike the player ones, which are crucial
 19104 | D:9      | realizingwhyifist: Dowan brother of Duvessa
 19104 | D:9      | realizingwhyifist: like
 19104 | D:9      | realizingwhyifist: come on
 19294 | D:10     | Entered Level 10 of the Dungeon
 19344 | D:9      | trelanon: natasha and boris are pretty nice
 19393 | D:10     | realizingwhyifist: the best enemy
 19419 | D:10     | Found Neufaf's Antique Armour Boutique.
 19424 | D:10     | realizingwhyifist: nnnice
 19441 | D:10     | Sar: rF++
 19442 | D:10     | trelanon: what if they have slaying
 19446 | D:10     | Sar: why not buy it now
 19446 | D:10     | Sar: hmmm
 19446 | D:10     | trelanon: or regen+
 19446 | D:10     | Sar: can you wear an item with slay
 19446 | D:10     | realizingwhyifist: other shops can spawn
 19446 | D:10     | trelanon: wait, that's .16 right
 19446 | D:10     | Sar: AND a ring of slay-
 19446 | D:10     | realizingwhyifist: depends on its name
 19454 | D:10     | Sar: I think it's 0.15
 19458 | D:10     | Found Skaqusih's Food Shop.
 19497 | D:10     | trelanon: heh, right, a ring of - slay
 19548 | D:10     | Sar: STORMING THE CASTLE
 19548 | D:10     | Sar: awww
 19575 | D:10     | realizingwhyifist: LATER
 19596 | D:10     | Found Kekhuh's Assorted Antiques.
 19608 | D:10     | realizingwhyifist: 38 gold
 19608 | D:10     | trelanon: hey, that ring of slaying is probably -
 19608 | D:10     | Sar: not necessary
 19608 | D:10     | Sar: uuugh
 19608 | D:10     | Sar: so much good stufff
 19608 | D:10     | realizingwhyifist: mummy fists do not demand enhancements
 19608 | D:10     | Sar: buy the unknown rings I guess
 19608 | D:10     | trelanon: so why are you not buying the boots anyway
 19608 | D:10     | realizingwhyifist: because when a shop spawns there'a a much larger chance others exist
 19608 | D:10     | realizingwhyifist: so it's kinda nice to wait and see sometimes
 19724 | D:10     | Sar: FIREBALL
 19825 | D:10     | Sar: oh it's that vault
 19825 | D:10     | Sar: with orcs
 19837 | D:10     | realizingwhyifist: with eels
 19920 | D:10     | Sar: hm
 19920 | D:10     | realizingwhyifist: that's a ton of damage
 20017 | D:10     | Sar: yes
 20035 | D:10     | Reached skill level 8 in Fighting
 20270 | D:10     | Found Engac's Assorted Antiques.
 20284 | D:10     | Found Elocsymo's Magic Scroll Boutique.
 20845 | D:10     | Sar: silly imp
 21026 | D:10     | trelanon: oh shit
 21026 | D:10     | realizingwhyifist: please stop mr
 21321 | D:10     | realizingwhyifist: holy shit
 21325 | D:10     | Reached skill level 9 in Fighting
 21714 | D:10     | Reached XP level 11. HP: 58/89 MP: 11/11
 22029 | D:10     | Noticed a hill giant
 22273 | D:9      | realizingwhyifist: what
 22274 | D:9      | Sar: huh
 22275 | D:9      | realizingwhyifist: smart
 22277 | D:10     | trelanon: it was probably in his guts
 22309 | D:10     | trelanon: silly orc eating rings
 22589 | D:10     | Found a staircase to the Orcish Mines.
 22606 | D:10     | realizingwhyifist: blink you jerk
 22638 | D:10     | trelanon: it just sits there taunting you
 22688 | D:10     | realizingwhyifist: thanks!
 22847 | D:10     | Sar: boots when
 22894 | D:9      | trelanon: >-5 boots of RC-
 22921 | D:9      | Sar: I want to belive
 22944 | D:9      | Sar: believe*
 22963 | D:9      | trelanon: so far it's going pretty good
 23003 | D:10     | realizingwhyifist: quite
 23037 | D:10     | Bought a pair of shimmering boots for 275 gold pieces
 23043 | D:10     | Identified the +2 pair of boots of Valour {+Inv Stlth+} (You bought it in a shop on level 10 of the Dungeon)
 23043 | D:10     | realizingwhyifist: Appropriate
 23043 | D:10     | trelanon: Well, nice.
 23043 | D:10     | Sar: well
 23043 | D:10     | Sar: as long as you don't evoke invis
 23043 | D:10     | realizingwhyifist: but I can't evoke them
 23043 | D:10     | Sar: 'cause that's, like, OP
 23043 | D:10     | realizingwhyifist: ofc
 23043 | D:10     | trelanon: eh, it's still +2 boots of stealth
 23079 | D:10     | trelanon: and look, 11 AC
 23080 | D:11     | Sar: ghetto assboots
 23081 | D:11     | Sar: oooooh
 23082 | D:11     | Sar: the time has come
 23082 | D:11     | Sar: to die to a cow
 23082 | D:11     | realizingwhyifist: I know I killed him last time
 23082 | D:11     | realizingwhyifist: I have no idea how
 23088 | D:11     | trelanon: the RNG plays a lot in this
 23134 | D:11     | trelanon: like it did with that orc before
 23158 | D:11     | Noticed Fannar
 23158 | D:11     | Sar: The RNG works in mysterious ways
 23160 | D:11     | trelanon: plus if he has a wand you're dead
 23164 | D:11     | trelanon: rod*
 23174 | D:11     | Sar: maybe it's a wand of darts
 23174 | D:11     | Sar: that'd be nice
 23174 | D:11     | realizingwhyifist: no ticicle
 23174 | D:11     | Sar: yeah
 23174 | D:11     | Sar: just bolt of cold
 23174 | D:11     | realizingwhyifist: only a ton of ac
 23174 | D:11     | realizingwhyifist: and hps
 23174 | D:11     | Sar: half of boc still hurts
 23174 | D:11     | realizingwhyifist: less than all of boc!
 23174 | D:11     | realizingwhyifist: also double digit defenses!
 23174 | D:11     | trelanon: wait, is he on perma-ozo
 23174 | D:11     | Sar: you're dodgy I guess
 23174 | D:11     | trelanon: I never noticed that
 23174 | D:11     | realizingwhyifist: oh gotta buy one ?ea
 23194 | D:11     | realizingwhyifist: cowardly elv
 23200 | D:11     | Killed Fannar
 23200 | D:11     | Reached skill level 11 in Unarmed Combat
 23202 | D:11     | trelanon: boom
 23202 | D:11     | realizingwhyifist: nice
 23202 | D:11     | trelanon: ih those are nice too
 23205 | D:11     | Sar: well that is nice
 23454 | D:10     | Noticed a hill giant
 23455 | D:10     | Sar: I wanna see cow
 23458 | D:10     | Sar: awww
 23458 | D:10     | trelanon: no cow
 23463 | D:10     | Noticed a purple ugly thing
 23476 | D:10     | Sar: no cows now
 23481 | D:10     | Sar: only uglies
 23481 | D:10     | Killed a purple ugly thing
 23495 | D:10     | Sar: aaah that's pre-buff uglies
 23495 | D:10     | Bought a scroll of enchant armour for 127 gold pieces
 23496 | D:10     | trelanon: lovely
 23504 | D:10     | trelanon: you know, I really prefer .15 to trunk
 23517 | D:10     | trelanon: and it's not just because of the shadow traps
 23542 | D:11     | realizingwhyifist: oh no
 23571 | D:11     | Sar: but there are no shadow traps in trunk
 23571 | D:11     | trelanon: what
 23586 | D:11     | trelanon: did they remove them?
 23589 | D:11     | trelanon: aww.
 23589 | D:11     | realizingwhyifist: oh well
 23589 | D:11     | Sar: http://s-z.org/neil/git/?p=crawl.git;a=commit;h=395b7c9af19b39f7aa677f4f4cf32ff987d013aa
 23589 | D:11     | realizingwhyifist: I did think I'd make it
 23589 | D:11     | trelanon: I mean aww for labirinth, horray for traps
 23589 | D:11     | Sar: (((
 23589 | D:11     | trelanon: >april 1
 23589 | D:11     | realizingwhyifist: probably shouldn't have 5'd that second time
 23594 | D:11     | Sar: now you will have to win instead of dying a horrible death
 23603 | D:11     | realizingwhyifist: :<
 23752 | D:11     | Found a staircase to the Lair.
 23758 | D:11     | Sar: hahahaha
 23758 | D:11     | realizingwhyifist: wtf
 23758 | D:11     | trelanon: oh baby
 23758 | D:11     | Sar: beautiful
 23758 | D:11     | Typee: I love those "remove features" commit without a single justification
 23758 | D:11     | Sar: did you miss all the whining about shadow traps
 23758 | D:11     | Sar: like really
 23761 | D:11     | realizingwhyifist: ty rat
 23761 | D:11     | trelanon: are you really telling me it wasn't an april fools joke
 23761 | D:11     | realizingwhyifist: I sort of do need to kill them though
 23761 | D:11     | realizingwhyifist: so let's get going
 23761 | D:11     | Sar: well I don't think I've seen any shadow traps in my latest games
 23761 | D:11     | trelanon: well, I'll be damned
 23761 | D:11     | realizingwhyifist: the petrol thingies?
 23761 | D:11     | realizingwhyifist: that summoned a ton of shit
 23761 | D:11     | Sar: yep
 23761 | D:11     | realizingwhyifist: right
 23762 | D:11     | trelanon: you can't kill 4 frogs
 23763 | D:11     | Sar: he can kill one probably
 23763 | D:11     | Sar: then another one
 23763 | D:11     | realizingwhyifist: I might!
 23763 | D:11     | Sar: babby steps
 23764 | D:11     | Sar: u can't might
 23764 | D:11     | Sar: u a mummy
 23764 | D:11     | trelanon: hohoho
 23764 | D:11     | Sar: run around
 23764 | D:11     | realizingwhyifist: jerk
 23764 | D:11     | Sar: grab that immo
 23764 | D:11     | realizingwhyifist: :<
 23764 | D:11     | Sar: read it
 23764 | D:11     | Sar: throw food at frogs until the all explode
 23764 | D:11     | Sar: trust me
 23764 | D:11     | realizingwhyifist: no!
 23783 | D:11     | trelanon: he has chosen the path of the fist
 23788 | D:11     | trelanon: so be it
 23806 | D:11     | trelanon: you scare me dicks
 23806 | D:11     | you're not alexander!
 24027 | D:11     | realizingwhyifist: FIVE
 24040 | D:11     | Reached skill level 12 in Unarmed Combat
 24177 | D:11     | Sar: well the XP is fud
 24183 | D:11     | Sar: gud*
 24217 | D:11     | Sar: aw no fireball
 24224 | D:11     | Noticed a hill giant
 24227 | D:11     | Sar: pussy mage
 24498 | D:11     | Noticed Gastronok
 24498 | D:11     | realizingwhyifist: hello hi
 24593 | D:11     | Reached skill level 8 in Dodging
 24964 | D:11     | trelanon: I think the most important question here is: if some mosnter kills you, does his equipment get cursed?
 24969 | D:11     | realizingwhyifist: there have been several patches for that
 24969 | D:11     | realizingwhyifist: or at least one anyway
 24969 | D:11     | realizingwhyifist: actually no at least two
 24969 | D:11     | realizingwhyifist: fun is not allowed anyway
 24988 | D:11     | trelanon: the usual
 25609 | Lair:1   | Entered Level 1 of the Lair of Beasts
 26137 | Lair:1   | Sar: didn't a mamba end your previous mummy?
 26149 | Lair:1   | trelanon: raven
 26158 | Lair:1   | Sar: those things are hardcore
 26158 | Lair:1   | Sar: oh
 26158 | Lair:1   | trelanon: literally worse than mambas
 26421 | Lair:1   | Reached XP level 12. HP: 88/95 MP: 12/12
 26834 | Lair:1   | Sar: are torment scrolls allowed
 26834 | Lair:1   | realizingwhyifist: yes
 26834 | Lair:1   | Sar: good
 26834 | Lair:1   | realizingwhyifist: we are to bring as much torment and lamentation as possible
 26834 | Lair:1   | realizingwhyifist: also it was two ravens!
 26834 | Lair:1   | realizingwhyifist: grim, ungainly, ghastly, gaunt things
 26853 | Lair:1   | trelanon: don't worry, ravens suck
 26908 | Lair:1   | trelanon: look at all that xp
 26958 | Lair:1   | realizingwhyifist: flying exp!
 27043 | Lair:1   | trelanon: >fiststabbing
 27304 | Lair:1   | Sar: FUCK YOU SNAKE
 27428 | Lair:1   | realizingwhyifist: ty sar
 27493 | Lair:1   | Reached skill level 13 in Unarmed Combat
 27566 | Lair:2   | Sar: your char almost looks good
 27588 | Lair:2   | Sar: almost
 27608 | Lair:2   | trelanon: What was the version when they made komodo dragons not poisonous but made them hit like a truck, 14?
 27608 | Lair:2   | realizingwhyifist: solid ankhs
 27608 | Lair:2   | Sar: they increased dam by 5 or 6
 27608 | Lair:2   | realizingwhyifist: the version sage cleansed the sickness!
 27608 | Lair:2   | Sar: they always hit like trucks
 27608 | Lair:2   | realizingwhyifist: to be fair their already hit like trucks
 27608 | Lair:2   | realizingwhyifist: although this current damage may be a bit overkill
 27980 | Lair:2   | Sar: well you gotta just kill a player sometimes
 28157 | Lair:2   | realizingwhyifist: oneheaded superhyders
 28475 | Lair:3   | Sar: oooooooh
 28475 | Lair:3   | Typee: oh boi
 28475 | Lair:3   | Sar: fun incoming
 28475 | Lair:3   | realizingwhyifist: time to acquire gold!
 28475 | Lair:3   | Sar: gold is not fun
 28475 | Lair:3   | Sar: you will get it in orc dude
 28475 | Lair:3   | realizingwhyifist: but I could get a lot more!
 28475 | Lair:3   | realizingwhyifist: what about my score!
 28475 | Lair:3   | Sar: pfff
 28475 | Lair:3   | Typee: mlg pro DCSS
 28475 | Lair:3   | realizingwhyifist: armor then I guess
 28475 | Lair:3   | realizingwhyifist: or jewels
 28475 | Lair:3   | trelanon: >PDA
 28475 | Lair:3   | realizingwhyifist: although that's not very manly
 28476 | Lair:3   | Sar: well jew acq is sort of shit but
 28476 | Lair:3   | Got a brightly glowing helmet
 28477 | Lair:3   | trelanon: ooooh
 28477 | Lair:3   | Sar: hmmmmmmmmmmmmm
 28487 | Lair:3   | Identified the +0 helmet "Jeli" {+Blink +Fly rC++} (You acquired it on level 3 of the Lair of Beasts)
 28487 | Lair:3   | Sar: well uh
 28487 | Lair:3   | realizingwhyifist: not jeli
 28497 | Lair:3   | trelanon: Nice.
 28498 | Lair:3   | Typee: too bad
 28512 | Lair:3   | Sar: good with an FDA!!!!!!
 28525 | Lair:3   | trelanon: heh
 28525 | Lair:3   | realizingwhyifist: I'll go tell the entire neighborhood!
 28612 | Lair:3   | trelanon: wait, you could at least carry it around in case you find an ice dragon ro something
 28907 | Lair:3   | realizingwhyifist: eh
 28907 | Lair:3   | realizingwhyifist: I would prefer having the AC against an ice dragon tbh
 28907 | Lair:3   | realizingwhyifist: or, well idk
 28907 | Lair:3   | realizingwhyifist: oh yeah I have a nice rink
 28907 | Lair:3   | realizingwhyifist: that's all the rC I need right there
 28977 | Lair:3   | Noticed a four-headed hydra
 29006 | Lair:3   | trelanon: well at least it gave aux armor and not a body armor or a shield
 29029 | Lair:3   | realizingwhyifist: silver lining!
 29031 | Lair:3   | realizingwhyifist: I really shouldn't
 29053 | Lair:3   | realizingwhyifist: ty dogs
 29082 | Lair:2   | Reached skill level 10 in Fighting
 29090 | Lair:2   | mumo's best friend
 29347 | Lair:3   | Found a staircase to the Snake Pit.
 29590 | Lair:3   | realizingwhyifist: Sar!
 29590 | Lair:3   | realizingwhyifist: stop talking shit about incursion
 29590 | Lair:3   | realizingwhyifist: the literal best game
 30061 | Lair:4   | trelanon: That goddamn tome dicks
 30073 | Lair:4   | realizingwhyifist: ahaha
 30137 | Lair:4   | trelanon: ;_;
 30257 | Lair:4   | Reached skill level 11 in Fighting
 30378 | Lair:4   | Noticed a five-headed hydra
 30469 | Lair:4   | Reached skill level 9 in Dodging
 30704 | Lair:4   | Sar: I'll stop talking shit about it when they fix it
 31100 | Lair:4   | realizingwhyifist: fix it
 31100 | Lair:4   | realizingwhyifist: hhheheheh
 31373 | Lair:5   | Noticed a seven-headed hydra
 31408 | Lair:5   | Noticed an eight-headed hydra
 31409 | Lair:5   | realizingwhyifist: no thanks
 31409 | Lair:5   | Typee: ah
 31472 | Lair:4   | trelanon: they added hybrid races in the last experimental
 31637 | Lair:5   | realizingwhyifist: yaktaurs?
 31710 | Lair:5   | Reached skill level 12 in Fighting
 31790 | Lair:5   | trelanon: no, I mean incursion experimental
 31796 | Lair:5   | trelanon: like hill orcs etc
 31796 | Lair:5   | trelanon: those half races that were never implemented
 31796 | Lair:5   | realizingwhyifist: oh right I meant to try that
 31796 | Lair:5   | realizingwhyifist: do they actually work?
 31864 | Lair:5   | Found a staircase to the Shoals.
 31903 | Lair:5   | trelanon: I have no idea, I haven't touched incursion in a long while
 31903 | Lair:5   | realizingwhyifist: I downloaded latest today but haven't tried it yet
 31903 | Lair:5   | realizingwhyifist: haven't touched it in a long time either
 31989 | Lair:5   | trelanon: they really haven't fixed the autstowing I think
 32000 | Lair:5   | trelanon: it's still there
 32073 | Lair:5   | trelanon: autostowing holy symbols*
 32073 | Lair:5   | realizingwhyifist: I just wish there was a much more sane spawn rate post 60
 32073 | Lair:5   | trelanon: but they fixed the red cube of death when quaffing from a fountain or IDing items
 32073 | Lair:5   | Sar: fucking holy symbols
 32073 | Lair:5   | trelanon: when you have a backpack full of them
 32073 | Lair:5   | Sar: and shields
 32073 | Lair:5   | realizingwhyifist: oh that is nice
 32073 | Lair:5   | Sar: fuck
 32073 | Lair:5   | trelanon: and holy water
 32073 | Lair:5   | realizingwhyifist: fuck off sar
 32073 | Lair:5   | realizingwhyifist: just like
 32073 | Lair:5   | trelanon: and tanglefoot bags
 32073 | Lair:5   | realizingwhyifist: drop the shields
 32073 | Lair:5   | realizingwhyifist: goddamn
 32074 | Lair:5   | Sar: fucking item list every time I step on a square
 32076 | Lair:5   | Sar: that has items
 32080 | Lair:5   | Sar: which is EVERY OTHER SQUARE FUCK
 32081 | Lair:5   | trelanon: it's kind of annoying
 32084 | Lair:5   | Sar: FUCKING ADVENTURERS LITTERING
 32084 | Lair:5   | Sar: SHIT
 32084 | Lair:5   | trelanon: the adventurers
 32084 | Lair:5   | realizingwhyifist: ten million potions
 32088 | Lair:5   | trelanon: yep exactly
 32091 | Lair:5   | Sar: ADVENTURERS ARE THE WORST
 32129 | Lair:5   | Sar: yeah and instadeaths are kind of bullshit
 32129 | Lair:5   | trelanon: but is there a better feel than putting a backpack on both your shoulders, five on your belt and one on your back
 32129 | Lair:5   | trelanon: no sir
 32129 | Lair:5   | Sar: "you look at nymph and die"
 32129 | Lair:5   | trelanon: yep
 32129 | Lair:5   | Sar: "lol you fag should've had a counter to that"
 32129 | Lair:5   | trelanon: nightmare generation sucks balls
 32129 | Lair:5   | realizingwhyifist: I suggest closing eues!
 32129 | Lair:5   | realizingwhyifist: *y
 32178 | Lair:5   | trelanon: vaults are terrible
 32199 | Lair:5   | trelanon: euesy?
 32199 | Lair:5   | realizingwhyifist: eyes :P
 32206 | Lair:5   | Sar: I kind of liked vaults
 32211 | Lair:5   | Sar: I mean they're scary
 32211 | Lair:5   | trelanon: vrocks
 32211 | Lair:5   | realizingwhyifist: I like vaults actually
 32211 | Lair:5   | realizingwhyifist: fucking vrocks
 32211 | Lair:5   | trelanon: vrocks and whatever the hell is there like tier 3 demons
 32211 | Lair:5   | Sar: like in one of those D Crawl vaults that spawns stone giants on D:10
 32211 | Lair:5   | Sar: it's fun as shit
 32211 | Lair:5   | realizingwhyifist: oh god the post traumatic stress
 32211 | Lair:5   | realizingwhyifist: those gigantic fags
 32216 | Lair:5   | Sar: except DnD mechanics are borked and I don't understand them at all
 32259 | Lair:5   | Sar: but I liked how scary they felt, yeah
 32267 | Lair:4   | Sar: also ranged stabbing is cool
 32292 | Lair:5   | trelanon: I called in 4 dragons in a vault once and they just couldn't hit the goddamn wrock
 32293 | Lair:5   | trelanon: it's ridiculous
 32293 | Lair:5   | realizingwhyifist: and it just screeches at you
 32293 | Lair:5   | Sar: I've never even seen a vrock
 32293 | Lair:5   | realizingwhyifist: and then murders you
 32293 | Lair:5   | realizingwhyifist: fuck
 32306 | Lair:5   | Noticed a seven-headed hydra
 32307 | Lair:5   | trelanon: fuck vrocks
 32310 | Lair:5   | Sar: well, I've seen it in another game
 32319 | Lair:5   | Sar: it's like a big bird demon
 32330 | Lair:5   | Typee: ruh roh
 32332 | Lair:5   | Noticed an eight-headed hydra
 32334 | Lair:5   | Sar: with lots of damage resistances
 32370 | Lair:5   | trelanon: oh sh-
 32370 | Lair:5   | realizingwhyifist: excuse me
 32370 | Lair:5   | Sar: I like dmeons
 32370 | Lair:5   | trelanon: wait, you're unbreathing
 32370 | Lair:5   | realizingwhyifist: yes but it still slows me
 32377 | Lair:5   | trelanon: oooh shit.
 32418 | Lair:5   | trelanon: well that was nice of him to just let it pass
 32484 | Lair:5   | Sar: fr: autopillardancing
 32497 | Lair:5   | trelanon: almost
 32618 | Lair:4   | trelanon: man that hydra just didn't want to stop
 32626 | Lair:5   | realizingwhyifist: word
 32673 | Lair:6   | Got a shimmering leather armour
 32757 | Lair:6   | Reached XP level 13. HP: 87/109 MP: 13/13
 33456 | Lair:6   | Sar: mummy natural enemy
 33463 | Lair:6   | Sar: PUMMELED
 33799 | Lair:7   | realizingwhyifist: aha!
 33819 | Lair:7   | realizingwhyifist: yellow!
 33848 | Lair:6   | trelanon: wowza
 33848 | Lair:6   | I'm not hurt!
 33848 | Lair:6   | Sar: My legs are OK.
 34114 | Lair:6   | trelanon: remember the portal
 34114 | Lair:6   | realizingwhyifist: I can't believe I missed out for so long with that btw
 34114 | Lair:6   | realizingwhyifist: cyberlegs 10 holy shit
 34170 | Lair:7   | Sar: I only played through the story once
 34180 | Lair:7   | Found a frozen archway.
 34187 | Lair:7   | Sar: it's a weird game
 34199 | Lair:7   | Sar: I actually think it's pretty bad
 34209 | Lair:7   | realizingwhyifist: !
 34209 | Lair:7   | Sar: except for guns which are some of the best one I've seen
 34209 | Lair:7   | realizingwhyifist: but it's the best!
 34209 | Lair:7   | Sar: I mean holy shit that Croon
 34209 | Lair:7   | Sar: that alt-fire
 34209 | Lair:7   | realizingwhyifist: ikr
 34209 | Lair:7   | realizingwhyifist: melee was so hilariously bad
 34209 | Lair:7   | Sar: that accuracy aug that makes you pixel-precise with it
 34209 | Lair:7   | realizingwhyifist: until you got the hammer
 34229 | IceCv    | Entered an ice cave
 34233 | IceCv    | realizingwhyifist: I liked wall piercing ammo
 34277 | IceCv    | Sar: I should probably play through it to get "second ending"
 34345 | IceCv    | Sar: as to why it's bad well, overall it just feels like a amature mod
 34385 | IceCv    | Sar: like, you have big empty-ish maps
 34388 | IceCv    | Sar: little enemy variety
 34410 | IceCv    | Sar: and you just grind the maps for brouzoufs
 34420 | IceCv    | Sar: and research items
 34477 | IceCv    | Sar: (you will never get the one you want btw because lol)
 34477 | IceCv    | Sar: the combat is fun though
 34477 | IceCv    | realizingwhyifist: I liked some of the maps a lot
 34477 | IceCv    | realizingwhyifist: hell the first city map
 34486 | IceCv    | Sar: I think the best description of EYE I've seen is "it's like a Serious Sam made by Deus Ex fans" or something like that
 34486 | IceCv    | Sar: also Sulfatum is good
 34486 | IceCv    | realizingwhyifist: hahaha
 34486 | IceCv    | realizingwhyifist: that is pretty accurate
 34493 | IceCv    | Sar: walking around and just blasting people with muh minigun
 34501 | IceCv    | Sar: having a good time
 34552 | IceCv    | Sar: hmmmm
 34565 | IceCv    | realizingwhyifist: hell yes
 34744 | IceCv    | Sar: wait
 34747 | IceCv    | Sar: regen
 34751 | IceCv    | Sar: okay
 34761 | IceCv    | Sar: DEX RINK NIGGA
 34772 | IceCv    | Reached skill level 14 in Unarmed Combat
 34773 | IceCv    | MY ARM MY ARM MY ARM
 34774 | IceCv    | trelanon: shit man
 34786 | IceCv    | Got a steaming bronze ring
 34791 | IceCv    | Sar: oooh
 34809 | IceCv    | Sar: thingies
 34842 | IceCv    | Identified the ring "Fraa" {Contam +Rage +Fly rC+ Stlth+} (You found it in an ice cave)
 34843 | IceCv    | Sar: hm
 34843 | IceCv    | trelanon: pretty useless
 34843 | IceCv    | Sar: rC is not rF
 34843 | IceCv    | realizingwhyifist: that's sort of shit
 34843 | IceCv    | Sar: it has stealth though
 34845 | IceCv    | trelanon: booo
 34845 | IceCv    | realizingwhyifist: boy
 34845 | IceCv    | Sar: the real treasure was uh
 34845 | IceCv    | trelanon: the xp?
 34845 | IceCv    | realizingwhyifist: this sure was some budget dragon hoard
 34845 | IceCv    | Sar: punching dragons in the face and not dying?
 34845 | IceCv    | realizingwhyifist: I GUESS
 34848 | IceCv    | trelanon: the crysis hits the dragons too you know
 34848 | IceCv    | Sar: crysis is a pretty cool guy
 34978 | IceCv    | trelanon: oh hey they just had a hidden stash
 34978 | IceCv    | trelanon: smart dragons
 34978 | IceCv    | realizingwhyifist: mini hoard
 34978 | IceCv    | realizingwhyifist: for the drakes
 34978 | IceCv    | Sar: what was there?
 34978 | IceCv    | realizingwhyifist: that'd be kind of cute actually
 34978 | IceCv    | trelanon: college dragons, have to share the cave and everything
 34978 | IceCv    | realizingwhyifist: gold
 34980 | Lair:7   | Sar: aw
 34980 | Lair:7   | realizingwhyifist: but it's gold sar!
 35034 | Lair:7   | Sar: when are we buying unknown rings
 35127 | Lair:7   | trelanon: you're not going for stealth anymore then?
 35145 | Lair:7   | Found a viscous altar of Jiyva.
 35380 | Lair:7   | realizingwhyifist: soon
 35380 | Lair:7   | realizingwhyifist: but I'll dump orc into that
 35398 | Lair:7   | trelanon: hell, you'r reaching the point where you can kill OOD monsters
 35429 | Lair:7   | Sar: you know that blinkies had something like 26 EV for a very long time
 35516 | Lair:7   | Sar: their phase shift bonus was applied twice
 35516 | Lair:7   | trelanon: oh yeah
 35516 | Lair:7   | trelanon: they fixed that in trunk
 35516 | Lair:7   | Sar: I was wondering why they were so hard to hit
 35516 | Lair:7   | realizingwhyifist: this is no trunk
 35631 | Lair:7   | Sar: I don't think the bug is THIS old
 35765 | Lair:7   | trelanon: I think they hadn't fixed it by .15
 35776 | Lair:7   | HA HA FUCK OFF
 35781 | Lair:7   | Sar: what I mean is that problem was not intorduced until
 35795 | Lair:7   | Sar: actually let me search for it
 36028 | Lair:7   | trelanon: look at you, punching komodos in the face like nobody's business
 36044 | Lair:7   | Sar: here it is
 36046 | Lair:7   | Sar: http://s-z.org/neil/git/?p=crawl.git;a=commit;h=1c381060c4b2393caf95c0811e08b882465aa1b2
 36048 | Lair:7   | Reached skill level 10 in Dodging
 36073 | Lair:7   | trelanon: that's not even a month ago
 36079 | Lair:7   | Sar: >Caused by 18cf4eb
 36081 | Lair:7   | Sar: Um.
 36110 | Lair:7   | trelanon: aaaand what was that
 36112 | Lair:7   | Sar: I don't know how to search for 18cg4eb
 36121 | Lair:7   | Sar: I am not very smart!!!
 36132 | Lair:7   | trelanon: I have no idea either
 36148 | Lair:6   | trelanon: dicks, give him your ring of intelligence
 36372 | Lair:6   | Sar: oh here it is
 36372 | Lair:6   | Sar: http://s-z.org/neil/git/?p=crawl.git;a=commit;h=18cf4eb
 36372 | Lair:6   | realizingwhyifist: but it is +3
 36372 | Lair:6   | Sar: I think
 36372 | Lair:6   | realizingwhyifist: that doesn't even put him at a positive!
 36372 | Lair:6   | Sar: >Oct 2014
 36372 | Lair:6   | Sar: Heh
 36394 | Lair:6   | realizingwhyifist: well definitely safe then
 36395 | Lair:7   | Found a staircase to the Slime Pits.
 36538 | Lair:7   | Sar: ooh
 36621 | Lair:7   | Sar: stop regenerating ffs
 36656 | Lair:7   | trelanon: you can re-punch him later
 36693 | Lair:6   | realizingwhyifist: when the time is right
 36819 | Lair:6   | realizingwhyifist: 2shotted
 36981 | Lair:6   | trelanon: some guy asked if you can actually hurt someone by throwing bread and other foodstuffs with high enough throwing
 37028 | Lair:7   | trelanon: shit, it regens fast
 37209 | Lair:8   | Entered Level 8 of the Lair of Beasts
 37333 | Lair:8   | realizingwhyifist: I don' think you can without slaying
 37333 | Lair:8   | realizingwhyifist: *t
 37717 | Lair:8   | Sar: 24 EV in Lair
 37725 | Lair:8   | Sar: Mu OP
 37728 | Lair:8   | Sar: pls nerf
 37745 | Lair:8   | realizingwhyifist: and pretty big fists!
 37790 | Lair:8   | trelanon: by the way I read that you don't need more than 24 dex because of extremely low diminishing returns after that point
 37805 | Lair:8   | Sar: what else is he gonna pump though, Str?
 37805 | Lair:8   | trelanon: well, he is a unarmed user
 37805 | Lair:8   | nikheizen: absolutely
 37805 | Lair:8   | nikheizen: gotta get BUFF
 37805 | Lair:8   | trelanon: then again more ev can't be wrong
 37805 | Lair:8   | realizingwhyifist: I don't know if that's true or not but I've never cared much about that sort of thing
 37835 | Lair:8   | realizingwhyifist: plus we must nimble
 38046 | Lair:8   | trelanon: spriggan mummy
 38046 | Lair:8   | Sar: tab tab tan
 38046 | Lair:8   | Sar: tab*
 38046 | Lair:8   | realizingwhyifist: silly hyder
 38046 | Lair:8   | realizingwhyifist: you're not a tree!
 38046 | Lair:8   | realizingwhyifist: stop prending to be one
 38206 | Lair:8   | nikheizen: nice crab
 38615 | Lair:8   | trelanon: what a dick crab
 38622 | Lair:8   | realizingwhyifist: oh god
 38622 | Lair:8   | realizingwhyifist: af_fire
 38623 | Lair:8   | trelanon: AAH
 38624 | Lair:8   | trelanon: GET OUT
 39253 | Lair:8   | realizingwhyifist: sar ya dingus
 39253 | Lair:8   | realizingwhyifist: you forgot to mention eye's ost
 39253 | Lair:8   | realizingwhyifist: I'm listening to qnr again and it's the shit
 39294 | Lair:8   | not today hydra!
 39309 | Lair:8   | Reached XP level 14. HP: 72/116 MP: 14/14
 39322 | Lair:8   | trelanon: hail hydra
 39781 | Lair:8   | trelanon: and they say there's no dual wielding in crawl
 39788 | Lair:8   | trelanon: there's dualpunching
 39821 | Lair:8   | Sar: what is a gnr
 39821 | Lair:8   | Sar: also did I miss a crab battle
 39821 | Lair:8   | realizingwhyifist: aye
 39823 | Lair:7   | trelanon: yes
 39828 | Lair:7   | Sar: did we punch crab
 39869 | Lair:7   | nikheizen: qnr
 39869 | Lair:7   | realizingwhyifist: we did
 39869 | Lair:7   | Sar: how even
 39869 | Lair:7   | realizingwhyifist: poorly and meekly
 39900 | Lair:8   | Sar: these things killed my chars without rF-
 39902 | Lair:8   | trelanon: ring of fire
 39905 | Lair:8   | Sar: ooooh
 39905 | Lair:8   | Sar: good
 39905 | Lair:8   | realizingwhyifist: the fuck are they even doing in lair anyway
 39928 | Lair:8   | Sar: they're a top tier Lair threat now
 39931 | Lair:8   | Sar: I kind of like it
 40006 | Lair:8   | realizingwhyifist: ha ha ha
 40231 | Lair:7   | trelanon: THE FIRE DOESN'T BURN ENOUGH
 40618 | Lair:8   | trelanon: to be honest those aren't a bad AC/EV combo for lair
 40784 | Lair:8   | nikheizen: torment
 40806 | Lair:8   | trelanon: but he needs torment for TRJ
 40810 | Lair:8   | Sar: dat random
 40858 | Lair:8   | HP: 9/116 [death yak (23)]
 40859 | Lair:8   | Sar: welp
 41225 | Lair:7   | trelanon: what
 41225 | Lair:7   | trelanon: what happened
 41225 | Lair:7   | realizingwhyifist: I wanted to but with the cato there I wouln't be able to kill them all
 41248 | Lair:8   | nikheizen: energy randomization happened
 41248 | Lair:8   | Reached skill level 15 in Unarmed Combat
 41378 | Lair:8   | realizingwhyifist: why does nobody ever believe there are around 60 people posting in a given thread?
 41395 | Lair:8   | trelanon: I dunno
 41396 | Lair:8   | Sar: secret club
 41443 | Lair:8   | trelanon: Roguelikes are a pretty niche genre to be fair
 41443 | Lair:8   | nikheizen: 60 is not very many IPs, especially including people who post from multiple IPs like myself.
 41443 | Lair:8   | realizingwhyifist: at least the pasta hits have always indicated there's a whole bunch of people
 41527 | Lair:8   | trelanon: oh yeah I gotta check how many people read my pasta
 41640 | Lair:8   | Sar: uhhh I really should rewrite the pasta
 41653 | Lair:8   | Sar: lindwurm
 41664 | Lair:8   | nikheizen: which pastas?
 41673 | Lair:8   | trelanon: I guess DCSS
 41804 | Lair:8   | trelanon: you know though, all the pastas get updated every six months or so
 41804 | Lair:8   | nikheizen: is that the arga tile?
 41804 | Lair:8   | trelanon: sometimes they're new altogether
 41804 | Lair:8   | realizingwhyifist: nope
 41804 | Lair:8   | Sar: no
 41804 | Lair:8   | realizingwhyifist: also I was thinking more of the IA and e+
 41804 | Lair:8   | Sar: oh
 41804 | Lair:8   | trelanon: oh yeah IA
 41804 | Lair:8   | realizingwhyifist: since I could more or less keep an idea of how fast those went since created
 41806 | Lair:8   | trelanon: how's that one going, I don't see anyone talk about it
 41819 | Lair:8   | realizingwhyifist: crushed
 41819 | Lair:8   | realizingwhyifist: I know a new version showed up, I have no idea how it is
 41819 | Lair:8   | realizingwhyifist: old one was great at least
 41819 | Lair:8   | nikheizen: its harder imo
 41828 | Lair:8   | Got a smoking cutlass
 41835 | Lair:8   | Got a steaming battleaxe
 41847 | Lair:8   | realizingwhyifist: good
 41847 | Lair:8   | nikheizen: they removed wounds, but you hardly regen now and need to use first aid to regen
 41847 | Lair:8   | realizingwhyifist: post cave old one was quite silly
 41847 | Lair:8   | realizingwhyifist: did zuul stay?
 41881 | Lair:8   | trelanon: what do you think
 42041 | Lair:8   | trelanon: zull never leaves
 42041 | Lair:8   | realizingwhyifist: excellent
 42049 | Lair:8   | nikheizen: you mean does he still show up on every level? yes
 42054 | Lair:8   | realizingwhyifist: I liked how instead of just chasing you eternally it amped up spawn rates at some point
 42054 | Lair:8   | realizingwhyifist: and you ended with three zuuls in the same level
 42054 | Lair:8   | realizingwhyifist: snarl sfx followed by something ramming a door
 42220 | Lair:7   | Sar: "hey guys what stat do I take on a TrMo"
 42233 | Lair:7   | Sar: first answer: int
 42427 | Lair:6   | trelanon: heh
 42443 | Lair:5   | Sar: second answer: str
 42445 | Lair:5   | Sar: thank you rlg
 42446 | Lair:5   | trelanon: that's just people having a giggle
 42455 | Lair:5   | fine
 42531 | Lair:4   | trelanon: oh man teleport traps
 42531 | Lair:4   | Sar: IMO they're faggots
 42546 | Lair:3   | trelanon: why didn't they just keep them permanent
 42546 | Lair:3   | realizingwhyifist: that may at some point lend it self to fun-enabling
 42546 | Lair:3   | trelanon: doesn't the pasta say to level dex all the time
 42546 | Lair:3   | realizingwhyifist: we can't have that
 42560 | Lair:2   | realizingwhyifist: as it should!
 42636 | D:10     | trelanon: by the way have you finished quantifying the quantity fo fun left in the planet's soil
 42644 | D:10     | Killed a hill giant
 42746 | D:10     | realizingwhyifist: wip
 42777 | Orc:1    | Entered Level 1 of the Orcish Mines
 42777 | Orc:1    | Noticed Erolcha
 42778 | Orc:1    | nikheizen: free ticket
 42778 | Orc:1    | Sar: HI!!!!
 42778 | Orc:1    | realizingwhyifist: oh you fuck right off
 42778 | Orc:1    | trelanon: well, no orc I guess
 42778 | Orc:1    | Sar: step in teletrap
 42778 | Orc:1    | Sar: obviously
 42778 | Orc:1    | realizingwhyifist: that's basically what I mean to do, yes
 42779 | Orc:1    | Found an iron altar of Okawaru.
 42781 | Orc:1    | Sar: gudf
 42974 | Orc:1    | trelanon: shit
 43005 | Orc:1    | realizingwhyifist: tabtabtabtab
 43005 | Orc:1    | trelanon: those are some nasty ass punches
 43005 | Orc:1    | realizingwhyifist: turn orcs into falchions
 43106 | Orc:1    | trelanon: >mummy alchemist
 43172 | Orc:2    | Reached skill level 3 in Stealth
 44028 | Orc:1    | Noticed Duvessa
 44029 | Orc:1    | trelanon: shit that's a lot of fucking spells
 44029 | Orc:1    | realizingwhyifist: just lcs
 44029 | Orc:1    | nikheizen: only lcs
 44029 | Orc:1    | realizingwhyifist: good
 44029 | Orc:1    | Sar: lcs is not very good
 44029 | Orc:1    | Sar: akshuly
 44029 | Orc:1    | realizingwhyifist: it's hilarious!
 44029 | Orc:1    | trelanon: it's good if you're a MuMo
 44029 | Orc:1    | realizingwhyifist: and look, we have elvs!
 44029 | Orc:1    | trelanon: more pain, more gain
 44038 | Orc:1    | CLUUUUCK
 44044 | Orc:1    | Killed Duvessa
 44045 | Orc:1    | trelanon: grade A pussy
 44048 | Orc:1    | Killed Erolcha
 44048 | Orc:1    | Reached skill level 4 in Stealth
 44050 | Orc:1    | Noticed Dowan
 44054 | Orc:1    | Killed Dowan
 44055 | Orc:1    | realizingwhyifist: nerd
 44101 | Orc:1    | trelanon: shit man you're a punch machine now
 44282 | Orc:3    | Found a roughly hewn altar of Beogh.
 44292 | Orc:3    | Found Sahezietu's Antique Armour Shop.
 44398 | Orc:3    | Sar: rust devils are actually kind of dangerous
 44707 | Orc:2    | realizingwhyifist: good think ain't none of that stuff here
 44947 | Orc:3    | Sar: yeah none of that hard stuff
 44961 | Orc:3    | Sar: like rust devils or bennu
 45019 | Orc:3    | Sar: only cute fluffy iron devils
 45169 | Orc:3    | realizingwhyifist: fair and square challenge only
 45169 | Orc:3    | trelanon: one man punch!
 45255 | Orc:3    | Reached skill level 5 in Stealth
 45782 | Orc:3    | trelanon: after this you can go and punch all those previous uniques in the balls
 46173 | Orc:2    | realizingwhyifist: but my turncount!
 46226 | Orc:2    | trelanon: hey is that an armor shop
 46246 | Orc:3    | Sar: ouch
 46937 | Orc:4    | Entered Level 4 of the Orcish Mines
 46938 | Orc:4    | Sar: yeah, but I think it only has body armour randarts
 46938 | Orc:4    | realizingwhyifist: yeah basically
 46961 | Orc:4    | trelanon: sucks.
 46986 | Orc:4    | Found Striaxana's Armour Boutique.
 46987 | Orc:4    | Found a staircase to the Elven Halls.
 46989 | Orc:4    | realizingwhyifist: pfff
 46989 | Orc:4    | nikheizen: nice shield
 46989 | Orc:4    | Sar: hmmm
 46989 | Orc:4    | nikheizen: ring mail
 46999 | Orc:4    | realizingwhyifist: yes I noticed
 46999 | Orc:4    | realizingwhyifist: but we are men
 46999 | Orc:4    | realizingwhyifist: who need but two rings
 47048 | Orc:4    | nikheizen: how do you have 12 ac anyway
 47056 | Orc:4    | Sar: oh look it's MR checks: the ending
 47079 | Orc:4    | trelanon: better than smite the ending
 47081 | Orc:4    | trelanon: okay nope
 47081 | Orc:4    | Sar: nah
 47081 | Orc:4    | trelanon: don't die
 47081 | Orc:4    | Sar: I would take smite erry day
 47430 | Orc:4    | trelanon: I honestly prefer this to any other one
 47461 | Orc:4    | trelanon: but I usually wear armor and have Mr+++ by orc 4
 47473 | Orc:4    | nikheizen: yeah this one isnt that bad. I will bitch about the pan ending for eternity though
 47499 | Orc:4    | trelanon: oh yeah the pan one is horrible
 47506 | Orc:4    | trelanon: I got it twice in a row once
 47507 | Orc:4    | Sar: but pan ending is amazing and great
 47516 | Orc:4    | Sar: it has daemons
 47535 | Orc:4    | Sar: and a chance for daemonic weaponry
 47540 | Orc:4    | trelanon: it gives good weapons but it's horrible
 47544 | Orc:4    | Sar: it's the best possible thing
 47584 | Orc:4    | Sar: I love it!
 47643 | Orc:4    | nikheizen: you're sick
 47656 | Orc:4    | trelanon: well, it does have good weapons
 47688 | Orc:4    | Typee: did you take your revenge on Eustachio yet?
 47700 | Orc:4    | Reached skill level 13 in Fighting
 47706 | Orc:4    | nikheizen: who uses weapons though
 47714 | Orc:4    | trelanon: >distort
 47714 | Orc:4    | Sar: characters use weapons
 47714 | Orc:4    | trelanon: >melee
 47714 | Orc:4    | realizingwhyifist: so many words
 47714 | Orc:4    | realizingwhyifist: I read some of them!
 47738 | Orc:4    | nikheizen: the only valid moves in crawl are < and yes
 47760 | Orc:4    | trelanon: >winscumming
 47795 | Orc:4    | trelanon: I really should stop
 48446 | Orc:3    | realizingwhyifist: hilarious
 48446 | Orc:3    | trelanon: oh hey that was very nice of him
 48467 | Orc:3    | Sar: um
 48472 | Orc:3    | Typee: AH
 48472 | Orc:3    | trelanon: what are you even
 48472 | Orc:3    | Sar: beware of sixfurries
 48476 | Orc:3    | Typee: cockblocked
 48660 | Orc:3    | trelanon: why didn't you just bash his face in
 48668 | Orc:4    | realizingwhyifist: danger!
 48674 | Orc:4    | trelanon: those thing have a built-in dagger of elec
 48755 | Orc:4    | Typee: the sixthirty could have 3shotted him, too risky to charge
 48860 | Orc:4    | Typee: WOW
 48860 | Orc:4    | nikheizen: nice
 48860 | Orc:4    | realizingwhyifist: that's a lot of people
 48860 | Orc:4    | trelanon: stairs?
 48860 | Orc:4    | realizingwhyifist: r k
 48860 | Orc:4    | nikheizen: immolation
 48860 | Orc:4    | Typee: >mummy
 48860 | Orc:4    | nikheizen: become one with the flame
 48860 | Orc:4    | trelanon: >RF 0
 48860 | Orc:4    | realizingwhyifist: that is not a very good suggestion!
 48861 | Orc:4    | nikheizen: im helpful
 48861 | Orc:4    | Noticed an orc warlord
 48863 | Orc:4    | Found Echygaj's Armour Shoppe.
 48863 | Orc:4    | Found Skagas' Gadget Shop.
 48863 | Orc:4    | Found Gamasm's Armour Boutique.
 48863 | Orc:4    | Found Ynuirucu's Weapon Shoppe.
 48864 | Orc:4    | nikheizen: nice
 48864 | Orc:4    | realizingwhyifist: nice
 48864 | Orc:4    | Sar: oh look
 48864 | Orc:4    | trelanon: jackpo
 48864 | Orc:4    | trelanon: t*
 48865 | Orc:4    | Sar: fun time
 48866 | Orc:4    | Typee: that's a much better sight
 48867 | Orc:4    | Sar: convenient
 48867 | Orc:4    | trelanon: yeeah
 48867 | Orc:4    | Sar: useless
 48869 | Orc:4    | Sar: err
 48869 | Orc:4    | Sar: WELP
 48869 | Orc:4    | realizingwhyifist: awful
 48870 | Orc:4    | trelanon: well, we got a +2 helmet of Sinv out of it
 48870 | Orc:4    | Bought a +2 helmet of see invisible for 365 gold pieces
 48874 | Orc:4    | nikheizen: are wands allowed?
 48879 | Orc:4    | trelanon: nope
 48884 | Orc:4    | Typee: that's a lot of spells
 48884 | Orc:4    | Sar: IMB
 48887 | Orc:4    | Sar: and confuse
 48890 | Orc:4    | trelanon: ow ow ow ow
 48890 | Orc:4    | Sar: and invis yeah
 48891 | Orc:4    | realizingwhyifist: arr key
 49608 | Orc:4    | Sar: was the warlord punched
 49619 | Orc:4    | trelanon: punched it was not
 49782 | Orc:4    | realizingwhyifist: soon
 49963 | Orc:4    | Typee: guess they got tired
 50040 | Orc:4    | Typee: 1 on 1 now
 50040 | Orc:4    | trelanon: can he might himself?
 50040 | Orc:4    | realizingwhyifist: nope
 50040 | Orc:4    | nikheizen: no
 50040 | Orc:4    | trelanon: good
 50040 | Orc:4    | Sar: You convulse!!!
 50040 | Orc:4    | nikheizen: only lower HD
 50040 | Orc:4    | realizingwhyifist: yeah I don't like the blue of that sord
 50040 | Orc:4    | trelanon: it's probably protection
 50040 | Orc:4    | trelanon: or freezing
 50089 | Orc:3    | Sar: hah
 50096 | Orc:3    | Sar: I like your thinking
 50125 | Orc:3    | trelanon: looks like he's smarter than that
 50170 | Orc:3    | It's over warlord.
 50170 | Orc:3    | I have the dry ground.
 50170 | Orc:3    | Sar: I HAVE THE HIGH GROUND
 50170 | Orc:3    | Sar: heh
 50170 | Orc:3    | trelanon: well, it IS 4/20
 50189 | Orc:3    | trelanon: not holy wrath, probably vorpal
 50189 | Orc:3    | realizingwhyifist: might need a second take
 50189 | Orc:3    | Sar: this is uh
 50189 | Orc:3    | trelanon: hm-hm
 50679 | Orc:3    | GOT NOTHING BUT TIME BRUV
 50986 | Orc:3    | trelanon: it'd be nice if crawl had nethack-like conducts
 50995 | Orc:3    | trelanon: like permaconfusion, armorless etc
 51031 | Orc:3    | Sar: I imagine permaconf games being pretty short
 51280 | Orc:3    | trelanon: until you find clarity I guess
 51309 | Orc:3    | Typee: amazing
 51316 | Orc:3    | Sar: clarity doesn't stop confusion
 51316 | Orc:3    | trelanon: aaaaand the winner is
 51316 | Orc:3    | No mr. warlord, I expect you to die.
 51316 | Orc:3    | trelanon: it doesn't?
 51319 | Orc:3    | Killed an orc warlord
 51320 | Orc:3    | trelanon: MR DICKS
 51320 | Orc:3    | BLOAX: it only blocks it
 51320 | Orc:3    | trelanon: huh, the more you know.
 51320 | Orc:3    | realizingwhyifist: eugh
 51320 | Orc:3    | realizingwhyifist: bloacks
 51320 | Orc:3    | realizingwhyifist: EUGH
 51329 | Orc:3    | Sar: HI BLOAX
 51353 | Orc:3    | Typee: oh snap this was only orc 3
 51416 | Orc:4    | nikheizen: enemies were brought up from 4 though
 51425 | Orc:3    | BLOAX: is this another dank mummy meme
 51430 | Orc:2    | Typee: right
 51441 | D:10     | Typee: where to now?
 51441 | D:10     | realizingwhyifist: no bloacks
 51441 | D:10     | BLOAX: depths
 51441 | D:10     | trelanon: D12
 51441 | D:10     | realizingwhyifist: this is fun
 51441 | D:10     | Sar: tomb
 51466 | D:10     | trelanon: fun has never been an option
 51492 | D:10     | Killed a hill giant
 51492 | D:10     | Reached XP level 15. HP: 125/125 MP: 15/15
 51596 | D:10     | nikheizen: green lindwurms and all
 51635 | D:11     | realizingwhyifist: I'm having a lot of fun!
 51665 | D:11     | nikheizen: slugpunch
 51677 | D:11     | Typee: dide you gather the Lair branches runes yet?
 51681 | D:11     | trelanon: oh come ooon
 51693 | D:11     | trelanon: hurt the slug
 51698 | D:11     | Typee: Yeow
 51718 | D:11     | realizingwhyifist: FINE FUCK
 51816 | D:12     | Typee: looks like you've been CheibraDDOSed
 51821 | D:12     | nikheizen: get that fan
 51830 | D:12     | Sar: good strat
 51833 | D:12     | nikheizen: mummy gotta stay cool
 51843 | D:12     | trelanon: can't use evok
 51850 | D:12     | Reached skill level 14 in Fighting
 51859 | D:12     | Sar: scumming gastro slow to kill mummies
 51868 | D:12     | nikheizen: he can use it to keep the heat off him
 51868 | D:12     | Sar: gotta use that some time
 51868 | D:12     | BLOAX: _You spend a moment contemplating the meaning of unlife.
 51868 | D:12     | Sar: bees*
 51868 | D:12     | BLOAX: good 'p' message
 51868 | D:12     | Sar: not mummies
 51900 | D:12     | nikheizen: You spend a moment contemplating the meaning of bees.
 52156 | D:12     | nikheizen: innate rC+ too strong
 52532 | D:12     | Sar: DEX
 52560 | D:12     | trelanon: of all the things that suck about mummies at least their
 52561 | D:12     | Typee: wait why the scrolls of vulnerability? to throw them?
 52561 | D:12     | trelanon: DEX
 52563 | D:12     | trelanon: aww.
 52563 | D:12     | realizingwhyifist: we wouldn't want the ground to be softened
 52563 | D:12     | trelanon: At least their HP pool doesn't suck
 52563 | D:12     | realizingwhyifist: in any fashion
 52607 | D:12     | Noticed a tengu reaver
 52608 | D:12     | Noticed a storm dragon
 52609 | D:12     | nikheizen: only two reds
 52609 | D:12     | realizingwhyifist: hahaha
 52609 | D:12     | BLOAX: seems like a safe fight
 52609 | D:12     | Sar: yeah
 52609 | D:12     | realizingwhyifist: right
 52613 | D:12     | trelanon: heh
 52643 | D:12     | Sar: it's just a reaver
 52699 | D:12     | nikheizen: you dont need to exclude behind a runed door do you?
 52701 | D:12     | Sar: and a little storm dragon
 52719 | D:12     | Noticed Psyche
 52721 | D:12     | Sar: nope
 52721 | D:12     | realizingwhyifist: magess
 52721 | D:12     | Typee: Pysche is a weak bitch, come on
 52721 | D:12     | trelanon: why not sorceress
 52721 | D:12     | Sar: mageperson
 52721 | D:12     | nikheizen: a true mummy wouldnt hit a woman typee
 52746 | D:12     | Sar: Psyche is speed 13 and has chaos or distort
 52746 | D:12     | nikheizen: bread
 52746 | D:12     | trelanon: You killed elrocha
 52746 | D:12     | Sar: this is not very good to melee
 52746 | D:12     | realizingwhyifist: certainly not if the woman can hit back
 52746 | D:12     | Kolbur: there are not enough people watching this yet
 52786 | D:12     | Sar: gj waking up things
 52786 | D:12     | BLOAX: I'm not really sure what there is to watch here.
 52786 | D:12     | realizingwhyifist: eugh
 53015 | D:12     | trelanon: it gets better when he gets a rune
 53025 | D:12     | nikheizen: manticores are dicks
 53202 | D:12     | trelanon: dicks are you a manticore
 53202 | D:12     | realizingwhyifist: I am in no way related to them
 53202 | D:12     | nikheizen: heh
 53202 | D:12     | realizingwhyifist: or wish to be
 53309 | D:12     | trelanon: >the mummy glutton
 53309 | D:12     | nikheizen: tfw no qt manticore gf to spine with
 53358 | D:13     | trelanon: >heavy barb bdsm
 53375 | D:13     | trelanon: I'll stop implying I swear. Later.
 53386 | D:12     | nikheizen: >using meme arrows outside of /r/4chan
 53525 | D:12     | Sar: doors cumming
 53525 | D:12     | trelanon: I have a problem.
 53525 | D:12     | FFFFAGGG
 53584 | D:13     | nikheizen: will doors or spellcasting be removed first
 53657 | D:13     | Sar: why not both
 53704 | D:13     | trelanon: first chunks, then doors
 53719 | D:13     | Sar: RED CENTAUR
 53722 | D:13     | trelanon: then no more purple meat
 53736 | D:13     | trelanon: no mutroulette outside of xom
 53794 | D:13     | nikheizen: fuck i love purple meat
 53864 | D:13     | nikheizen: jivya needs a buff
 53864 | D:13     | Sar: HI
 53864 | D:13     | trelanon: I miss sparkling fountains
 53864 | D:13     | BLOAX: lol rip
 53864 | D:13     | HELLO
 53864 | D:13     | nikheizen: is this a hangeman vault
 53864 | D:13     | trelanon: hwaa
 53864 | D:13     | nikheizen: or lemuel
 53864 | D:13     | BLOAX: and a war garg to round it off
 53864 | D:13     | BLOAX: lol
 53864 | D:13     | Sar: nah lemuel quit before gr
 53864 | D:13     | Typee: totally balanced for D13
 53864 | D:13     | realizingwhyifist: I remember this back when we had normal sensible old fashioned gr
 53864 | D:13     | BLOAX: why is gr so shit nowadays
 53864 | D:13     | Sar: err it's not a terrible vault for D:13
 53864 | D:13     | realizingwhyifist: and when they were changed I was like did they change that one vault
 53864 | D:13     | realizingwhyifist: they did not
 53868 | D:13     | trelanon: stone arrow kinda sucks
 53915 | D:13     | Found a white marble altar of Elyvilon.
 53935 | D:13     | Sar: I mean at D:13 you prob can deal
 53935 | D:13     | nikheizen: one gargoyle at a time is okay, but 8 plus a war garg is a bit much
 53942 | D:13     | Sar: unless your a mumo
 53972 | D:13     | Sar: just tele out of something
 54080 | D:13     | BLOAX: you can't take that vault on d:13 with anything but completely ridiculous characters
 54080 | D:13     | realizingwhyifist: unless mine a mumo what
 54080 | D:13     | trelanon: MuMo are glass cannons once they get the ball rolling
 54080 | D:13     | nikheizen: probably has an acq level item at the end
 54083 | D:13     | BLOAX: because stone arrow is such a good spell
 54083 | D:13     | BLOAX: unless you're using it
 54083 | D:13     | realizingwhyifist: the gr thing?
 54083 | D:13     | Sar: uhhh you prob can't take them all at once
 54083 | D:13     | realizingwhyifist: there's no loot in it
 54083 | D:13     | Sar: but you can like, split them
 54083 | D:13     | realizingwhyifist: it's a stairs vault
 54170 | D:13     | trelanon: that's silly
 54173 | D:13     | trelanon: oh shit liquid glame
 54186 | D:13     | BLOAX: flaming cum of justice
 54465 | D:14     | Kolbur: so you're going to stay atheist?
 54466 | D:14     | realizingwhyifist: what
 54466 | D:14     | Sar: zzzzzzap
 54466 | D:14     | Sar: shifter prob
 54466 | D:14     | realizingwhyifist: why are they in real life?
 54467 | D:14     | trelanon: oh shit
 54467 | D:14     | BLOAX: needs more tipping of fedoras
 54467 | D:14     | realizingwhyifist: oh my god that's even worse
 54467 | D:14     | BLOAX: .l.
 54470 | D:14     | trelanon: also how much have you been playing
 54486 | D:14     | trelanon: my eyes hurt but I can't stop staring
 54493 | D:14     | realizingwhyifist: a lot
 54493 | D:14     | trelanon: first run was 3 hours
 54493 | D:14     | realizingwhyifist: I'm probably cutting around midnight or so btw
 54493 | D:14     | nikheizen: too bad this has the old TRJ tile
 54493 | D:14     | BLOAX: not as much as i played in the last two days of the 0.16 tourney :^)
 54493 | D:14     | trelanon: yeah good thinking I wanna sleep
 54493 | D:14     | nikheizen: we dont get to tip shrine of jivya
 54493 | D:14     | Sar: midnight is???
 54493 | D:14     | trelanon: half an hour
 54493 | D:14     | realizingwhyifist: more or less
 54493 | D:14     | realizingwhyifist: I'll probably stick a bit longer because fun
 54511 | D:14     | nikheizen: hello
 54534 | D:14     | trelanon: what if that other ring is a ring of RF
 54661 | D:14     | Sar: those are some weak fireballs
 54669 | D:14     | daed4: How is he training? Fighting=unarmed->dodge->stealth?
 54680 | D:14     | trelanon: yep
 54743 | D:14     | BLOAX: whatever it is it's not good enough
 54784 | D:14     | trelanon: got him to D14, looks pretty good for me
 54812 | D:14     | daed4: Didn't this version have bennus?
 54818 | D:14     | BLOAX: no
 54834 | D:14     | trelanon: nope
 54841 | D:14     | nikheizen: mummies ought to have af_drain
 54942 | D:14     | realizingwhyifist: so many torches
 54942 | D:14     | trelanon: this is the unfucked tomb version
 54943 | D:14     | nikheizen: for fun
 54949 | D:14     | BLOAX: mummies ought to have permalichform :v
 55003 | D:14     | Sar: new tomb is cool though
 55003 | D:14     | daed4: Mummies have bad!lichform.
 55003 | D:14     | Sar: I actually died there
 55004 | D:14     | Found a gate to the Vaults.
 55005 | D:14     | daed4: Mind you.
 55033 | D:14     | Reached skill level 15 in Fighting
 55038 | D:14     | trelanon: we have a different sense of what's cool
 55049 | D:13     | Sar: I guess
 55183 | D:14     | Sar: also dicks, have you heard about AD/AS nerf?
 55184 | D:14     | nikheizen: you like pan orc
 55193 | D:14     | Sar: they're temporary now
 55422 | D:13     | realizingwhyifist: fuck shields
 55422 | D:13     | Sar: no longer will I subjugate peaceful spiders with my armies of undead
 55422 | D:13     | daed4: AD/AS?
 55422 | D:13     | BLOAX: wanna know why monster shields are so powerful
 55422 | D:13     | trelanon: punch, my little mummy
 55422 | D:13     | trelanon: punch through his puny shield
 55422 | D:13     | Sar: Animate Dead/Skeleton
 55422 | D:13     | realizingwhyifist: ad/as as in anided and aniskloton?
 55422 | D:13     | Sar: yep
 55422 | D:13     | realizingwhyifist: well I'd rather have a better solution
 55422 | D:13     | trelanon: oh yeah that.
 55422 | D:13     | realizingwhyifist: that ivolves fun
 55422 | D:13     | Sar: I played with them a bit and they seem to stick for pretty long
 55422 | D:13     | realizingwhyifist: but that's better than nothing
 55426 | D:13     | BLOAX: (it's because player accuracy is shit and shields happen to check accuracy)
 55434 | D:13     | nikheizen: make them rot over time
 55459 | D:13     | Sar: so if you raise an ogre skelly you can put it to good use
 55477 | D:13     | Sar: but no longer you can have huge armies of them
 55507 | D:13     | Sar: nikh: that's kind of what they do now!
 55533 | D:13     | nikheizen: yeah but them rotting over time is more flavourful
 55533 | D:13     | trelanon: >block miss miss block miss block heavily wounded
 55533 | D:13     | FINE
 55553 | D:13     | daed4: It's one of those games isn't it?
 55770 | D:12     | Sar: oh you mean like, slowly degrading
 55770 | D:12     | nikheizen: Sar: Yes.
 55772 | D:13     | Sar: err, I dunno, I mean things don't rot THAT fast
 55772 | D:13     | you fuck off too
 55772 | D:13     | Sar: I guess the magic just runs ourt
 55852 | D:12     | trelanon: I guess corpses shouldn't just rot after some hundred turns
 55852 | D:12     | Sar: magic could also make them rot faster
 55854 | D:13     | nikheizen: I like my idea.
 55870 | D:13     | Sar: but the duration doesn't depend on corpse freshness
 55870 | D:13     | Typee: eheh
 55873 | D:13     | trelanon: and skeletons shouldn't completely decompose after 1 K turns
 55883 | D:13     | Sar: and probably shouldn't
 55915 | D:14     | nikheizen: trelanon: that's a good point.
 55928 | D:14     | Sar: also dicks, they removed all the influence of weight on gozag gold
 56024 | D:14     | Sar: and added gold to mons that don't drop corpses
 56030 | D:14     | nikheizen: they also removed immolating to get extra gold
 56030 | D:14     | Sar: so I guess gozag is oka-but-better now???
 56034 | D:14     | trelanon: there was a hilarious bug where every plant would drop heaps of gold
 56036 | D:14     | BLOAX: gozag item shops are also good
 56098 | D:14     | no, thanks
 56098 | D:14     | BLOAX: now to wait until they stop being spawned in stupid places instead of on your spot
 56100 | D:14     | Typee: oh they buffed their inventories?
 56119 | D:14     | BLOAX: most of the items are GOOD_ITEMs now
 56133 | D:14     | BLOAX: ??unless that was reverted??
 56137 | D:14     | Typee: because really getting shops in the depth with 7 scrolls of identify and 3 or remove curse wasn't fun
 56137 | D:14     | trelanon: I myself have saved a trunk MuSu a few days ago on webtiles just in case they already fix it
 56137 | D:14     | nikheizen: this is starting to sound really broken honestly
 56137 | D:14     | trelanon: If I don't need to update my save, they can't make me
 56137 | D:14     | BLOAX: what is
 56137 | D:14     | nikheizen: Gozag
 56157 | D:14     | BLOAX: lol
 56173 | D:14     | realizingwhyifist: I agree.
 56179 | D:14     | Sar: I don't remember shop choices
 56297 | D:14     | nikheizen: Gozag made it into trunk, but La never will. Sad.
 56332 | D:14     | nikheizen: La are hilariously broken, but very fun.
 56349 | D:14     | trelanon: Lacertilians are hilarious
 56528 | D:14     | Sar: I can't imagine playing La
 56529 | D:14     | oh god
 56529 | D:14     | Sar: because I know I'd just go Ash
 56529 | D:14     | daed4: What do lacertilians do?
 56529 | D:14     | Sar: and stay Ash
 56529 | D:14     | trelanon: Just Be it up
 56529 | D:14     | realizingwhyifist: lacerwho
 56529 | D:14     | daed4: the god guys? They feel so winmore it's awful.
 56529 | D:14     | Sar: built-in faith, free god swapping
 56529 | D:14     | realizingwhyifist: also brb
 56529 | D:14     | trelanon: then go makh and win the game
 56529 | D:14     | ctave6: 10/10 when he threw a loaf of bread at the guardian
 56529 | D:14     | nikheizen: daed4: No wrath, Permafaith, extra AC, extra stealth.
 56529 | D:14     | nikheizen: No reason to play anything except Be.
 56529 | D:14     | daed4: Feels gimmicky as hell. I guess yay, extra AC and stealth.
 56529 | D:14     | BLOAX: if you don't want to winmore then just play faster
 56529 | D:14     | realizingwhyifist: no, bad bloax
 56529 | D:14     | realizingwhyifist: bad
 56529 | D:14     | nikheizen: is bloax ever good though?
 56529 | D:14     | nikheizen: hes a bad man
 56529 | D:14     | realizingwhyifist: mediocre at times!
 56529 | D:14     | BLOAX: lol
 56529 | D:14     | realizingwhyifist: so all of that sounds pretty boring
 56529 | D:14     | realizingwhyifist: why would you give superfaith and nowrath to anyone
 56550 | D:14     | BLOAX: superfaith sounds okay
 56550 | D:14     | BLOAX: nowrath is just lol
 56564 | D:14     | i'm right here troll ffs
 56566 | D:13     | daed4: Nowrath is "I want to scum hard like the tome4 weirds, but I don't want to play tome4"
 56585 | D:13     | nikheizen: you should never want to play tome4 tbh
 56585 | D:13     | BLOAX: I do want to play xcom though.
 56585 | D:13     | BLOAX: and very likely will
 56585 | D:13     | realizingwhyifist: it basically just makes optimal play going through a checklist which doesn't sound very fun
 56585 | D:13     | realizingwhyifist: what's their HP?
 56602 | D:13     | Sar: well optimal play is never fun
 56630 | D:13     | nikheizen: -1 iirc
 56636 | D:14     | realizingwhyifist: well no but it's not that level of obnoxious either
 56636 | D:14     | realizingwhyifist: are the apts submummy tier?
 56639 | D:14     | nikheizen: their biggest maluses are in their apts, -4 spc, -2 all elemental, -1 max weapons.
 56664 | D:14     | Sar: wow that's shit
 56678 | D:14     | ctave6: DOORS EVERYWHERE
 56693 | D:14     | nikheizen: but the rest of their apts are good i guess?
 56694 | D:14     | Sar: but that's dumb
 56694 | D:14     | daed4: ToME4 takes "Optimal" into the "Wanna do a retarded dance each step or lose the game?" not "Move carefully!" or "Spam S each other step"
 56694 | D:14     | Sar: why penalize spellcasting
 56694 | D:14     | nikheizen: yeah its a poor attempt to balance them out
 56694 | D:14     | realizingwhyifist: christ that's worse than I thought
 56694 | D:14     | realizingwhyifist: even more of an incentive to get uncle kiku to pain any weapon fast
 56694 | D:14     | realizingwhyifist: and do whatever
 56695 | D:14     | Typee: races and gods based on "trivialize an aspect of the game" are never really good
 56720 | D:14     | BLOAX: i don't know
 56720 | D:14     | BLOAX: vs are pretty good
 56723 | D:14     | BLOAX: and they're basically trivializing resting :^)
 56735 | D:14     | no
 56746 | D:14     | trelanon: that's horrible
 56752 | D:14     | realizingwhyifist: what
 56752 | D:14     | trelanon: his joke
 56752 | D:14     | daed4: They learned how to door.
 56752 | D:14     | Sar: ce opened it I guess
 56752 | D:14     | trelanon: oh that
 56752 | D:14     | Sar: I mean he's adjacent to it
 56752 | D:14     | realizingwhyifist: ffs
 56752 | D:14     | Sar: I expected you to go up tbh
 56752 | D:14     | nikheizen: Yeah -2 fgt, -1 all weaps, -1 hp/mp/xp for la.
 56752 | D:14     | Sar: he's a gentletaur
 56752 | D:14     | realizingwhyifist: and I meant to
 56752 | D:14     | Sar: he let the genderfluid blob to go first
 56752 | D:14     | realizingwhyifist: but I was like just press 5
 56754 | D:14     | trelanon: tumblrtaur
 56757 | D:13     | Typee: WOW
 56993 | D:14     | nikheizen: nerf doors
 57001 | D:14     | realizingwhyifist: it has been attempted!
 57001 | D:14     | realizingwhyifist: in several occasions
 57013 | D:14     | Reached skill level 16 in Unarmed Combat
 57040 | D:14     | trelanon: >Because he's wearing rings so he fucking failed.
 57045 | D:14     | daed4: Doors can no longer be closed, this was found to be problematic and force scummy behavior. - SoupMan
 57054 | D:14     | trelanon: the nerve of some people
 57226 | D:14     | Typee: what the hell is scummy behavior?
 57227 | D:14     | ctave6: Pretty new to this, is he throwing bread at the hydra to force aggro it or something?
 57281 | D:14     | trelanon: MuMo rule, you can't throw things that aren't funny or do damage
 57285 | D:14     | ctave6: and why bread why not rocks or something which has a possibility of damage?
 57394 | D:14     | ctave6: oh cool
 57519 | D:14     | nikheizen: Typee: scummy behaviour is any gameplay you dont like
 57525 | D:14     | BLOAX: ctave6: because he's playing a retarded meme game
 57531 | D:14     | Sar: well if you are pretty new you should know that this game is being played with a bunch of self-imposed restrictions
 57538 | D:14     | Sar: also yes
 57550 | D:14     | ctave6: I see
 57584 | D:14     | Sar: (also don't listen to Bloax)
 57588 | D:14     | trelanon: retarded meme game your ass
 57600 | D:14     | nikheizen: only bad people dislike memes anyway
 57615 | D:14     | Sar: Do the opposite of what Bloax says!
 57634 | D:14     | BLOAX: i like hanging out here
 57641 | D:14     | ctave6: walk backwards through the hall of doors closing them all :^)
 57643 | D:14     | Sar: hating memes is a meme though, a pretty dank one at that
 57643 | D:14     | trelanon: I hate aanging out here
 57666 | D:13     | Typee: here is all you have to know about the playthrough
 57669 | D:13     | Typee: http://siberiantimes.com/other/others/news/n0105-mummified-monk-is-not-dead-and-in-rare-meditative-state-says-expert/
 57671 | D:13     | nikheizen: Sar: True.
 57683 | D:13     | daed4: Kek
 57683 | D:13     | trelanon: this chat got crowded quickly
 57683 | D:13     | BLOAX: because people like to pretend things about me
 57701 | D:13     | Sar: so you can't hate hating memes without hating memes
 57733 | D:13     | Sar: it just doesn't work like that
 58028 | D:12     | trelanon: level annotation: "everything is terrible"
 58028 | D:12     | nikheizen: bloax: everything we say is true though, are you calling us liars?
 58028 | D:12     | ctave6: Can you rob / kill store owners btw?
 58028 | D:12     | Sar: no
 58028 | D:12     | ctave6: :^(
 58028 | D:12     | BLOAX: play nethack
 58028 | D:12     | realizingwhyifist: oh wow
 58028 | D:12     | trelanon: crawl doesn't encourage that kind of scummy behaviour
 58028 | D:12     | nikheizen: yes, but they are all that one store owner from link's awakening with the lightning
 58028 | D:12     | realizingwhyifist: I read some more of what bloax said
 58028 | D:12     | realizingwhyifist: never again
 58041 | D:12     | daed4: ctave. That's problematic and anti-fun behavior!
 58219 | D:12     | ctave6: > Implying you never killed the shop owner to get your gold back after buying a +99 weapon of badass
 58219 | D:12     | BLOAX: thinking bloax is stupid and bad is one crawl meme for one
 58380 | D:14     | trelanon: I don't know man, I don't know you but a first impression tells me you're pretty obnoxious
 58394 | D:14     | trelanon: I mean it could just be a joke
 58411 | D:14     | trelanon: I don't know
 58426 | D:14     | daed4: I meant scummy. Got my tarded game devs confused. Bloax, if people call you bad you can't say people calling you bad it's a meme. That's just not how it works.
 58426 | D:14     | nikheizen: memes would never lie to me
 58444 | D:14     | BLOAX: i'm only as obnoxious as you make me
 58444 | D:14     | ctave6: Like, personally, if I cant sell something to a shop, I kill the owner, I do it a lot in D&D, I'm feared across the lands
 58444 | D:14     | ctave6: :^)
 58444 | D:14     | trelanon: no you're as obnoxious as you are, I think
 58444 | D:14     | Sar: that's not very nice
 58444 | D:14     | nikheizen: "im only acting like a twat because you made me act like a twat" - bloax
 58444 | D:14     | realizingwhyifist: oho
 58444 | D:14     | trelanon: you're kind of a dick, ctave
 58444 | D:14     | Typee: so anyway realizing, do you plan on going back to the first levels of the dungeons and take revenge on the uniques there?
 58444 | D:14     | realizingwhyifist: 348 code
 58444 | D:14     | BLOAX: i'm sure you'd be obnoxious when people call you stupid and bad for years in a row
 58444 | D:14     | trelanon: CG forever
 58444 | D:14     | realizingwhyifist: we have shots fired
 58461 | D:14     | ctave6: trelanon these things happen when you play a full orc barbarian
 58657 | D:14     | BLOAX: and since i honestly don't give a shit about this place anymore
 58678 | D:14     | trelanon: Oh man, I always play suicidal barbarians
 58808 | D:14     | ctave6: "WHAT DO YOU MEAN YOU DONT BUY THOGS STUFF" *rage*
 58853 | D:14     | Found a snail-covered altar of Cheibriados.
 58930 | D:14     | BLOAX: you can take a good guess at how much i want to be nice to the people calling me stupid and bad
 59159 | D:14     | daed4: See bloax, I get called tard, and stupid for years, the difference is that I understood they might be right. And that I might be godfuckingawful.
 59179 | D:14     | trelanon: yes, it's all the other guys' fault
 59214 | D:14     | nikheizen: im sad that you were bullied bloax, that's really terrible.
 59214 | D:14     | Sar: thats racist #NottAlOrcs
 59216 | D:15     | Entered Level 15 of the Dungeon
 59232 | D:15     | trelanon: oh hey kirke
 59232 | D:15     | realizingwhyifist: is this what I think it is
 59232 | D:15     | nikheizen: hog wild
 59232 | D:15     | trelanon: get your MR on
 59232 | D:15     | trelanon: oh wait you don't have any
 59232 | D:15     | nikheizen: can the unliving be polymorphed?
 59232 | D:15     | trelanon: pretty sure players can be poly'd
 59232 | D:15     | trelanon: then again I don't play many undead
 59232 | D:15     | trelanon: just VS over and over
 59232 | D:15     | Coolthulhu: don't pigs get +speed?
 59232 | D:15     | nikheizen: Yes
 59232 | D:15     | Coolthulhu: you can just run if shit hits the fan
 59232 | D:15     | BLOAX: undead are immune to polymorph
 59232 | D:15     | daed4: Players can be polied now, back then it just gave cancermut.
 59232 | D:15     | realizingwhyifist: great merriment machines those vs
 59232 | D:15     | Coolthulhu: go YOLO mode
 59233 | D:15     | floatRand: Yeah, they just rot/decompose
 59234 | D:15     | daed4: I feel it's fun.
 59247 | D:15     | floatRand: Still not good idea at this point
 59289 | D:15     | Noticed Kirke
 59290 | D:15     | trelanon: porkalator
 59290 | D:15     | daed4: Best name.
 59291 | D:15     | trelanon: dear god what a name
 59291 | D:15     | Sar: (deflecting missiles, resting_
 59315 | D:14     | Typee: that's how I sleep too
 59317 | D:14     | Sar: this encompass vault looks vaguely familiar
 59385 | D:14     | trelanon: nope
 59422 | D:14     | Sar: also Kirkhe has menagerie now
 59422 | D:14     | Sar: harpies, lindwurms, a sphnix sometimes
 59422 | D:14     | Sar: Very Bad Things
 59422 | D:14     | realizingwhyifist: yeah I remembered the spewie snake thingies
 59422 | D:14     | realizingwhyifist: not much more
 59457 | D:15     | Noticed a sphinx
 59514 | D:14     | Typee: this playthrough is gonna get harder and harder innit?
 59514 | D:14     | realizingwhyifist: eightyfour
 59514 | D:14     | realizingwhyifist: turns of slow
 59514 | D:14     | nikheizen: nice
 59514 | D:14     | realizingwhyifist: likely
 59514 | D:14     | trelanon: well, he ain't gonna get any more AC than this
 59514 | D:14     | realizingwhyifist: snake should be fun with the electronakes
 59514 | D:14     | trelanon: and monsters are gonna hit harder and harder
 59514 | D:14     | BLOAX: 3d43 fireballs with rf0
 59514 | D:14     | trelanon: oh man electrosnakes
 59516 | D:15     | BLOAX: zot:5 quality
 59516 | D:15     | daed4: This playthrough it's going to be like shoving nails in your urethra and then fishing them out from your mouth.
 59528 | D:14     | Killed Kirke
 59536 | D:14     | trelanon: that's my fetish
 59537 | D:14     | I JUST WANT TO TALK
 59543 | D:14     | daed4: Have you done the MuMo challange yet?
 59548 | D:14     | Sar: no you aren't
 59566 | D:14     | Typee: no, not the hummie
 59572 | D:14     | floatRand: Isn't this 0.15? Can't remember if the electrosnakes were assholes in this version.
 59572 | D:14     | Sar: you bastard
 59572 | D:14     | BLOAX: they were even bigger assholes this version
 59572 | D:14     | Typee: yeah it's 0.15
 59572 | D:14     | nikheizen: shock serpents are assholes forever anyway
 59620 | D:15     | trelanon: didn't explode as often
 59640 | D:15     | trelanon: that's something
 59739 | D:15     | nikheizen: exploding made them easier anyway
 59739 | D:15     | Sar: oho
 59739 | D:15     | Sar: ravens
 59739 | D:15     | trelanon: RAVENS
 59739 | D:15     | Sar: TIME TO DIE
 59739 | D:15     | GET THEE BACK INTO THE TEMPEST
 59746 | D:15     | BLOAX: remove mummy from the premises
 59746 | D:15     | trelanon: YOU DID IT
 59746 | D:15     | realizingwhyifist: fucking
 59746 | D:15     | realizingwhyifist: DESTROYED
 59748 | D:15     | trelanon: ANNIHILATED
 59775 | D:15     | LEAVE NO BLACK PLUME AS A TOKEN
 59839 | D:15     | nikheizen: i almost got killed by a raven when i had 20 stacks of corr
 59845 | D:15     | trelanon: Leave no what now
 59845 | D:15     | Sar: wait is that
 59845 | D:15     | realizingwhyifist: plume
 59845 | D:15     | realizingwhyifist: as a token
 59845 | D:15     | Sar: that one vault
 59859 | D:15     | realizingwhyifist: yes
 59859 | D:15     | trelanon: 's that shakespeare
 59859 | D:15     | Sar: I didn't know it spawns outside of Depths
 59859 | D:15     | realizingwhyifist: I didn't know it could appear here
 59859 | D:15     | Sar: yep!
 59859 | D:15     | realizingwhyifist: yeah me mnither
 59870 | D:15     | Sar: I wonder what kind of horrors lurk in D:15 version
 60139 | D:15     | Typee: my money is on raskshasas
 60270 | D:15     | realizingwhyifist: oho
 60270 | D:15     | Sar: stone giants maybe
 60270 | D:15     | realizingwhyifist: the cool tile
 60273 | D:15     | realizingwhyifist: oh fuck off
 60401 | D:15     | trelanon: empty portals
 60415 | D:15     | Cast into the Abyss (ogre mage)
 60415 | Abyss:1  | Found a corrupted altar of Lugonu.
 60416 | Abyss:1  | trelanon: I hope-
 60416 | Abyss:1  | trelanon: oh shit
 60416 | Abyss:1  | Typee: yay
 60416 | Abyss:1  | realizingwhyifist: excuse me
 60416 | Abyss:1  | Coolthulhu: it's on
 60416 | Abyss:1  | floatRand: Oh dear
 60416 | Abyss:1  | nikheizen: it begins
 60416 | Abyss:1  | realizingwhyifist: was it in los all along?
 60416 | Abyss:1  | trelanon: well that was fun until it lasted
 60416 | Abyss:1  | realizingwhyifist: I literally didn't see him
 60416 | Abyss:1  | Sar: time to go lugonu, duh
 60416 | Abyss:1  | trelanon: no idea
 60416 | Abyss:1  | realizingwhyifist: oh well
 60424 | Abyss:1  | Sar: well you saw ogres
 60424 | Abyss:1  | floatRand: No gods, no magic. Time to hope for best.
 60433 | Abyss:1  | BLOAX: it's not like abyss is hard
 60448 | Abyss:1  | floatRand: Except there is no hope for Egyptians
 60455 | Abyss:1  | trelanon: hope in MuMe who believes in MuMo.
 60465 | Abyss:1  | nikheizen: is banishment line targeted or smite targeted?
 60479 | Abyss:1  | BLOAX: it's a hex
 60480 | Abyss:1  | nikheizen: ok
 60484 | Abyss:1  | trelanon: plus you've got good stealth, you're gonna live
 60496 | Abyss:1  | Sar: line targeted
 60502 | Abyss:1  | BLOAX: i.e. an invisible magic dart that checks MR
 60524 | Abyss:1  | Sar: so Discord is not a hex?
 60528 | Abyss:1  | nikheizen: imp island
 60528 | Abyss:1  | Sar: what about mass confusion?
 60528 | Abyss:1  | floatRand: That's a vault, isn't it?
 60528 | Abyss:1  | trelanon: oh look is hellion island jr
 60528 | Abyss:1  | BLOAX: those are spells
 60528 | Abyss:1  | floatRand: Meaning chance for exit
 60528 | Abyss:1  | trelanon: nah
 60528 | Abyss:1  | Sar: are they Bloax? are they?
 60528 | Abyss:1  | Typee: there are vaults in abyss 1?
 60528 | Abyss:1  | trelanon: oh hey you're the sprintguy
 60531 | Abyss:1  | trelanon: good job
 60532 | Abyss:1  | nikheizen: spells confirmed for spells
 60533 | Abyss:1  | trelanon: you were also right
 60534 | Abyss:1  | floatRand: Yes.
 60536 | Abyss:1  | Sar: wheeeeee
 60540 | Abyss:1  | Found a corrupted altar of Lugonu.
 60545 | Abyss:1  | ffffuck offf
 60546 | D:15     | Escaped the Abyss
 60546 | D:15     | nikheizen: take vengeance
 60547 | D:15     | Typee: he did it the absolute madman
 60547 | D:15     | floatRand: THE EGYPT RETURNS
 60548 | D:15     | trelanon: yep, right there
 60566 | D:15     | nikheizen: cowardly ogre mage
 60574 | D:15     | Reached skill level 17 in Unarmed Combat
 60588 | D:15     | nikheizen: vengeance
 60598 | D:15     | trelanon: no more banishment
 60612 | D:15     | Sar: 17 UC is actually a pretty good weapon
 60630 | D:15     | trelanon: to be fair thatwas pretty damn lucky
 60804 | D:15     | Sar: 0 luck 100 skill
 60804 | D:15     | realizingwhyifist: word
 60804 | D:15     | floatRand: UC has pretty good damage output for the skill level usually.
 60877 | D:15     | nikheizen: 15 luck 20 skill 100 concentrated power of will
 60877 | D:15     | Sar: nah, low-level UC is pretty trash
 61053 | D:15     | floatRand: I tend to start my monks just dumping 100% of my skill points into UC.
 61088 | D:15     | Reached XP level 16. HP: 76/136 MP: 16/16
 61094 | D:15     | nikheizen: uc starts to get strong once it hits the second breakpoint
 61324 | D:15     | nikheizen: but doesnt really shine until the 4th
 61353 | D:15     | Sar: breakpoints aren't that important
 61361 | D:15     | BLOAX: floatRand: surprisingly enough that's actually the best way to do things
 61395 | D:15     | Sar: but yeah around 10-ish UC it starts being OK I guess
 61398 | D:15     | BLOAX: since going 100% unarmed will raise it a lot
 61402 | D:15     | nikheizen: Sar: Just an approximation of when they happen.
 61414 | D:15     | Sar: pls don't get surrouned by uglies
 61431 | D:15     | trelanon: the 12 AC start to become annoying
 61551 | D:15     | BLOAX: and since that raises your base damage it's automagically the best thing to do
 61641 | D:15     | trelanon: hope for two rings of +6 protection
 61641 | D:15     | realizingwhyifist: yes well
 61641 | D:15     | realizingwhyifist: that would be good
 61838 | D:11     | JESUS FINE
 61852 | D:10     | Killed a hill giant
 61933 | D:10     | floatRand: Still, my last monk was homo of Beogh/Qazlal 15-runer. UC did fine for the most part. Then again, Qazlal's invocations are insanely good so they probably carried me a little.
 61933 | D:10     | Bought a scroll of identify for 38 gold pieces
 61933 | D:10     | Bought a jade ring for 95 gold pieces
 61933 | D:10     | Bought an ivory ring for 95 gold pieces
 61933 | D:10     | Bought a scroll of magic mapping for 66 gold pieces
 61940 | D:10     | floatRand: Killing off 4 orbs of fire in single turn is wonderful.
 61940 | D:10     | Sar: oh
 61940 | D:10     | realizingwhyifist: oh
 61940 | D:10     | trelanon: eh, not bad
 61940 | D:10     | realizingwhyifist: I guess
 61940 | D:10     | trelanon: better than +1 dex honestly
 61956 | D:10     | trelanon: dude's been snoring for 20 K turns
 61956 | D:10     | BLOAX: unarmed is very good
 62015 | D:11     | Typee: wait what was the other ring?
 62016 | D:11     | trelanon: SLLLLLUUUUUGPUNNCHH
 62016 | D:11     | realizingwhyifist: 3dex
 62017 | D:11     | Sar: sustab
 62019 | D:11     | floatRand: Sustain Abilities is good since you have no way of recovering anything otherwise ( other than just using mummy's anti-rot )
 62027 | D:11     | Killed Gastronok
 62034 | D:11     | trelanon: aw man, not even a good hat
 62036 | D:12     | BLOAX: floatRand: and since he doesn't use spells.....
 62036 | D:12     | Sar: it's not like he needs MP so
 62112 | D:15     | floatRand: Yeah. But still, good if he runs into wretched stars.
 62112 | D:15     | realizingwhyifist: mumy anti rot is amazing btw
 62112 | D:15     | realizingwhyifist: like ridiculously strong
 62248 | D:15     | Found a staircase to the Depths.
 62310 | D:15     | Found a deep blue altar of Sif Muna.
 62311 | D:15     | Found a deep blue altar of Sif Muna.
 62311 | D:15     | Found a basalt altar of Yredelemnul.
 62325 | D:15     | trelanon: mummy suck in any other department, it's only fair to give her a good ability
 62325 | D:15     | floatRand: Oh this vault is pretty gud
 62325 | D:15     | Sar: hi
 62344 | D:15     | BLOAX: someone should probably train dodging
 62452 | D:15     | BLOAX: not calling any names though
 62462 | D:15     | realizingwhyifist: I sure can't wait to listen to bloax!
 62475 | D:15     | nikheizen: dodging is pretty useless unless youre in heavy armour
 62491 | D:15     | nikheizen: since you get free ac from being unarmoured
 62496 | D:15     | Sar: what
 62781 | D:15     | trelanon: well, at least now we know that slimes can't open doors
 62876 | D:15     | Typee: you mean free EV?
 62900 | D:15     | nikheizen: i wanted to say something really silly
 62904 | D:15     | Sar: oh
 62904 | D:15     | trelanon: 3silly
 62909 | D:15     | Sar: we have Bloax for that!
 62916 | D:15     | nikheizen: haha!
 62946 | D:15     | floatRand: It's probably just better to get more UC so you ruin enemies faster than gain just some EV.
 62961 | D:15     | BLOAX: it isn't
 63030 | D:15     | excuse me
 63030 | D:15     | BLOAX: because at 17 unarmed those levels will come very slowly compared to getting 10->13 dodging
 63030 | D:15     | Sar: doesn't UC profit ridiculously from higher levels
 63030 | D:15     | Sar: You convulse!!!
 63030 | D:15     | realizingwhyifist: not glowy!
 63030 | D:15     | Sar: (
 63156 | D:15     | floatRand: I remember losing my first mummy to ettin in Orc:4. Dire flail of holy and dire flail of flaming
 63244 | D:15     | trelanon: whazzat? scared of an ettin?
 63286 | D:15     | nikheizen: this guy looks dangerous
 63306 | D:15     | trelanon: he just punched a dragon
 63347 | D:15     | BLOAX: don't you just wish you had
 63349 | D:15     | BLOAX: more ev
 63441 | D:15     | nikheizen: 3 levels of dodging would really help here
 63470 | D:15     | nikheizen: you're right
 63495 | D:15     | Typee: are boots of speed allowed in mumo?
 63502 | D:15     | Sar: ettins are kind of strong
 63513 | D:15     | floatRand: Man, that was good.
 63517 | D:15     | floatRand: Nope.
 63521 | D:15     | trelanon: heh
 63521 | D:15     | hello
 63525 | D:15     | BLOAX: i'm really not seeing the entertainment value here
 63525 | D:15     | trelanon: you know what you leave but not what waits for you
 63541 | D:15     | trelanon: a dude with two large flails
 63541 | D:15     | nikheizen: no one has ever won an athiest mumo online
 63712 | D:15     | BLOAX: if everyone that has ever tried plays the stupid meme atheist mumo, sure
 63715 | D:15     | Sar: atheist mumo is prob not that bad
 63715 | D:15     | trelanon: it's so horribly bad it's hard to beat
 63756 | D:15     | Sar: this challenge though
 63783 | D:15     | Sar: is kind of hard
 63787 | D:15     | BLOAX: this challenge is stupid
 63792 | D:15     | trelanon: oh wait, atheist mumo is different from this?
 63810 | D:15     | trelanon: you're stupid
 63825 | D:15     | BLOAX: and i say that because 3d43 fireballs await in zot:5
 63842 | D:15     | nikheizen: bloax: I would argue that you are stupid.
 63869 | D:14     | BLOAX: gotta keep the circlejerk going
 63900 | D:14     | trelanon: I wouldn't argue, I'd just say it
 63973 | D:14     | nikheizen: im cumming
 64236 | D:15     | Sar: uh bloax
 64245 | D:15     | Sar: rings or rf are allowed
 64245 | D:15     | Typee: OW
 64245 | D:15     | trelanon: christ on a pancake
 64245 | D:15     | ho ho
 64245 | D:15     | Typee: MY BALLS
 64245 | D:15     | Sar: also aux armours
 64245 | D:15     | floatRand: It's getting dangerous.
 64245 | D:15     | ctave6: well shit
 64245 | D:15     | trelanon: that hurt like a motherfucker
 64245 | D:15     | nikheizen: ettins are spooky
 64245 | D:15     | Sar: also there was talk of allowing an rF robe only for zot
 64245 | D:15     | trelanon: but you can punch him once and kill him
 64245 | D:15     | Sar: in case there is no more rF
 64245 | D:15     | BLOAX: uh have you ever fighted an oof with rF+
 64245 | D:15     | BLOAX: with 12 ac
 64245 | D:15     | trelanon: it's the raven all over again isn't it
 64245 | D:15     | realizingwhyifist: it is very much not
 64245 | D:15     | BLOAX: (also haha it's fought*)
 64245 | D:15     | nikheizen: I've never "fighted" anything.
 64245 | D:15     | Sar: with 27 UC it would probably douable
 64245 | D:15     | realizingwhyifist: also have you ever fought an oof with 27 uc
 64245 | D:15     | Sar: if you put on two rf rings
 64245 | D:15     | Sar: and maybe another source
 64245 | D:15     | Sar: a thing can happen!
 64268 | D:15     | trelanon: we'll probably find an helm of RF
 64273 | D:15     | floatRand: Two sources probably is enough, plus there might be neat artefacts around.
 64276 | D:15     | BLOAX: you're speaking with the biggest chei/unarmed enthusiast in crawl
 64492 | D:14     | BLOAX: what kind of question is that
 64500 | D:14     | Basil: slaughterboxes
 64502 | D:14     | Basil: appropriately named
 64502 | D:14     | trelanon: two sources is enough, but we need 3 for RF++
 64502 | D:14     | Typee: go kill those uniques you left behind
 64565 | D:13     | Typee: and the hydras
 64657 | Lair:3   | Sar: did we blink
 64657 | Lair:3   | Sar: hi sage
 64657 | Lair:3   | realizingwhyifist: oh shit
 64657 | Lair:3   | trelanon: yep, everyone's here
 64657 | Lair:3   | realizingwhyifist: the biggest uc cheithusiast
 64657 | Lair:3   | ctave6: 17 specs nice
 64657 | Lair:3   | realizingwhyifist: oho sage
 64657 | Lair:3   | Sar: isn't that tasonir?
 64657 | Lair:3   | realizingwhyifist: did you see the pancake?
 64657 | Lair:3   | Basil: I saw you get thumped
 64657 | Lair:3   | Sar: I mean, he wrote a guide
 64657 | Lair:3   | realizingwhyifist: word
 64671 | Lair:3   | Sar: did you ever write a guide, Bloax?
 64690 | Snake:1  | Entered Level 1 of the Snake Pit
 64691 | Snake:1  | Sar: did you?
 64691 | Snake:1  | realizingwhyifist: would you agree that was a flawed procedure?
 64706 | Snake:1  | trelanon: that's where infinite rpois helps
 64706 | Snake:1  | Basil: could have been worse
 64712 | Snake:1  | Typee: there's a guy in the forum who started writing guides before getting a single rune
 64728 | Snake:1  | Basil: hm
 64737 | Snake:1  | Basil: have fun with shocky
 64743 | Snake:1  | Sar: posssible troll
 64874 | Snake:1  | trelanon: oh yeah, relec
 64874 | Snake:1  | ctave6: Is there some benefit to fighting things on a diagonal wall or is it another one of those challenge rules?
 64874 | Snake:1  | trelanon: this is gonna be fun
 64874 | Snake:1  | realizingwhyifist: I'm half tempted to weild staves for intrinsics
 64874 | Snake:1  | realizingwhyifist: but that should've never been allowed
 64876 | Snake:1  | trelanon: yeah, that's understandable
 64878 | Snake:1  | NOPE: THAT'S CHEATING
 64880 | Snake:1  | nikheizen: ctave6: Monsters have trouble pathing and they limit sight well.
 64904 | Snake:1  | trelanon: are staves cheating
 64916 | Snake:1  | i guess
 64918 | Snake:1  | trelanon: told you they don't explode in .15
 64918 | Snake:1  | Basil: everything is cheating
 64918 | Snake:1  | trelanon: is having fun cheating
 64918 | Snake:1  | realizingwhyifist: NOPE
 64918 | Snake:1  | BLOAX: they explode in 0.15
 64918 | Snake:1  | nikheizen: the fact that hes alive right now is cheating
 64918 | Snake:1  | BLOAX: just not visually
 64926 | Snake:1  | trelanon: oh
 64929 | Snake:1  | Sar: yeah
 64946 | Snake:1  | trelanon: I guess
 65093 | Snake:1  | Noticed Frances
 65094 | Snake:1  | trelanon: Hmm
 65121 | Snake:1  | Sar: what is that tile supposed to be
 65148 | Snake:1  | Sar: I am genuinely confused
 65159 | Snake:1  | Basil: did bloax make it
 65159 | Snake:1  | the temptress
 65159 | Snake:1  | floatRand: Hah, neat acquirement placement.
 65159 | Snake:1  | trelanon: shit
 65161 | Snake:1  | Sar: Bloaxxxxxxxx
 65172 | Snake:1  | BLOAX: get better eyes!
 65192 | Snake:1  | trelanon: shiiiiit
 65192 | Snake:1  | Basil: too much something
 65192 | Snake:1  | Sar: well my eyes are pretty shit
 65192 | Snake:1  | Basil: saturation or whatever
 65192 | Snake:1  | Sar: however
 65192 | Snake:1  | trelanon: >acquirement or death
 65192 | Snake:1  | Basil: or maybe it's too dark
 65197 | Snake:1  | Sar: your tile is not ideal either!
 65239 | Snake:1  | BLOAX: it's a very risky tile
 65242 | Snake:1  | nikheizen: please don't screenshot the dumb things i say in webtiles chat
 65327 | Snake:1  | trelanon: it's the usual shitposter
 65347 | Snake:1  | trelanon: the elliptic one
 65362 | Snake:1  | BLOAX: nice name for a shitposter
 65362 | Snake:1  | nikheizen: is he going to make a meme image for me
 65370 | Snake:1  | trelanon: yes, horrible meme images
 65376 | Snake:1  | trelanon: all of them
 65439 | Snake:1  | trelanon: and there's going to be comic sans
 65458 | Snake:1  | trelanon: THE HORROR
 65458 | Snake:1  | Sar: hmmm
 65458 | Snake:1  | trelanon: woo evasion
 65458 | Snake:1  | realizingwhyifist: actual things that are not shit
 65458 | Snake:1  | nikheizen: i find comic sans endearing in a way
 65458 | Snake:1  | realizingwhyifist: call the police
 65791 | Snake:2  | Found Jisuudgh's Antique Weapon Emporium.
 65792 | Snake:2  | trelanon: how much ev do you lose if you take off the +3 dex ring
 65808 | Snake:2  | nikheizen: rPoisinf trivialising poison branches. Mummies are too strong.
 65809 | Snake:2  | trelanon: because you know, RF- and salamanders
 65819 | Snake:2  | Basil: don't spoil the surprise
 65878 | Snake:1  | Sar: why not grab acq
 65888 | Snake:1  | Sar: and ruuun
 65953 | Snake:1  | trelanon: louise has pretty bad spells
 65953 | Snake:1  | Sar: frances
 65953 | Snake:1  | trelanon: whatever
 66033 | Snake:2  | nikheizen: louise casts elven rune
 66058 | Snake:2  | Sar: black mambas are cool
 66058 | Snake:2  | trelanon: double mamba'd
 66058 | Snake:2  | floatRand: Mamba mambo
 66058 | Snake:2  | trelanon: I SWEAR TO GOD IF YOU DIE
 66058 | Snake:2  | nikheizen: can you blink?
 66062 | Snake:2  | nikheizen: okay
 66433 | Snake:1  | trelanon: Good
 66448 | Snake:1  | Sar: "black mambas are trivial with rPois"
 66451 | Snake:2  | Sar: HAHAHAHAHA
 66551 | Snake:2  | trelanon: things nobody said for 500$
 66555 | Snake:2  | Typee: it's not like the acq is gonna help that much
 66567 | Snake:2  | nikheizen: he's quoting me
 66576 | Snake:2  | Sar: I don't really care
 66675 | Snake:2  | Sar: I want to see the results of it!
 66761 | Snake:2  | Reached skill level 16 in Fighting
 66765 | Snake:2  | trelanon: oh god sharpshooters
 66941 | Snake:2  | trelanon: why did they have to make sharpshooters
 67063 | Snake:2  | Sar: sharpshooters are good!
 67113 | Snake:2  | trelanon: smite targeted bolts
 67113 | Snake:2  | Typee: I can't believe how many scrolls of teleportation dropped
 67113 | Snake:2  | Sar: slow movement!
 67180 | Snake:2  | nikheizen: sharpshooters are trivial with rpois
 67376 | Snake:2  | trelanon: my dick is trivial with rpois
 67496 | Snake:2  | nikheizen: your dick is trivial regardless of resistances
 67496 | Snake:2  | realizingwhyifist: oho
 67496 | Snake:2  | realizingwhyifist: also do these fags recall in this version?
 67496 | Snake:2  | trelanon: #shotsfired
 67496 | Snake:2  | Sar: these things are such jerks nowadays
 67503 | Snake:2  | trelanon: I am a humble Mu, I can't handle this burn
 67503 | Snake:2  | realizingwhyifist: effortless
 67565 | Snake:2  | Reached skill level 11 in Dodging
 67797 | Snake:2  | Typee: nuuuh
 67802 | Snake:2  | trelanon: serpentpunch?
 67802 | Snake:2  | nikheizen: rip
 67805 | Snake:2  | trelanon: serpentblink.
 67808 | Snake:2  | trelanon: oooh.
 67810 | Snake:2  | nikheizen: do you clear every floor as part of this?
 67838 | Snake:2  | nikheizen: ie explore every tile
 68173 | Snake:2  | Sar: internet explorering every tile?
 68198 | Snake:2  | Sar: ew
 68225 | Snake:2  | trelanon: nope nope nope
 68363 | Snake:2  | Sar: when's sleepytime
 68403 | Snake:2  | trelanon: SHOCKING SURPRISE
 68404 | Snake:2  | Typee: nice naga shitposter
 68404 | Snake:2  | Sar: uh
 68404 | Snake:2  | trelanon: you're kinda fucked
 68404 | Snake:2  | realizingwhyifist: fuck me I need a prompt for that
 68404 | Snake:2  | Sar: actually if he blinks out of los
 68404 | Snake:2  | Sar: he can just walk away
 68404 | Snake:2  | realizingwhyifist: yeah I mean but should've noticed the fire
 68404 | Snake:2  | realizingwhyifist: oh well
 68404 | Snake:2  | Sar: the question is can he blink out of
 68404 | Snake:2  | Basil: pew
 68404 | Snake:2  | Sar: oh he can
 68404 | Snake:2  | Basil: exclude the sharpshooter
 68405 | Snake:2  | daed4: Sharpshooters are literally fucking hitler.
 68418 | Snake:2  | Sar: stupid slow naga
 68419 | Snake:2  | daed4: Also weren't consumables haram?
 68426 | Snake:2  | Sar: no
 68459 | Snake:2  | nikheizen: it has to be somewhat possible
 68471 | Snake:2  | Typee: what's it gonna be otherwise, run to people and press tab?
 68764 | Snake:2  | trelanon: he's gonna run out of ?blink one day
 68918 | Snake:2  | Basil: pew
 68918 | Snake:2  | Basil: nice
 68918 | Snake:2  | trelanon: goddamn fucking sharpshooters
 68918 | Snake:2  | realizingwhyifist: that's not even a longbow
 68921 | Snake:2  | nikheizen: no
 69224 | Snake:2  | nikheizen: 17 + 9 + flaming
 69230 | Snake:1  | Typee: maybe if you were deflecting arrows in your sleep like that gal earlier that wouldn't happen
 69240 | Snake:2  | trelanon: maybe we should call it a night
 69251 | Snake:2  | trelanon: sleep on it and all that
 69694 | Snake:2  | nikheizen: i need to play more brogue
 69702 | Snake:2  | nikheizen: gotta git gud
 69713 | Snake:2  | realizingwhyifist: I would like to
 69713 | Snake:2  | realizingwhyifist: but now I have begun a branch
 69713 | Snake:2  | realizingwhyifist: and runes must be obtained
 69733 | Snake:2  | trelanon: you're a madman, dicks
 69743 | Snake:2  | trelanon: but I respect that
 69745 | Snake:2  | trelanon: also free badtele
 69745 | Snake:2  | you a fucking gain
 69765 | Snake:2  | realizingwhyifist: not so tough when you're out of ammo faggot
 69980 | Snake:2  | Typee: lamo
 69981 | Snake:2  | trelanon: with enough time you can become a human porcupine until he has no more arrows
 69986 | Snake:2  | nikheizen: anacondas are bad people
 70374 | Snake:2  | trelanon: everything in snake is bad
 70378 | Snake:2  | trelanon: and every single branch
 70404 | Snake:2  | trelanon: the only fair challenge is D 1-15
 70618 | Snake:2  | nikheizen: everything in crawl is bad except death scarabs and orbs of fire
 70618 | Snake:2  | realizingwhyifist: death who
 70656 | Snake:2  | nikheizen: dont worry they arent real
 70797 | Snake:2  | Basil: looks like somebody's playing in the pantywaist version
 70801 | Snake:2  | Basil: where that trick still works
 70827 | Snake:2  | GO AWAY
 70827 | Snake:2  | nikheizen: tele
 70827 | Snake:2  | trelanon: he can't keep tele and blink away
 70827 | Snake:2  | trelanon: it's his first bloody branch
 70828 | Snake:2  | nikheizen: he was never destined to get more than one rune
 70828 | Snake:2  | daed4: New crawl branch. Fierydicklets, it's on lair and replaces vulcano. It has fire orbs, fire scarabs and fire bennus. Someone tell campbell.
 70828 | Snake:2  | trelanon: that is false
 70828 | Snake:2  | trelanon: he is destined to GREATNESS
 70828 | Snake:2  | daed4: He is going to die in deeps 3.
 70840 | Snake:2  | trelanon: I can't be this emotionally invested into something so fickle
 70903 | Snake:2  | nikheizen: daed4: I like the way you think.
 70910 | Snake:2  | trelanon: it's like taking home a kitten with a week to live
 70911 | Snake:2  | trelanon: therefore he must live
 70918 | Snake:2  | Reached skill level 12 in Dodging
 71265 | Snake:2  | realizingwhyifist: nothing but anacondas
 71279 | Snake:2  | trelanon: oh god
 71368 | Snake:2  | trelanon: it's anacondas all the way down
 71578 | Snake:2  | nikheizen: i cant believe this was just Snake 2
 71579 | Snake:2  | NOPE: DO YOU BELIEVE IN ANACONDAS
 71579 | Snake:2  | trelanon: it's actually zot 6
 71579 | Snake:2  | trelanon: electric boogaloo
 71579 | Snake:2  | realizingwhyifist: don't worry it's getting better
 71600 | Snake:2  | OR NOT
 71601 | Snake:2  | trelanon: For them
 71605 | Snake:2  | NOPE: mummy fists made out of steel, bitches don't know bout these bandages
 71607 | Snake:2  | nikheizen: Is Zot 6 all orbs of electricity and orbs of cold?
 71608 | Snake:2  | Typee: no chance he can make it to the rune
 71618 | Snake:2  | daed4: Zot 6 is a special zot.
 71633 | Snake:2  | nikheizen: do you go inside the orb?
 71633 | Snake:2  | trelanon: he did it once, he can do it again
 71655 | Snake:2  | trelanon: maybe he can just casually put on that ring of slaying while no one is looking
 71675 | Snake:2  | daed4: No, you go for the orb. But it was a trick by zot all along, you fall to Z6 it's full of panlords with summon orbs, dragon infernal orbs and a 50% chance of no orb and instead a ntoe saying "Fagget" instead
 72021 | Snake:2  | Typee: i believe tht
 72024 | Snake:2  | realizingwhyifist: fuck slaying
 72049 | Snake:2  | trelanon: but I don't want you to die again
 72060 | Snake:2  | trelanon: well, that's a given
 72156 | Snake:2  | trelanon: ha, I just got a name for this
 72161 | Snake:2  | trelanon: moby dick
 72440 | Snake:2  | trelanon: get it, because killing the white whale was impossible and he had to die trying
 72440 | Snake:2  | trelanon: also his name is dicks
 72440 | Snake:2  | it was just bread ffs
 72444 | Snake:2  | daed4: Trelanon.
 72444 | Snake:2  | daed4: We got it.
 72460 | Snake:2  | trelanon: yes
 72460 | Snake:2  | daed4: It just wasn't good.
 72460 | Snake:2  | trelanon: yes I know
 72472 | Snake:2  | trelanon: My mommy says I'm cool
 72937 | Snake:3  | realizingwhyifist: I think I may have to wear the shield of resistance if nothing changes though
 72981 | Snake:3  | Reached XP level 17. HP: 144/144 MP: 17/17
 73005 | Snake:3  | trelanon: is it really against the rules or do you just think it's distasteful
 73017 | Snake:3  | nikheizen: Zot 7 is nothing but smiters and entropy weavers behind glass and orbs of acid.
 73021 | Snake:3  | realizingwhyifist: entropy wat
 73028 | Snake:3  | trelanon: oh man you don't know
 73028 | Snake:3  | my bad
 73028 | Snake:3  | trelanon: just be happ-
 73035 | Snake:3  | trelanon: WHY DON'T YOU HAVE FIRE ON
 73043 | Snake:3  | nikheizen: -20 ac: the monster
 73054 | Snake:3  | trelanon: BAD DICKS
 73252 | Snake:3  | trelanon: and salamander firecallers
 73259 | Snake:3  | trelanon: oh man those would kill this character so quickly
 73279 | Snake:3  | realizingwhyifist: none of that here
 73280 | Snake:3  | trelanon: MuMo is meant to be played with .15
 73449 | Snake:3  | trelanon: because those abominations don't belong to this challenge
 73471 | Snake:3  | nikheizen: orbs of acid would be nice
 74363 | Snake:4  | trelanon: I'm hallucinating, I thought I saw vashina or whatever the name is
 74367 | Snake:4  | nikheizen: vashnia
 74376 | Snake:4  | trelanon: yeah, that one
 74554 | Snake:3  | trelanon: I'mma bed, if you get the rune or die trying post it in the thread you dick
 74569 | Snake:4  | floatRand: Man, entropy weavers. Don't like the monster too much, but made tile for it anyway.
 74577 | Snake:4  | nikheizen: is it on mantis?
 74577 | Snake:4  | floatRand: Yeah.
 74736 | Snake:4  | Reached skill level 18 in Unarmed Combat
 75097 | Snake:4  | Sar: what did I miss
 75119 | Snake:4  | Sar: also your tile was good
 75324 | Snake:4  | realizingwhyifist: all the horrible things
 75340 | Snake:4  | realizingwhyifist: what
 75340 | Snake:4  | realizingwhyifist: why
 76537 | Snake:4  | Noticed Aizul
 76538 | Snake:4  | realizingwhyifist: what so he's just aizul?
 76538 | Snake:4  | realizingwhyifist: ew
 76538 | Snake:4  | floatRand: I don't think mummies can be sleeped. But the venom bolt's probably going to do damage, plus his cohorts are pretty shit.
 76554 | Snake:4  | Typee: tactics!
 76554 | Snake:4  | floatRand: Aizul's a bad friend.
 76554 | Snake:4  | realizingwhyifist: more worried about the parrows really
 76558 | Snake:4  | floatRand: I can't remember which one was the higher one. The other had higher unresistable damage.
 76558 | Snake:4  | realizingwhyifist: I had no idea all this awful stuff was going on in the thread.
 76558 | Snake:4  | realizingwhyifist: oh his parrow is like 90 tops I think
 76558 | Snake:4  | realizingwhyifist: then again I haven't checked in god knows how long
 76566 | Snake:4  | HP: 2/145 [naga sharpshooter/ bolt (28)]
 76567 | Snake:4  | daed4: From the pan to the fire.
 76567 | Snake:4  | nikheizen: hey i showed up just in time
 76567 | Snake:4  | realizingwhyifist: don't you play with my heart like that game
 76570 | Snake:4  | Typee: cardiac arrest
 76570 | Snake:4  | daed4: You should be able to quite him
 76570 | Snake:4  | daed4: he's slower than you.
 76570 | Snake:4  | realizingwhyifist: technically I should be ablt to walk
 76570 | Snake:4  | daed4: Again I'm a bad augury bird.
 76570 | Snake:4  | daed4: So he'll get extra energy and shoot you off.
 76570 | Snake:4  | floatRand: I don't think should is sure enough.
 76582 | Snake:4  | realizingwhyifist: It was a technically should!
 77008 | Snake:4  | Sar: so I reinstalled EYE
 77009 | Snake:4  | Sar: but it seems like all my savegames are dead
 77009 | Snake:4  | Sar: fuck this shit seriously
 77009 | Snake:4  | realizingwhyifist: you should play coop with me!
 77009 | Snake:4  | realizingwhyifist: it's hilarious!
 77037 | Snake:4  | daed4: oh hey
 77048 | Snake:4  | daed4: I have it and never played, I'm in.
 77067 | Snake:4  | Sar: how do you even play coop in that game
 77082 | Snake:4  | realizingwhyifist: you go into the same mission and shoot at the things that are not players
 77129 | Snake:4  | Sar: or you stick medkits in players
 77336 | Snake:4  | Sar: or you stick uncharged medkits in players and kill them
 77336 | Snake:4  | realizingwhyifist: I think that doesn't happen when doing it to someone elae
 77336 | Snake:4  | realizingwhyifist: *s
 77339 | Snake:4  | Sar: or you buy Spiculum Ovum and blow the party up
 77365 | Snake:4  | Sar: awwww
 77372 | Snake:4  | realizingwhyifist: basically what you do is both of you get croons
 77372 | Snake:4  | realizingwhyifist: and oh boy
 77400 | Snake:4  | floatRand: Just walk it off this time. You should have used bread anyway.
 77587 | Snake:4  | floatRand: Anyway, I am out. Good luck with the run.
 77587 | Snake:4  | Sar: croons are good
 77606 | Snake:4  | realizingwhyifist: thanks!
 77606 | Snake:4  | realizingwhyifist: just imagine double croons!
 78053 | Snake:4  | Sar: oh so Aizul's not dead huh
 78068 | Snake:4  | Sar: that is um
 78068 | Snake:4  | Sar: not very good?
 78068 | Snake:4  | realizingwhyifist: well someone will soon be
 78068 | Snake:4  | Sar: at least we will know the mystery of the buckler
 78068 | Snake:4  | realizingwhyifist: what's the size of scroll silence?
 78068 | Snake:4  | Sar: which is most twisted
 78068 | Snake:4  | Sar: no idea but uh
 78068 | Snake:4  | Sar: won't hurt to try?
 78068 | Snake:4  | realizingwhyifist: ideally he'll be dumb and walk into it
 78068 | Snake:4  | realizingwhyifist: I'm feeling lucky.
 78068 | Snake:4  | HP: 8/146 [Aizul/poison arrow (10)]
 78069 | Snake:4  | outplayed
 78069 | Snake:4  | Sar: inb4 it expires while you go up
 78071 | Snake:3  | Sar: well shrinks
 78475 | Snake:3  | Sar: you know I find myself playing less badly when I am not tired
 78475 | Snake:3  | Sar: maybe you should try that?
 78475 | Snake:3  | realizingwhyifist: that is some crazy talk right there
 78475 | Snake:3  | Sar: I mean there's a vault down there full of nagas
 78475 | Snake:3  | realizingwhyifist: I really wanted to get the rune out of the way
 78475 | Snake:3  | Sar: and you need to kite every single one out of there
 78475 | Snake:3  | realizingwhyifist: but yes the vault is eugh
 78475 | Snake:3  | Sar: and 1v1fgt it
 78475 | Snake:3  | Sar: that is quite a laborous task
 78475 | Snake:3  | realizingwhyifist: honorable combat
 78475 | Snake:3  | Sar: ahead of us
 78475 | Snake:3  | Sar: so yeah
 78475 | Snake:3  | realizingwhyifist: fffffucking fine
 78475 | Snake:3  | realizingwhyifist: let us awctually sleep
 78475 | Snake:3  | Sar: good night!
 78475 | Snake:3  | NOPE: FAREWELL
 78475 | Snake:3  | NOPE: SWEET DREAMS
 78475 | Snake:3  | nikheizen: night
 78475 | Snake:3  | Sar: looking forward to continued adventures
 78475 | Snake:3  | Sar: see ya!
 78475 | Snake:3  | realizingwhyifist: NIGHT GUYS
 78512 | Snake:4  | Killed Aizul
 78785 | Snake:3  | Reached skill level 17 in Fighting
 79192 | Orc:4    | Bought the +2 shield of Resistance {rF+ rC+ MR+} for 698 gold pieces
 79611 | Snake:3  | Reached skill level 1 in Shields
 79828 | Snake:4  | Reached skill level 2 in Shields
 80496 | Snake:5  | Entered Level 5 of the Snake Pit
 81012 | Snake:5  | Reached skill level 3 in Shields
 81693 | Snake:5  | Reached skill level 4 in Shields
 82511 | Snake:5  | Reached skill level 5 in Shields
 84219 | Snake:5  | Reached skill level 6 in Shields
 85308 | Snake:5  | Reached skill level 7 in Shields
 86603 | Snake:5  | Reached XP level 18. HP: 128/154 MP: 18/18
 86735 | Snake:5  | Reached skill level 8 in Shields
 87759 | Snake:5  | Reached skill level 9 in Shields
 89453 | Snake:5  | Got a serpentine rune of Zot
 89454 | Snake:5  | I'VE EVEN FORGOTTEN MY NAAAAME
 89577 | Snake:2  | Sar: awww
 89577 | Snake:2  | Sar: I missed fun things happening
 89577 | Snake:2  | Sar: also hm
 89577 | Snake:2  | realizingwhyifist: it was horrible!
 89577 | Snake:2  | Sar: is that a shield???
 89577 | Snake:2  | realizingwhyifist: they're allowed!
 89577 | Snake:2  | Sar: well other people's stuffering is amusing!
 89577 | Snake:2  | Sar: how convenient!
 89577 | Snake:2  | realizingwhyifist: stuffering!
 89577 | Snake:2  | realizingwhyifist: but yeah it's sort of like stealth
 89577 | Snake:2  | realizingwhyifist: we wanted to ban them as the filth they are but you have to keep things playable
 89577 | Snake:2  | realizingwhyifist: necessary evils
 89577 | Snake:2  | trelanon: So, shields are not haram?
 89577 | Snake:2  | realizingwhyifist: nope!
 89577 | Snake:2  | Sar: only this one
 89577 | Snake:2  | Sar: IMO
 89577 | Snake:2  | realizingwhyifist: well yeah sort of like the bullshit we pulled off with amulets
 89577 | Snake:2  | Sar: it's crystalline nature allows for swift punching
 89577 | Snake:2  | Sar: wasn't 4winds allowed?
 89577 | Snake:2  | realizingwhyifist: yep!
 89577 | Snake:2  | Sar: hm, your stats are probably actually good with this thing
 89577 | Snake:2  | Sar: well, decent
 89577 | Snake:2  | realizingwhyifist: to be fair if you just cut people off the shield slot it's kind of too reliant on what rings show up
 89577 | Snake:2  | realizingwhyifist: yeah it helps a bunch
 89603 | Snake:2  | Sar: now it's time to get too cocky
 89609 | Snake:2  | Sar: and die horribly!
 89934 | Snake:2  | realizingwhyifist: just like last time!
 89954 | Snake:2  | Reached skill level 10 in Shields
 90553 | Snake:2  | trelanon: but you've got the shield now
 90596 | Snake:2  | trelanon: it's a game-changer
 90616 | Snake:2  | realizingwhyifist: literally 2ez
 90944 | Snake:2  | trelanon: you're gonna need to use a lot of xp to get to 15
 91320 | Snake:1  | Sar: acquirement!
 91320 | Snake:1  | realizingwhyifist: well I'm pretty much like a worse berseker in terms of skilling anyway
 91320 | Snake:1  | realizingwhyifist: I know!
 91380 | Snake:1  | trelanon: if only apportation was allowed.
 91403 | Snake:1  | Sar: oh now I kind of see what the tile is
 91405 | Snake:1  | Sar: I think
 91410 | Snake:1  | Killed Frances
 91411 | Snake:1  | realizingwhyifist: uh
 91411 | Snake:1  | trelanon: shit, that was easier than I thought
 91411 | Snake:1  | realizingwhyifist: I guess
 91427 | Snake:1  | realizingwhyifist: time for gold!
 91431 | Snake:1  | Got a vibrating steel amulet
 91481 | Lair:3   | Sar: err
 91481 | Lair:3   | realizingwhyifist: nope
 91490 | Lair:3   | trelanon: but-
 91490 | Lair:3   | Sar: wasn't "no amulets" rule because of "regen
 91490 | Lair:3   | realizingwhyifist: didn't need anything anyway!
 91490 | Lair:3   | Sar: which is not in the game anyway
 91490 | Lair:3   | realizingwhyifist: no not really
 91490 | Lair:3   | Sar: hm
 91490 | Lair:3   | realizingwhyifist: all amulets are awful and we don't need no clarity
 91526 | Lair:3   | trelanon: Overly suicidal
 91526 | Lair:3   | trelanon: but let's keep going and see how it goes
 91589 | Shoals:1 | Entered Level 1 of the Shoals
 91635 | Shoals:1 | Noticed Nessos
 91636 | Shoals:1 | HA HA HA HA
 91667 | Shoals:1 | Sar: whoa nessos has a bitchin' hat
 91667 | Shoals:1 | Sar: or is it a slice of pizza on his head
 91685 | Shoals:1 | Killed Nessos
 91686 | Shoals:1 | realizingwhyifist: it even has a plume!
 91926 | Shoals:1 | trelanon: One thing I don't understand is why do we have a dedicated shitposter in /rlg/
 92016 | Shoals:1 | Noticed Roxanne
 92046 | Shoals:1 | Sar: I love enctounering Roxy at Kiku dudes
 92082 | Shoals:1 | Sar: aaaaaaa
 92084 | Shoals:1 | Sar: zX
 92090 | Shoals:1 | Sar: ta
 92110 | Shoals:1 | Sar: You feel more experienced.
 92127 | Shoals:1 | Sar: hmmmmmmm
 92138 | Shoals:1 | trelanon: what if
 92139 | Shoals:1 | Sar: a crude shield
 92148 | Shoals:1 | Sar: for a crude man
 92168 | Shoals:1 | Sar: an unrefined slab of metal
 92168 | Shoals:1 | trelanon: for manly men
 92168 | Shoals:1 | realizingwhyifist: rough
 92169 | Shoals:1 | Got a crude shield
 92181 | Shoals:1 | Identified the +2 shield of the Farrier {+Blink rC+} (You found it on level 1 of the Shoals)
 92181 | Shoals:1 | realizingwhyifist: pffff
 92181 | Shoals:1 | trelanon: eh
 92181 | Shoals:1 | Sar: ID buckler!!!
 92181 | Shoals:1 | realizingwhyifist: evocations
 92191 | Shoals:1 | trelanon: oh right the buckler
 92191 | Shoals:1 | realizingwhyifist: never!
 92191 | Shoals:1 | realizingwhyifist: on ascent!
 92191 | Shoals:1 | Sar: fffff
 92192 | Shoals:1 | Sar: okay
 92348 | Shoals:1 | Reached skill level 11 in Shields
 92655 | Shoals:2 | Noticed Rupert
 92656 | Shoals:2 | Sar: hi
 92656 | Shoals:2 | Sar: You convulse!
 92656 | Shoals:2 | realizingwhyifist: literal first thought
 92656 | Shoals:2 | trelanon: god that'd be hilariously bad
 92669 | Shoals:2 | trelanon: it could be flame distort, holy wrath, elec
 92686 | Shoals:2 | Sar: flame distort
 92688 | Shoals:2 | Killed Rupert
 92689 | Shoals:2 | realizingwhyifist: pfff
 92691 | Shoals:2 | daed4: Purifying FIRE
 92691 | Shoals:2 | realizingwhyifist: mystery mace
 92694 | Shoals:2 | daed4: There you go. Fire+Holy
 92826 | Shoals:2 | Noticed Wiglaf
 92954 | Shoals:2 | trelanon: huh, how did you level up shields so fast
 92955 | Shoals:2 | realizingwhyifist: dump snakes in there
 92955 | Shoals:2 | realizingwhyifist: magical levels
 92965 | Shoals:2 | trelanon: gotcha
 93141 | Shoals:2 | trelanon: mummy2op
 93211 | Shoals:2 | realizingwhyifist: huh
 93211 | Shoals:2 | realizingwhyifist: water cockblock
 93238 | Shoals:2 | trelanon: wait a second, you can't even evoke rings of flight?
 93316 | Shoals:2 | Killed Wiglaf
 93319 | Shoals:2 | realizingwhyifist: quaffers
 93319 | Shoals:2 | realizingwhyifist: of course not
 93319 | Shoals:2 | realizingwhyifist: the only way to fly is with boots
 93443 | Shoals:3 | Sar: silly
 93452 | Shoals:3 | realizingwhyifist: I know!
 93466 | Shoals:3 | Sar: aren't scrolls of noise useful in shoals
 93482 | Shoals:3 | trelanon: or you could just wait for water to become shallow
 93494 | Shoals:3 | Sar: I never tried but in a pinch
 93524 | Shoals:3 | realizingwhyifist: I should have enough MR to deal with sirens or whatever they're called now
 93524 | Shoals:3 | trelanon: .15 still calls them sirens. I think.
 93524 | Shoals:3 | realizingwhyifist: tbh the shield is mostly because swapping was driving me fucking insane
 93555 | Shoals:3 | daed4: IT'S XYRENS U FUCKING CISCUM!!!1
 93568 | Shoals:3 | realizingwhyifist: eugh
 93568 | Shoals:3 | realizingwhyifist: a merMAID
 93685 | Shoals:3 | Sar: merperson
 93715 | Shoals:3 | daed4: Mirxervant.
 93723 | Shoals:3 | Sar: all kinds of scumming must be aboluished
 93731 | Shoals:3 | Sar: including cisscumming
 93742 | Shoals:3 | trelanon: heh.
 94017 | Shoals:3 | Sar: enough MR you say
 94017 | Shoals:3 | realizingwhyifist: those things hurt a lot
 94017 | Shoals:3 | realizingwhyifist: what's the name of the biggest sling?
 94136 | Shoals:3 | trelanon: greatsling
 94185 | Shoals:3 | realizingwhyifist: huh
 94185 | Shoals:3 | realizingwhyifist: so those were normal ones
 94185 | Shoals:3 | realizingwhyifist: dang
 94199 | Shoals:3 | realizingwhyifist: wait greatsling
 94199 | Shoals:3 | realizingwhyifist: that's a horrible name
 94220 | Shoals:3 | trelanon: Eh.
 94278 | Shoals:3 | daed4: Better than "Stick with a sling at the end" or "We wanted more slings, we're not that smart okay?"
 94289 | Shoals:3 | trelanon: heh
 94295 | Shoals:4 | Sar: I have that problem
 94303 | Shoals:4 | Sar: when I play console
 94310 | Shoals:4 | Sar: and find two pieces of armour with identical enchantment
 94310 | Shoals:4 | HA HA NO
 94335 | Shoals:3 | Sar: I have to load tiles and compare how they look
 94335 | Shoals:3 | realizingwhyifist: should just play tiles all the time silly
 94342 | Shoals:4 | Sar: to pick the best one
 94342 | Shoals:4 | Sar: console is better though!
 94606 | Shoals:4 | Noticed Jorgrun
 94618 | Shoals:3 | trelanon: have enough MR for petrify?
 94678 | Shoals:3 | realizingwhyifist: ka-crash
 95379 | Shoals:5 | Entered Level 5 of the Shoals
 95428 | Shoals:5 | trelanon: phew.
 95624 | Shoals:5 | realizingwhyifist: safe
 95635 | Shoals:5 | trelanon: could have gotten ugly
 95704 | Shoals:5 | realizingwhyifist: it still will don't worry
 95717 | Shoals:5 | Sar: zzzap
 95735 | Shoals:5 | Sar: uh
 95735 | Shoals:5 | Sar: tele on A5
 95735 | Shoals:5 | Sar: it's a bit
 95735 | Shoals:4 | Sar: sketchy
 95735 | Shoals:5 | trelanon: naaah, he's getting up
 95736 | Shoals:5 | trelanon: right
 95784 | Shoals:5 | Sar: nope but
 95785 | Shoals:5 | trelanon: you lucky motherfucker
 95785 | Shoals:5 | Sar: it worked I guess
 95789 | Shoals:5 | daed4: Could Ellpitic do the mumo?
 95797 | Shoals:5 | trelanon: please don't
 96087 | Shoals:5 | daed4: (just wondering if he said anything about it, that's it)
 96087 | Shoals:5 | trelanon: Oh. no idea.
 96087 | Shoals:5 | realizingwhyifist: it's a bit of a stupid thing so I don't think he'd care much for it
 96087 | Shoals:5 | trelanon: to be fair few people have tried this challenge, only the regulars and some other poor sods that died on D3
 96087 | Shoals:5 | realizingwhyifist: also the idea was to walk up to 4 pre tele
 96107 | Shoals:5 | trelanon: oh for the love of
 96134 | Shoals:5 | Sar: nope
 96162 | Shoals:4 | Sar: whee
 96162 | Shoals:4 | Sar: maybe vaults?
 96162 | Shoals:4 | Sar: ugh
 96162 | Shoals:5 | trelanon: it's safe to tele there immediately though
 96162 | Shoals:5 | trelanon: maybe they moved away too
 96165 | Shoals:4 | trelanon: why would anything nice ever happen
 96165 | Shoals:4 | realizingwhyifist: some silly talk that is alright
 96165 | Shoals:4 | realizingwhyifist: but yeah I completely forgot about vaults
 96165 | Shoals:4 | realizingwhyifist: that sounds less awful
 96168 | Shoals:4 | Noticed Louise
 96176 | Shoals:4 | trelanon: OH COME ON
 96179 | Shoals:4 | CHRIST
 96272 | Shoals:4 | trelanon: "I'm not here"
 96411 | Shoals:4 | Sar: mmm hat
 96422 | Shoals:4 | trelanon: I'm scared
 96426 | Shoals:4 | THANKS
 96426 | Shoals:4 | trelanon: oh good lord
 96715 | Shoals:3 | realizingwhyifist: alright
 96715 | Shoals:3 | realizingwhyifist: that only cost me all of my tele
 96715 | Shoals:3 | realizingwhyifist: it'll be fine
 96826 | Lair:5   | Killed a seven-headed hydra
 96958 | Lair:5   | trelanon: no more scrolls to buy?
 96978 | Lair:5   | Killed a seven-headed hydra
 97449 | Vaults:1 | Entered Level 1 of the Vaults
 97450 | Vaults:1 | HISS
 97458 | Vaults:1 | realizingwhyifist: unlikely
 97458 | Vaults:1 | trelanon: invisible dust
 97478 | Vaults:1 | FUCK OFFFF
 97697 | Vaults:1 | trelanon: you may leave shoals but shoals never leaves you
 97791 | Vaults:1 | Reached XP level 19. HP: 161/161 MP: 18/18
 97816 | Vaults:1 | Sar: гр
 97816 | Vaults:1 | Sar: uh
 97816 | Vaults:1 | Sar: I tab back and you are dying
 97816 | Vaults:1 | namelastname112: MuMo challenge?
 97816 | Vaults:1 | Sar: again
 97816 | Vaults:1 | realizingwhyifist: mistakes were made
 98205 | Vaults:1 | realizingwhyifist: alright
 98205 | Vaults:1 | realizingwhyifist: fuck it
 98205 | Vaults:1 | realizingwhyifist: who needs crutches anyway
 98228 | Vaults:1 | NOPE: aint nobody
 99809 | Vaults:1 | Noticed Donald
 99830 | Vaults:1 | daed4: What runes you need to get as MuMo? Lairx2-Vaults-Tomb- and what two more?
 99832 | Vaults:1 | realizingwhyifist: abyss and jello
 99842 | Vaults:1 | Killed Donald
100079 | Vaults:1 | Reached skill level 19 in Unarmed Combat
100082 | Vaults:1 | Sar: wasn't rcorr allowed for jello rune
100156 | Vaults:1 | realizingwhyifist: that sounds reasonable
100156 | Vaults:1 | realizingwhyifist: of course it wasn't!
100161 | Vaults:1 | Sar: I know it does
100166 | Vaults:1 | Sar: ahaha
100172 | Vaults:1 | Sar: I wanted to make that joke
101209 | Vaults:1 | Sar: The ironbrand convoker finishes chanting the word of recall. Mennas comes into view.
101326 | Vaults:1 | YES
101390 | Vaults:1 | realizingwhyifist: yes yes
101390 | Vaults:1 | realizingwhyifist: I am aware
101627 | Vaults:2 | Noticed Boris
101627 | Vaults:2 | Sar: what oh
101628 | Vaults:2 | Sar: I just wanted to ask what do you train
101733 | Vaults:2 | realizingwhyifist: should get some extra stealth
101733 | Vaults:2 | realizingwhyifist: but I feel like the fists need to be bigger
101733 | Vaults:2 | Sar: you train a good thing
101733 | Vaults:2 | Sar: stealth seems very good
101733 | Vaults:2 | realizingwhyifist: word
101754 | Vaults:2 | Found Ucriaror's Distillery.
102530 | Vaults:2 | Noticed Frederick
102857 | Vaults:2 | daed4: Wonder why he carries enchant weapon
103191 | Vaults:2 | Sar: гр
103198 | Vaults:2 | Sar: uh
103207 | Vaults:2 | Sar: is that a mighty warden
103463 | Vaults:2 | realizingwhyifist: don't worry sar
103463 | Vaults:2 | realizingwhyifist: it'll be k
103716 | Vaults:3 | Sar: why the fuck are people posting about killing floor in rlg
103727 | Vaults:3 | Sar: and DLCs
103738 | Vaults:3 | Sar: fucking NetHack autist
103739 | Vaults:3 | trelanon: who is?
103748 | Vaults:3 | Sar: Anonymous
103750 | Vaults:3 | trelanon: oh, right.
103765 | Vaults:3 | Sar: that fucking cunt
103828 | Vaults:3 | trelanon: the nethack autist ascended in the end?
103986 | Vaults:3 | realizingwhyifist: they are posting killing floor?
103986 | Vaults:3 | realizingwhyifist: what
103986 | Vaults:3 | realizingwhyifist: holy shit they are
104119 | Vaults:3 | Noticed Margery
104119 | Vaults:3 | Sar: hi
104119 | Vaults:3 | trelanon: Hmm
104119 | Vaults:3 | realizingwhyifist: maybe at some other point
104127 | Vaults:3 | namelastname112: nice
104133 | Vaults:3 | trelanon: stealth is great
104137 | Vaults:3 | Sar: stealth is sort of useful for this "build"
104171 | Vaults:2 | trelanon: oh hey boris
104234 | Vaults:2 | trelanon: oh god boris
104234 | Vaults:2 | realizingwhyifist: l2aim fgt
104272 | Vaults:2 | realizingwhyifist: ouch
104487 | Vaults:3 | trelanon: >a sentinel's mark falls upon you
104526 | Vaults:3 | Reached skill level 6 in Stealth
104567 | Vaults:3 | hi
104587 | Vaults:3 | DevastatorOne: Wow
104591 | Vaults:3 | daed4: >marks
104593 | Vaults:3 | daed4: Literal haram.
104594 | Vaults:3 | DevastatorOne: No god? Why?
104599 | Vaults:2 | daed4: Marks are evil.
104755 | Vaults:2 | daed4: Gods are clutches.
104755 | Vaults:2 | trelanon: MuMo
104755 | Vaults:2 | trelanon: onyl MuMo
104766 | Vaults:2 | Sar: No gods, no men. Only kings!
104766 | Vaults:2 | daed4: NO EVOCATIONS. NO GODS. NO MAGIC. ONLY FIST.
104766 | Vaults:2 | DevastatorOne: HELL YEAH!
104766 | Vaults:2 | trelanon: maybe it's time to put on that ring of fire, eh
104766 | Vaults:2 | realizingwhyifist: already is on
104766 | Vaults:2 | trelanon: oh
104766 | Vaults:2 | trelanon: I will sit quietly in the corner then
104766 | Vaults:2 | realizingwhyifist: hm still an awkward as shit floor
104947 | Vaults:3 | Noticed Nikola
104947 | Vaults:3 | trelanon: heh
104947 | Vaults:3 | realizingwhyifist: just in case
104953 | Vaults:3 | daed4: Oh well, time to go. If he dies i'll buy him a beer and a pintxo.
104953 | Vaults:3 | realizingwhyifist: how nice
104960 | Vaults:3 | Sar: nikola sightings
104985 | Vaults:3 | trelanon: maybe abyss could be nicer
104985 | Vaults:3 | realizingwhyifist: unlikely
104985 | Vaults:3 | realizingwhyifist: but we'll see
105034 | Vaults:2 | trelanon: no uniques tehre at least
105044 | Vaults:3 | trelanon: plus you can cure all your mutrot with 1 mp
105143 | Vaults:3 | Sar: starcursed masses
105259 | Vaults:2 | Sar: you should kite the pet reaver with you
105313 | Vaults:2 | Sar: and poison margery with its help
105313 | Vaults:2 | realizingwhyifist: but I have the feeling
105313 | Vaults:2 | realizingwhyifist: it does not mean me well
105814 | Vaults:3 | Reached skill level 7 in Stealth
106014 | D:15     | Sar: time to slaughter the boxes
106018 | D:15     | trelanon: you are now ripped
106135 | D:15     | realizingwhyifist: rip the loot also
106135 | D:15     | realizingwhyifist: but who really cares about such things
106421 | D:15     | Got an iridescent quarterstaff
106479 | D:15     | Reached skill level 8 in Stealth
106545 | D:15     | HP: 16/161 [green draconian (glowing shapeshifter) (illusionary) (3)]
106546 | D:15     | Sar: shadowtaur
106546 | D:15     | Sar: wait what
106546 | D:15     | Sar: why are we dying again
106546 | D:15     | trelanon: Oh yes.
106546 | D:15     | trelanon: the rakashas suck
106546 | D:15     | Sar: blink
106546 | D:15     | trelanon: blink to the stair
106587 | D:15     | Sar: stealth is good
106691 | D:15     | trelanon: or that, that's good too
106969 | D:15     | Sar: "have I seen a mummy? what mummy?"
106988 | D:15     | Sar: "what is a mummy anyway?"
106998 | D:15     | Sar: "I forgot"
107133 | D:15     | Reached XP level 20. HP: 126/168 MP: 19/19
107138 | D:15     | Got a crude quarterstaff
107138 | D:15     | Got a fine tin ring
107256 | D:15     | trelanon: How about doing elf without doing elf 3
107286 | D:15     | Sar: wait you mean the loot was all slurped?
107381 | D:15     | trelanon: hungry hungry jellies
107406 | D:15     | Reached skill level 9 in Stealth
107725 | D:15     | trelanon: ooh, shiny cloak
107739 | D:15     | Sar: FINE TIN RINK
107744 | D:15     | Sar: oh fuck
107744 | D:15     | trelanon: RC++, he can take it
107744 | D:15     | Sar: hahaha
107744 | D:15     | trelanon: w-what
107744 | D:15     | realizingwhyifist: hello hi
107744 | D:15     | Sar: azure jellos are made of death and murder
107744 | D:15     | trelanon: and what are death jellies made of
107744 | D:15     | Sar: rC++ is enough with not-shit AC
107744 | D:15     | Sar: death jellos are more tame in my experience
107744 | D:15     | trelanon: besides it's just a shapeshifter
107744 | D:15     | realizingwhyifist: ideally he'll morph mid battle and heal up
107744 | D:15     | trelanon: it'll turn into a manticore
107750 | D:15     | Sar: or a storm dragon
107751 | D:15     | Sar: zzzap
107769 | D:15     | trelanon: son of a cunt
107775 | D:15     | Sar: pfffffffff
107775 | D:15     | realizingwhyifist: so ridiculous
108024 | D:15     | trelanon: why the hell do they heal up after trasforming
108027 | D:15     | trelanon: it's retarded
108029 | D:15     | Sar: it's cool
108051 | D:15     | trelanon: but look at what just happened
108107 | D:15     | Sar: mmmanual
108110 | D:15     | trelanon: wait, manuals are allowed?
108110 | D:15     | trelanon: >manual of unarmed combat
108110 | D:15     | realizingwhyifist: well
108110 | D:15     | Sar: stealth manual
108110 | D:15     | trelanon: just say yes
108110 | D:15     | realizingwhyifist: I guess
108113 | D:15     | Sar: heh
108113 | D:15     | trelanon: slings
108113 | D:15     | realizingwhyifist: oh
108113 | D:15     | Sar: ID ring pls
108114 | D:15     | Identified the ring "Laoj" {EV+2 Str+4 Dex+1 Int+4} (You took it off a kobold demonologist on level 15 of the Dungeon)
108115 | D:15     | realizingwhyifist: nice
108115 | D:15     | Sar: hm
108115 | D:15     | trelanon: wooah.
108115 | D:15     | realizingwhyifist: actually good things
108115 | D:15     | trelanon: yes
108115 | D:15     | Sar: would be better if you worn armour
108115 | D:15     | Sar: or cast spells
108115 | D:15     | trelanon: but look, +1 dex
108115 | D:15     | realizingwhyifist: str also helps a lot with shields and damage!
108115 | D:15     | trelanon: and +2 ev
108115 | D:15     | realizingwhyifist: should be like 3 EV
108117 | D:15     | realizingwhyifist: or not
108122 | D:15     | trelanon: boo
108273 | Vaults:2 | trelanon: you could go abck and kill that ghost
108292 | Vaults:2 | trelanon: waaaaaaay back
108292 | Vaults:2 | realizingwhyifist: but he did nothing wrong!
108292 | Vaults:2 | trelanon: he is a ghost
108292 | Vaults:2 | realizingwhyifist: didn't even try to hit me!
108292 | Vaults:2 | trelanon: he lives in pain
108302 | Vaults:3 | trelanon: you're just doing him a favor
108616 | Vaults:3 | realizingwhyifist: god swapping
108616 | Vaults:3 | realizingwhyifist: eugh
108656 | Vaults:3 | trelanon: as in lacertilian god swapping or "god, swapping rings sucks"
108795 | Vaults:3 | realizingwhyifist: rinks
108795 | Vaults:3 | trelanon: I'm gonna assume it's the second one
108874 | Vaults:3 | Sar: the next stop is Crypt?
108891 | Vaults:3 | Sar: are revenants in 0.15?
108967 | Vaults:3 | Reached skill level 12 in Shields
109122 | Vaults:3 | trelanon: yes
109147 | Vaults:3 | trelanon: since .13 it seems
109155 | Vaults:3 | Sar: troublesome
109335 | Vaults:3 | trelanon: don't you mean "problematic"
109403 | Vaults:3 | Sar: most problematic
109403 | Vaults:3 | Sar: especially since in this version their silent casting priviledge is uncheked
109706 | Vaults:3 | trelanon: man, gotta love stealth holy shit
109722 | Vaults:3 | Sar: NO
109732 | Vaults:3 | trelanon: oh god
110031 | Vaults:3 | trelanon: probably the worst place to be when he hits is between two metal walls
110104 | Vaults:3 | realizingwhyifist: where did boris go anyway
110553 | Vaults:4 | realizingwhyifist: "where did he go"
110553 | Vaults:4 | realizingwhyifist: "oh no he vanished"
110592 | Vaults:4 | trelanon: "Does anyone wanna follow him"
110604 | Vaults:4 | trelanon: "Me neither"
110909 | Vaults:4 | Found Cihet's Food Shoppe.
111096 | Vaults:4 | trelanon: yeah I get you, it's annoying
111190 | Vaults:4 | trelanon: how nice, it's the welcoming party to the abyss
111190 | Vaults:4 | Sar: uh
111190 | Vaults:4 | Sar: You convulse!
111190 | Vaults:4 | realizingwhyifist: boy what a nice afternoon to get dispelled
111193 | Vaults:4 | trelanon: oh hey, even worse
111231 | Vaults:4 | trelanon: haha oh god
111240 | Vaults:4 | Found Ghiasuda's Jewellery Emporium.
111242 | Vaults:4 | Sar: shoooop
111242 | Vaults:4 | trelanon: >signal horn
111245 | Vaults:4 | Sar: I bet it has robustness/shaolin
111248 | Vaults:4 | Sar: upgrades
111248 | Vaults:4 | trelanon: +4 evasion is nice and +3 prot is good
111248 | Vaults:4 | realizingwhyifist: shame I can't quite spare the turn at the time being
111248 | Vaults:4 | Sar: OH WELL
111248 | Vaults:4 | trelanon: I guess it's true, whatever doesn't kill you gets you jewelry
111248 | Vaults:4 | Sar: does shopping really yake a turn?
111248 | Vaults:4 | realizingwhyifist: yep
111248 | Vaults:4 | realizingwhyifist: browsing does not however
111248 | Vaults:4 | Sar: not looking at stuff but buying?
111248 | Vaults:4 | trelanon: @ are master negotiatiors
111248 | Vaults:4 | Sar: interesting
111288 | Vaults:4 | trelanon: IT'S OPEN
111301 | Vaults:3 | Sar: heh
111301 | Vaults:3 | Sar: also I gotta go
111316 | Vaults:3 | Sar: I REALLY hope you won't splat without my guidance
111440 | Vaults:3 | Sar: good luck!
111461 | Vaults:3 | realizingwhyifist: right that does remind me I have stuff to take care of
111461 | Vaults:3 | realizingwhyifist: can't marathon today
111461 | Vaults:3 | realizingwhyifist: sorry folks
111461 | Vaults:3 | realizingwhyifist: see ya later
111995 | Vaults:3 | Reached skill level 13 in Shields
113372 | Vaults:2 | Killed Frederick
114128 | Vaults:2 | Found a staircase to the Crypt.
114128 | Vaults:2 | Found an ancient bone altar of Kikubaaqudgha.
114129 | Vaults:2 | Found a basalt altar of Yredelemnul.
114302 | Vaults:2 | Sar: yaktaur and a bunch of sheep
114302 | Vaults:2 | Sar: hm
114374 | Vaults:2 | trelanon: do you need 3 or four pips of MR to be safe from vault guardians?
114374 | Vaults:2 | realizingwhyifist: it's not what it looks like!
114374 | Vaults:2 | realizingwhyifist: unless they changed it you need 4
114374 | Vaults:2 | trelanon: shit
114374 | Vaults:2 | Sar: 3 is mostly okay
114374 | Vaults:2 | Sar: mostly
114374 | Vaults:2 | trelanon: well at least you're safe for elf
114374 | Vaults:2 | trelanon: kinda
114374 | Vaults:2 | realizingwhyifist: nah my mr is alright
114374 | Vaults:2 | realizingwhyifist: no issues there
114386 | Vaults:3 | Sar: mummies have gud MR
114394 | Vaults:2 | trelanon: RF+ RC+ MR+++, but no Relec
114434 | Vaults:2 | Sar: great MR, actually
114474 | Crypt:1  | Entered Level 1 of the Crypt
114475 | Crypt:1  | eugh
114479 | Crypt:1  | Sar: homecoming
114616 | Crypt:1  | trelanon: I'm still impressed anyone could get this far
114617 | Crypt:1  | Noticed Mara
114643 | Crypt:1  | Reached skill level 18 in Fighting
114824 | Crypt:1  | realizingwhyifist: god that spectre is the best
114824 | Crypt:1  | realizingwhyifist: keeping mara asleep
115440 | Crypt:2  | Sar: how far are you planning to go today?
115543 | Crypt:2  | realizingwhyifist: oh
115543 | Crypt:2  | realizingwhyifist: get shoals do depths and elv and maybe get some other rune
115543 | Crypt:2  | realizingwhyifist: depends
115543 | Crypt:2  | Sar: hm
115543 | Crypt:2  | trelanon: ambitious
115543 | Crypt:2  | realizingwhyifist: not planning to hurry though
115543 | Crypt:2  | Sar: I'll check in a bit later, good luck!
116314 | Crypt:2  | Reached XP level 21. HP: 179/179 MP: 20/20
116838 | Crypt:2  | Reached skill level 19 in Fighting
117030 | Crypt:2  | trelanon: Heh.
117045 | Crypt:2  | scummy behavior
117131 | Crypt:2  | trelanon: now bring it with you to elf and you're set
117187 | Crypt:2  | realizingwhyifist: I wish
117230 | Crypt:2  | oh boy!
117268 | Crypt:2  | trelanon: oh yeah, undead.
117277 | Crypt:2  | trelanon: can't into stairs
117280 | Crypt:3  | Entered Level 3 of the Crypt
117515 | Crypt:3  | realizingwhyifist: crypt is only 3 levels here?
118313 | Crypt:3  | trelanon: pretty sure
118430 | Crypt:3  | Found a basalt altar of Yredelemnul.
118432 | Crypt:3  | Vidiiot: Yeah its 3 levels only.
118603 | Crypt:3  | trelanon: wait a second, you can disarm traps?
118603 | Crypt:3  | realizingwhyifist: really?
118603 | Crypt:3  | realizingwhyifist: they can't open doors?
118614 | Crypt:3  | trelanon: I've been playing for two years without knowing that
118617 | Crypt:3  | Vidiiot: You can disarm them
118617 | Crypt:3  | Vidiiot: But they removed it in 0.16
118617 | Crypt:3  | realizingwhyifist: I think someone told me it was removed recently
118617 | Crypt:3  | Sar: I think it just forgot about him
118617 | Crypt:3  | Sar: because stealth
118617 | Crypt:3  | trelanon: Oh.
118642 | Crypt:3  | trelanon: Another reason to play .15 then.
119218 | Crypt:3  | Reached skill level 20 in Fighting
119423 | Crypt:3  | realizingwhyifist: that sure seems nice
120681 | Crypt:3  | Vidiiot: All these fixed arts.
120697 | Crypt:3  | zkyp: all these slices of pizza.
120697 | Crypt:3  | realizingwhyifist: all the cool ones too
120699 | Crypt:3  | emiel: hehe
121510 | Crypt:3  | realizingwhyifist: impressive
121581 | Crypt:3  | Reached skill level 21 in Fighting
121689 | Crypt:3  | Reached skill level 20 in Unarmed Combat
122760 | Crypt:3  | Reached skill level 13 in Dodging
123217 | Crypt:3  | Noticed an ancient lich
123309 | Crypt:2  | oh no!
123315 | Crypt:2  | Killed an ancient lich
123405 | Crypt:3  | Found a staircase to the Tomb.
123445 | Crypt:3  | emiel: emiel's ghost
123445 | Crypt:3  | emiel: sweet
123445 | Crypt:3  | realizingwhyifist: I also met a huwz the other successful game
123445 | Crypt:3  | realizingwhyifist: with cbl in l:1
123580 | Crypt:1  | Reached XP level 22. HP: 167/194 MP: 20/20
124028 | Vaults:1 | trelanon: how was crypt?
124057 | Vaults:2 | realizingwhyifist: useful somewhat
124057 | Vaults:2 | realizingwhyifist: got 3 AC outta it
124109 | Vaults:3 | emiel: could you dump the char please?
124122 | Vaults:3 | emiel: thx
124122 | Vaults:3 | realizingwhyifist: there you go
124186 | Vaults:4 | trelanon: >noticed ancient lich; "Oh no!"; Killed an ancient lich
124533 | Vaults:4 | Found Arriep's Gadget Boutique.
124932 | Vaults:4 | hello
124987 | Vaults:4 | Reached skill level 14 in Dodging
126004 | Vaults:4 | Bought a +4 ring of evasion for 396 gold pieces
126004 | Vaults:4 | Bought a +3 ring of protection for 231 gold pieces
126021 | Vaults:4 | trelanon: well those are decent
126023 | Vaults:4 | trelanon: 18-28-15
126023 | Vaults:4 | realizingwhyifist: and rF doesn't hurt a lot to get on either
126023 | Vaults:4 | realizingwhyifist: improvements
126058 | Vaults:4 | trelanon: still no ring of RF?
126090 | Vaults:4 | trelanon: I mean fire is ok
126090 | Vaults:4 | realizingwhyifist: only fire
126382 | Vaults:3 | realizingwhyifist: women
126408 | Vaults:3 | Killed Margery
126416 | Vaults:3 | trelanon: Could it be?
126542 | Vaults:3 | BROAD AXE ALRIGHT
127138 | Vaults:3 | trelanon: ow
127170 | Vaults:3 | realizingwhyifist: literally every cool fixed
127170 | Vaults:3 | realizingwhyifist: plutie inc
127239 | Vaults:3 | trelanon: you found the plutonium sword too?
127573 | Vaults:3 | realizingwhyifist: nope but bet it's gonna show up soon
127762 | D:13     | trelanon: oooh elves
127931 | Elf:1    | Entered Level 1 of the Elven Halls
128279 | Elf:1    | Found Obaheath's Jewellery Shoppe.
128312 | Elf:1    | realizingwhyifist: this is not shaolin
128312 | Elf:1    | realizingwhyifist: ffs
128685 | Elf:2    | trelanon: you're basically playing as an octopode with only two ring slots
128750 | Elf:2    | trelanon: without stealth and constrict and all the other good octopode things, but with auxiliary armor
129066 | Elf:2    | realizingwhyifist: I also don't drink!
129196 | Elf:2    | trelanon: oh yeah
129368 | Elf:3    | Entered Level 3 of the Elven Halls
129368 | Elf:3    | Noticed Agnes
129369 | Elf:3    | trelanon: also bad apts for everything
129475 | Elf:3    | trelanon: Wait you're actually going for the elf loot without a killhole
129482 | Elf:3    | trelanon: that's crazy
129580 | Elf:3    | realizingwhyifist: got my good ol cratermakers
129580 | Elf:3    | realizingwhyifist: and all the time
129997 | Elf:3    | Killed Agnes
130083 | Elf:3    | Reached skill level 21 in Unarmed Combat
130920 | Elf:3    | ffs
131865 | Elf:3    | Got a bloodstained leather armour
132625 | Elf:3    | Got a heavily runed scale mail
132800 | Elf:3    | Reached XP level 23. HP: 147/198 MP: 21/21
132950 | Elf:3    | trelanon: No rings, huh
132950 | Elf:3    | realizingwhyifist: only arrows to the face
132950 | Elf:3    | trelanon: those fuckers hit hard.
134426 | Shoals:4 | Killed Jorgrun
134830 | Shoals:4 | realizingwhyifist: crying due to how horrible shields are
134843 | Shoals:4 | Killed Louise
135879 | Shoals:4 | Reached skill level 22 in Unarmed Combat
136661 | Shoals:5 | Got a barnacled rune of Zot
136663 | Shoals:5 | ABOUT TIME
136729 | Shoals:5 | trelanon: Slow and inexorable as a glacier, the MuMo continues his journey
136903 | Shoals:5 | Noticed Ilsuiw
137099 | Shoals:5 | oh no
137099 | Shoals:5 | not the oxygen deprivation
137109 | Shoals:5 | Killed Ilsuiw
137519 | Shoals:5 | trelanon: Free tele
137862 | Lair:5   | realizingwhyifist: at last
137867 | Lair:5   | trelanon: Hehehe
137874 | Lair:5   | trelanon: So that's two runes
137874 | Lair:5   | trelanon: How do you feel
137874 | Lair:5   | realizingwhyifist: I feel like I better not fuck up like last time
137874 | Lair:5   | realizingwhyifist: but depths should be fun
137874 | Lair:5   | trelanon: ID that ring you found
137874 | Lair:5   | realizingwhyifist: so let's check that
137875 | Lair:5   | trelanon: aw come on.
137876 | Lair:5   | trelanon: where the fuck is RF
137876 | Lair:5   | realizingwhyifist: oh hey
137876 | Lair:5   | trelanon: man it's raining unrands
137876 | Lair:5   | realizingwhyifist: hi robe
137876 | Lair:5   | realizingwhyifist: stones
137876 | Lair:5   | realizingwhyifist: wtf
137944 | Lair:2   | trelanon: you subconciously want them
138392 | Depths:1 | Entered Level 1 of the Depths
138412 | Depths:1 | realizingwhyifist: stronk
138460 | Depths:1 | trelanon: you got ripped along the way
138575 | Depths:1 | Got a twisted shortbow
138704 | Depths:1 | trelanon: oh yes it's depths' most beloved denizens
139148 | Depths:1 | realizingwhyifist: did they make levelgen this cramped so dtees could dig though everything?
139165 | Depths:1 | HELLO
139786 | Depths:1 | Got a smoking silver ring
139787 | Depths:1 | Identified the cursed ring of Zihergh {rF+ AC-2} (You found it on level 1 of the Depths)
139788 | Depths:1 | trelanon: HA
139788 | Depths:1 | realizingwhyifist: thanks
139831 | Depths:1 | trelanon: maybe that's regular RF
139832 | Depths:1 | trelanon: yep
139832 | Depths:1 | realizingwhyifist: aha!
140200 | Depths:1 | trelanon: oh yeah that reminds me. You can't do slime, right
140217 | Depths:1 | trelanon: you'd need some sort of digging to get in there
140238 | Depths:1 | realizingwhyifist: oh
140238 | Depths:1 | realizingwhyifist: I can use some random eye of disint I guess
140238 | Depths:1 | trelanon: yeah that's what I was thinking
140245 | Depths:1 | trelanon: jesus
140253 | Depths:1 | Reached skill level 23 in Unarmed Combat
140563 | Depths:1 | Found a gateway to Hell.
141250 | Depths:1 | realizingwhyifist: christ there's a huge thunderstorm going on
141297 | Depths:1 | trelanon: eh, webtiles saves even if you blackout
141302 | Depths:1 | trelanon: I think
141591 | Depths:1 | realizingwhyifist: I've had levels reset before
141591 | Depths:1 | realizingwhyifist: but not related to that no
141781 | Depths:1 | Reached XP level 24. HP: 198/206 MP: 21/21
142486 | Depths:2 | Noticed Asterion
142561 | Depths:2 | Killed Asterion
142562 | Depths:2 | trelanon: Could have been worse. Could have been holy wrath
142562 | Depths:2 | rip gfunkers
142815 | Depths:2 | trelanon: but it was pretty bad
142815 | Depths:2 | realizingwhyifist: orb of holy wrath
142852 | Depths:2 | trelanon: oh yeah, orbs of fire are going to be superfun
142910 | Depths:2 | Found a one-way gate to the infinite horrors of the Abyss.
143611 | Depths:2 | realizingwhyifist: jesus stealth
143831 | Depths:2 | Reached skill level 14 in Shields
145068 | Depths:2 | trelanon: So, nothing's inside that thing?
145068 | Depths:2 | trelanon: or is it a vault
145104 | Depths:3 | realizingwhyifist: I'm not sure
145104 | Depths:3 | realizingwhyifist: sometimes U has weird things like that that have nothing inside
145130 | Depths:3 | trelanon: maybe if you find some excess magic mapping
146059 | Depths:3 | Reached skill level 15 in Shields
146287 | Depths:3 | Found a gateway to a ziggurat.
146658 | Depths:3 | Found a one-way gate leading to the halls of Pandemonium.
146664 | Depths:3 | realizingwhyifist: heavily guarded
146720 | Depths:4 | trelanon: Huh.
147118 | Depths:4 | Reached skill level 15 in Dodging
148513 | Depths:4 | trelanon: call me crazy here but how about getting five points in armor
148621 | Depths:4 | trelanon: it's still about 1 or 2 AC
148650 | Depths:4 | realizingwhyifist: huh
148650 | Depths:4 | realizingwhyifist: mite as well check what the exact number on it is actually
148650 | Depths:4 | realizingwhyifist: sure
148721 | Depths:4 | trelanon: Woo. I'm helpful
148734 | Depths:4 | Reached skill level 1 in Armour
148827 | Depths:4 | realizingwhyifist: somewhat!
148844 | Depths:4 | Reached skill level 2 in Armour
149003 | Depths:4 | Sar: IS THAT IT
149016 | Depths:4 | realizingwhyifist: are you literally crazy
149458 | Depths:4 | trelanon: alright, titans are kind of a big deal.
149707 | Depths:4 | Reached skill level 3 in Armour
149848 | Depths:5 | Entered Level 5 of the Depths
150227 | Depths:5 | Reached skill level 4 in Armour
150385 | Depths:5 | Reached skill level 5 in Armour
150410 | Depths:5 | trelanon: >
150420 | Depths:5 | trelanon: woops. >increases the effectiveness of your armour by 1/22nd of its base value per level of skill.
150429 | Depths:5 | Reached XP level 25. HP: 202/212 MP: 22/22
150430 | Depths:5 | realizingwhyifist: that might just be a lot of skill
150430 | Depths:5 | trelanon: so yeah, four pieces of armor together, 6 skill should give you 1 AC
150430 | Depths:5 | trelanon: unless they don't count them together
150430 | Depths:5 | realizingwhyifist: they should
150471 | Depths:5 | trelanon: then we're almost there
150471 | Depths:5 | nikheizen: it does count them together
150555 | Depths:5 | realizingwhyifist: oho
150555 | Depths:5 | realizingwhyifist: free armor
150605 | Depths:5 | realizingwhyifist: actually that was nice let's hit 12
150632 | Depths:5 | trelanon: alright then
150654 | Depths:5 | Got a pitted hand axe
150885 | Depths:5 | Reached skill level 6 in Armour
151489 | Depths:5 | Reached skill level 7 in Armour
151661 | Depths:5 | trelanon: motherfucker
151661 | Depths:5 | realizingwhyifist: dancy
151661 | Depths:5 | realizingwhyifist: *f
151901 | Depths:5 | Reached skill level 8 in Armour
153156 | Depths:5 | Reached skill level 9 in Armour
153289 | Depths:5 | Got a jewelled blowgun
153297 | Depths:5 | Found a gate to the Realm of Zot.
154035 | Depths:4 | Voluntarily entered the Abyss.
154231 | Abyss:2  | Reached skill level 10 in Armour
154368 | Abyss:2  | Paralysed by accursed screaming for 1 turns
154376 | Abyss:2  | trelanon: tele
154409 | Abyss:2  | trelanon: or not. jesus.
154895 | Abyss:2  | Sar: did I miss anything good
154907 | Abyss:2  | Sar: why are we in Abyss
154923 | Abyss:2  | Sar: did the elvs have any gud lut
154935 | Abyss:2  | trelanon: almost died to starcursed
154942 | Abyss:2  | trelanon: and trashing horrors
154942 | Abyss:2  | realizingwhyifist: the elvs had literally nothing
154942 | Abyss:2  | realizingwhyifist: bitter tears were had
154949 | Abyss:2  | realizingwhyifist: also we're here for runes!
155032 | Abyss:2  | trelanon: oooh blinky
155074 | Abyss:2  | Reached skill level 11 in Armour
155076 | Abyss:2  | realizingwhyifist: oho
155076 | Abyss:2  | realizingwhyifist: AC
155076 | Abyss:2  | trelanon: there we go, AC 20
155100 | Abyss:2  | realizingwhyifist: unbreakable
155136 | Abyss:2  | realizingwhyifist: at last
155276 | Abyss:3  | realizingwhyifist: oho
155277 | Abyss:3  | trelanon: Huh
155294 | Abyss:3  | Sar: looks vaulty
155314 | Abyss:3  | realizingwhyifist: fuck
155314 | Abyss:3  | Sar: ew
155321 | Abyss:3  | trelanon: seemed too easy
155352 | Abyss:3  | Sar: abyss rune vaults are often really easy
155378 | Abyss:3  | Sar: like the one with spires and raiju
155380 | Abyss:3  | trelanon: but not just two chaos spawns
155381 | Abyss:3  | Sar: or Hive
155402 | Abyss:3  | trelanon: that's ridiculously easy
155419 | Abyss:3  | Sar: I'd rather fight 4 raiju than 4 chaos spawns
155419 | Abyss:3  | trelanon: but
155419 | Abyss:3  | realizingwhyifist: I like how cs won't go into chaos clouds
155439 | Abyss:3  | Sar: report it on mantis
155449 | Abyss:3  | Sar: make it seek chaos clouds
155449 | Abyss:3  | Sar: so it mutates into superchaos
155449 | Abyss:3  | Sar: spawn
155449 | Abyss:3  | realizingwhyifist: "dear mantis I was playing .15 and"
155492 | Abyss:3  | Reached skill level 10 in Stealth
155852 | Abyss:3  | pretty
155891 | Abyss:3  | realizingwhyifist: as pretty as it is I can't see shit though
156012 | Abyss:3  | Sar: worldbinder
156109 | Abyss:3  | Shiggs: Rip pretty clouds
156109 | Abyss:3  | realizingwhyifist: do those just summon random stuff?
156128 | Abyss:3  | Shiggs: They summon from a set branch
156186 | Abyss:3  | realizingwhyifist: different branch per cast or always the same for each binder?
156263 | Abyss:3  | Sar: I think binders generate with a certain branch in mind
156273 | Abyss:3  | Sar: not sure!
156290 | Abyss:3  | Shiggs: I think it's decided on spawn and then they're locked into that branch
156310 | Abyss:3  | Shiggs: I don't honestly know. I normally murder them too quick to see
156310 | Abyss:3  | realizingwhyifist: eh, at least that's somewhat reasonable
156310 | Abyss:3  | realizingwhyifist: i guess
156320 | Abyss:3  | trelanon: The branch that it can summon from is random, but consistent per-worldbinder
156336 | Abyss:3  | Reached skill level 11 in Stealth
156343 | Abyss:3  | Shiggs: So basically what I said?
156343 | Abyss:3  | trelanon: yep
156343 | Abyss:3  | Shiggs: Awesome.
156343 | Abyss:3  | realizingwhyifist: do you just have to remember which or is there any indication?
156360 | Abyss:3  | Shiggs: I mean, when they summon it's obvious
156360 | Abyss:3  | trelanon: I don't know man I just copypasted from learndb
156360 | Abyss:3  | nikheizen: it says it calls allies from the "branch"
156360 | Abyss:3  | realizingwhyifist: I guess you check the log yeah
156360 | Abyss:3  | nikheizen: or it does in .16+
156372 | Abyss:3  | trelanon: nah, it did here too
156405 | Abyss:3  | Shiggs: They're not super difficult though, really.
156513 | Abyss:3  | Shiggs: I hate the abyss, really dull.
156575 | Abyss:3  | trelanon: I kinda like it
156593 | Abyss:3  | Shiggs: I get bored of wandering.
156612 | Abyss:3  | trelanon: they should add a boss at A5
156636 | Abyss:3  | Shiggs: What could it be though.
156651 | Abyss:3  | trelanon: there was a guy working on it
156657 | Abyss:3  | trelanon: it was pretty nice
156664 | Abyss:3  | nikheizen: that one boss with chaos clouds surrounding it and disto bolt
156672 | Abyss:3  | trelanon: hm-hm
156673 | Abyss:3  | trelanon: oh hey rune
156673 | Abyss:3  | nikheizen: ayyy
156673 | Abyss:3  | Shiggs: That might be your rune
156673 | Abyss:3  | trelanon: finally
156673 | Abyss:3  | realizingwhyifist: christ
156673 | Abyss:3  | realizingwhyifist: this require flight
156673 | Abyss:3  | Sar: pretty nice as "another reason to never go to abyss:5, as if you needed more"
156673 | Abyss:3  | Shiggs: Time to get ported!
156673 | Abyss:3  | realizingwhyifist: *s
156673 | Abyss:3  | Sar: also this is a bad rune vault
156673 | Abyss:3  | Sar: hellephants are kind of scary
156673 | Abyss:3  | trelanon: it's got hellephants right
156673 | Abyss:3  | trelanon: yep
156673 | Abyss:3  | Sar: in the open
156673 | Abyss:3  | nikheizen: are you out of ?blink?
156673 | Abyss:3  | Shiggs: Oh so a few days ago I ran into one with a bunch of basilisks and a catoplebos, was that a rune vault?
156673 | Abyss:3  | trelanon: I don't remember
156673 | Abyss:3  | Shiggs: I ran out of methods of flight and didn't get it
156673 | Abyss:3  | Sar: could've been an exit
156673 | Abyss:3  | Shiggs: in*
156673 | Abyss:3  | realizingwhyifist: I don't think you can blink in this version
156673 | Abyss:3  | trelanon: were there easrth elementals
156675 | Abyss:3  | Shiggs: There's no c blink
156675 | Abyss:3  | nikheizen: oh you're right
156675 | Abyss:3  | Shiggs: You can blink
156675 | Abyss:3  | realizingwhyifist: well yes but no proper ?blink I mean
156675 | Abyss:3  | nikheizen: i just used bend space last time i was here
156708 | Abyss:3  | Shiggs: Rip rune then?
156708 | Abyss:3  | trelanon: there must be a way
156713 | Abyss:3  | Sar: what happened, did you blink
156717 | Abyss:3  | realizingwhyifist: nope
156717 | Abyss:3  | Sar: did a beautiful scroll of
156717 | Abyss:3  | realizingwhyifist: was checking if there was a way in
156717 | Abyss:3  | Sar: oh
156717 | Abyss:3  | Sar: scrolls are safe
156717 | Abyss:3  | Sar: it's good
156717 | Abyss:3  | realizingwhyifist: word
156717 | Abyss:3  | Sar: anyway fuck hellephants
156717 | Abyss:3  | Sar: they hit through rF++ like well
156717 | Abyss:3  | trelanon: where is the hellephant anyway
156717 | Abyss:3  | realizingwhyifist: inside
156717 | Abyss:3  | Shiggs: Don't they ignore all rfire
156717 | Abyss:3  | Sar: like something that hits hard
156717 | Abyss:3  | Sar: and they also blink
156717 | Abyss:3  | Vidiiot: Inside.
156717 | Abyss:3  | Sar: not
156717 | Abyss:3  | Sar: they attack with natural fire
156717 | Abyss:3  | Sar: "hellfire" is a dumb name yes
156717 | Abyss:3  | trelanon: can't you make an exception just for this once with the ring of flight
156717 | Abyss:3  | realizingwhyifist: I could always just step in and then tele
156717 | Abyss:3  | nikheizen: i find that often they will just blink past you in the vault
156717 | Abyss:3  | realizingwhyifist: if it doesn't blink nor does it die
156717 | Abyss:3  | Shiggs: There's only one thing you can do.
156717 | Abyss:3  | Shiggs: Embrace yolo
156717 | Abyss:3  | trelanon: funny thing is that you could quaff flight, but you're a mummy
156717 | Abyss:3  | realizingwhyifist: and since this is a dumb vault and I'm sick of the abyss, let's use the rink
156717 | Abyss:3  | realizingwhyifist: just this once!
156719 | Abyss:3  | trelanon: No one will need to know
156719 | Abyss:3  | Vidiiot: >breaking the rules
156719 | Abyss:3  | Shiggs: What rules were these anyway?
156719 | Abyss:3  | Sar: BREAKING THE LAW BREAKING THE LAW
156719 | Abyss:3  | realizingwhyifist: that's a pretty symbol for restoration
156719 | Abyss:3  | realizingwhyifist: also I am the law
156720 | Abyss:3  | Vidiiot: First shields
156720 | Abyss:3  | trelanon: HE DID IT
156720 | Abyss:3  | HA HA I EVOKED THINGS
156720 | Abyss:3  | Vidiiot: Now evoking :(
156735 | Abyss:3  | trelanon: THE MUMO HONOR IS TAINTED FOREVER
156764 | Abyss:3  | Shiggs: Time to die to falling in lava as kharmic justice.
156765 | Abyss:3  | nikheizen: im reporting you to the rlg
156765 | Abyss:3  | Sar: i swear if you manage to burn somehow
156814 | Abyss:3  | I JUST DID IT AGAIN!
156814 | Abyss:3  | trelanon: and Lo, he evoked thrice
156830 | Abyss:3  | trelanon: for thrice was the number he evoked
156838 | Abyss:3  | trelanon: also don't die
156854 | Abyss:3  | Shiggs: I imagine he'll have to do it again.
156854 | Abyss:3  | trelanon: four is such a bad number
156854 | Abyss:3  | trelanon: if he doesn't get pulled away when resting
156854 | Abyss:3  | Sar: elephants hurt
156854 | Abyss:3  | nikheizen: what are you japanese
156858 | Abyss:3  | Shiggs: Inb4 there's no rune
156863 | Abyss:3  | trelanon: Dicks that's suicide
156863 | Abyss:3  | trelanon: more than usual I mean
156863 | Abyss:3  | realizingwhyifist: evoking over three times seems not appropriate
156872 | Abyss:3  | Shiggs: Time to die
156876 | Abyss:3  | nikheizen: put on a better ring!
156900 | Abyss:3  | trelanon: it was all a plan to die honorably
156904 | Abyss:3  | Shiggs: On his island full of pet elephants
156931 | Abyss:3  | trelanon: I like to think the hellephant is there sleeping peacefully
156938 | Abyss:3  | Sar: ooooh
156944 | Abyss:3  | Sar: YEEEAH
156944 | Abyss:3  | Vidiiot: protip - use the meph breathe to confuse
156944 | Abyss:3  | Shiggs: TIME TO DIE
156944 | Abyss:3  | Sar: NOOOPE
156944 | Abyss:3  | realizingwhyifist: excuse me
156944 | Abyss:3  | trelanon: I think he's crashing the keyboard
156951 | Abyss:3  | excellent
156951 | Abyss:3  | Shiggs: The elephants planned this.
156953 | Abyss:3  | trelanon: heh, he fell
156953 | Abyss:3  | realizingwhyifist: impressive
156953 | Abyss:3  | Sar: ouch that really hurt
156953 | Abyss:3  | trelanon: how did that even
156953 | Abyss:3  | Sar: it's made of arms
156953 | Abyss:3  | Shiggs: It became the door.
156953 | Abyss:3  | realizingwhyifist: apparently they can door
156953 | Abyss:3  | Sar: of course it can open doors
156953 | Abyss:3  | nikheizen: its made of hands
156953 | Abyss:3  | trelanon: they're a bunch of hands
156953 | Abyss:3  | realizingwhyifist: a fun fact is that at the moment I'm rF0
156956 | Abyss:3  | trelanon: Better switch to RF++ then
156965 | Abyss:3  | Sar: oooh
156968 | Abyss:3  | Vidiiot: YES
156968 | Abyss:3  | realizingwhyifist: good
156968 | Abyss:3  | Shiggs: NOW RUN
156968 | Abyss:3  | trelanon: my god
156968 | Abyss:3  | Got an abyssal rune of Zot
156969 | Abyss:3  | Sar: grab tele
156970 | Abyss:3  | Sar: low on tele tbh
156970 | Abyss:3  | realizingwhyifist: word
156986 | Abyss:3  | Found a corrupted altar of Lugonu.
157096 | Abyss:3  | Sar: so what runes are left
157096 | Abyss:3  | Found a corrupted altar of Lugonu.
157099 | Abyss:3  | Sar: golden, silver and
157113 | Abyss:3  | Sar: was it daemonic?
157113 | Abyss:3  | trelanon: slime
157113 | Abyss:3  | Sar: oh
157115 | Abyss:3  | Sar: no daemons
157126 | Abyss:3  | Sar: slime without rcorr
157128 | Abyss:3  | Sar: okay
157128 | Abyss:3  | trelanon: ooh nice
157129 | Abyss:3  | realizingwhyifist: oho
157130 | Abyss:3  | Found a snail-covered altar of Cheibriados.
157138 | Abyss:3  | realizingwhyifist: oh jesus
157138 | Abyss:3  | Shiggs: Angel?
157138 | Abyss:3  | trelanon: nope
157139 | Abyss:3  | nikheizen: ANGEL
157140 | Abyss:3  | trelanon: nope
157140 | Abyss:3  | Shiggs: TIME TO DIE
157140 | Abyss:3  | trelanon: RUN
157140 | Abyss:3  | I AM NOT READY
157140 | Abyss:3  | Shiggs: Aww
157146 | Abyss:3  | nikheizen: You convulse!
157147 | Depths:4 | Escaped the Abyss
157148 | Depths:4 | trelanon: Jesus
157148 | Depths:4 | Sar: intense
157148 | Depths:4 | Shiggs: Go back in, find that angel
157149 | Depths:4 | realizingwhyifist: I feel my intelligence returning!
157154 | Depths:4 | trelanon: well you went out of the abyss
157271 | Depths:4 | trelanon: that's a start
157279 | Depths:4 | realizingwhyifist: now tomb!
157340 | Depths:4 | Reached skill level 12 in Stealth
157440 | D:14     | trelanon: oh hey is this the garg trap level
157668 | Tomb:1   | Entered Level 1 of the Tomb of the Ancients
157683 | Tomb:1   | Vidiiot: Welcome HOME
157686 | Tomb:1   | Shiggs: Now never leave
157686 | Tomb:1   | Sar: time to get shpinxed
157686 | Tomb:1   | Shiggs: Become a comfy mummy
157687 | Tomb:1   | Sar: sphinxed
157687 | Tomb:1   | realizingwhyifist: I'm sphinx-proof
157702 | Tomb:1   | Sar: apparently sphinxes are close to #1 Tomb killers
157713 | Tomb:1   | Sar: I love it
157713 | Tomb:1   | Shiggs: 6 smiters all sat together
157713 | Tomb:1   | Shiggs: Talk about scary
157719 | Tomb:1   | Sar: smite para smite ded
157727 | Tomb:1   | nikheizen: well nothing else can really kill you directly
157734 | Tomb:1   | Sar: good old tomb
157754 | Tomb:1   | Shiggs: Tomb is suffering.
157758 | Tomb:1   | Sar: Reapers!
157771 | Tomb:1   | nikheizen: reapers are ez
157787 | Tomb:1   | Sar: hahahah
157793 | Tomb:1   | Sar: nope
157793 | Tomb:1   | nikheizen: dont fear the reaper, baby
157793 | Tomb:1   | trelanon: reapers are kinda bad
157817 | Tomb:1   | Sar: nah, this is the case where you DO fear the reapr
157854 | Tomb:1   | Shiggs: But reapers are just cold and need some lovin'
157882 | Tomb:1   | Sar: uh
157894 | Tomb:1   | nikheizen: hello ladies
157895 | Tomb:1   | Sar: that's a lot of smitesmite smite
157895 | Tomb:1   | Sar: smite-targeted smite
157895 | Tomb:1   | daed4: They're smithy.
157895 | Tomb:1   | Sar: and they move faster than you!
157895 | Tomb:1   | Sar: speed 11 or so
157895 | Tomb:1   | realizingwhyifist: yes yes I noticed halfway through
157895 | Tomb:1   | trelanon: hm
157895 | Tomb:1   | Sar: pls don't be another sphinx casualty
157895 | Tomb:1   | trelanon: that's problematic
157895 | Tomb:1   | Sar: as much as I love their killiness
157895 | Tomb:1   | daed4: Yes. They should be move 16
157895 | Tomb:1   | Sar: Great idea!
157908 | Tomb:1   | nikheizen: Just make them 20 for when intermediate speed values are removed
157919 | Tomb:1   | nikheizen: rip
157919 | Tomb:1   | trelanon: oh god oh god oh god
157919 | Tomb:1   | Shiggs: RIP
157919 | Tomb:1   | Sar: this is really bad
157919 | Tomb:1   | trelanon: DON'T DIE
157919 | Tomb:1   | realizingwhyifist: that was one press too many actually
157919 | Tomb:1   | Sar: fog should've been read earlier
157919 | Tomb:1   | realizingwhyifist: meant to vulnefear
157919 | Tomb:1   | Shiggs: It's all over now.
157919 | Tomb:1   | realizingwhyifist: dang it
157919 | Tomb:1   | Sar: OH
157919 | Tomb:1   | trelanon: NO
157919 | Tomb:1   | realizingwhyifist: what no it's not
157919 | Tomb:1   | trelanon: SO CLOSE
157919 | Tomb:1   | Shiggs: Prepare for smashmouth
157919 | Tomb:1   | Sar: I feel like a jerk now
157919 | Tomb:1   | realizingwhyifist: hm?
157919 | Tomb:1   | trelanon: There's stilla probability you won't die
157919 | Tomb:1   | Sar: well I was talking about how cool sphinxes are
157919 | Tomb:1   | trelanon: it's pretty low but it's there
157919 | Tomb:1   | trelanon: So uh, what's the plan? Fog and then hope blink blinks you away?
157919 | Tomb:1   | Sar: vuln around sphinxes is not a very good plan imo
157919 | Tomb:1   | realizingwhyifist: oh
157919 | Tomb:1   | trelanon: it's more or less the only way out
157919 | Tomb:1   | Sar: they can para
157919 | Tomb:1   | Sar: well it's two turns
157919 | Tomb:1   | realizingwhyifist: I thought it didn't affect you for some reason
157919 | Tomb:1   | Sar: fog and move is also two
157919 | Tomb:1   | nikheizen: and confuse and slow
157919 | Tomb:1   | Sar: haha silly
157919 | Tomb:1   | Sar: of course it does
157919 | Tomb:1   | realizingwhyifist: hm
157919 | Tomb:1   | trelanon: why would anything nice happen, dicks
157919 | Tomb:1   | Sar: then there's random blink
157919 | Tomb:1   | realizingwhyifist: fog get lucky blink
157919 | Tomb:1   | Shiggs: To be fair
157919 | Tomb:1   | Sar: which is truly random
157919 | Tomb:1   | realizingwhyifist: sounds good to me
157919 | Tomb:1   | Shiggs: This just makes sphinxs way cooler.
157919 | Tomb:1   | Sar: just roll the dice and hope for better
157919 | Tomb:1   | Shiggs: Sphinxs are my spirit animal.
157919 | Tomb:1   | HP: 12/214 [sphinx/divine providence (12)]
157920 | Tomb:1   | Sar: Sphinxes are cool as fuck.
157920 | Tomb:1   | trelanon: everyone cross your finger-
157920 | Tomb:1   | Sar: good
157920 | Tomb:1   | trelanon: oh god
157920 | Tomb:1   | Sar: now move
157920 | Tomb:1   | Sar: it's the best fog
157920 | Tomb:1   | Sar: you got lucky
157921 | Tomb:1   | nikheizen: up up up fog again?
157921 | Tomb:1   | Sar: hm
157921 | Tomb:1   | Shiggs: I mean, they're going to see him again real soon
157921 | Tomb:1   | trelanon: he's not quick enough to fog again
157921 | Tomb:1   | realizingwhyifist: should be actually
157921 | Tomb:1   | realizingwhyifist: but then this is counter productive to actually going away
157921 | Tomb:1   | trelanon: Put on MR, read vuln and then fear takes 3 turns, two of which are going to be next to the sphinxes
157921 | Tomb:1   | trelanon: tele might fuck you up worse than now
157921 | Tomb:1   | trelanon: who am I kidding, you can't get worse than this
157921 | Tomb:1   | realizingwhyifist: oh I never meant to tele
157921 | Tomb:1   | realizingwhyifist: just manipulate blink with fog
157921 | Tomb:1   | trelanon: Oh. That's nice.
157921 | Tomb:1   | Sar: that was what I was thinking about
157922 | Tomb:1   | Sar: however I dunno how to do it better so
157922 | Tomb:1   | Sar: hm
157924 | Tomb:1   | Sar: this seems great
157924 | Tomb:1   | nikheizen: nice
157924 | Tomb:1   | Sar: now blink?
157924 | Tomb:1   | Sar: wait no
157924 | Tomb:1   | Sar: it can go left and
157924 | Tomb:1   | Sar: right I mean
157924 | Tomb:1   | trelanon: he's got all the time in the world
157924 | Tomb:1   | nikheizen: there's no way to completely exclude a lateral blink
157924 | Tomb:1   | Sar: (
157924 | Tomb:1   | trelanon: that'd be pretty unlucky. I exclude it by force of will.
157924 | Tomb:1   | trelanon: he can't just die right now
157924 | Tomb:1   | Sar: it's Crawl
157924 | Tomb:1   | realizingwhyifist: I'm not sure I have enough time to fog and blink again
157924 | Tomb:1   | Sar: everyone can die
157924 | Tomb:1   | trelanon: N-not dicks
157924 | Tomb:1   | trelanon: well okay
157924 | Tomb:1   | realizingwhyifist: so it's probably the best idea to do it now
157924 | Tomb:1   | trelanon: I mean I just don't want him to die
157924 | Tomb:1   | daed4: You're still a hero. Kinda.
157924 | Tomb:1   | trelanon: yeah, that's one more rune than last time
157924 | Tomb:1   | Shiggs: Roll the dice, spine the wheel.
157924 | Tomb:1   | trelanon: nobody ever got 3 before I think
157924 | Tomb:1   | Shiggs: Laugh at the world.
157924 | Tomb:1   | trelanon: how much damage does smite do anyway
157924 | Tomb:1   | Sar: maybe go left first
157924 | Tomb:1   | Shiggs: Like 10-20
157924 | Tomb:1   | HP: 2/214 [sphinx/divine providence (12)]
157925 | Tomb:1   | trelanon: he might survive one
157925 | Tomb:1   | Sar: 17 tops
157925 | Tomb:1   | Shiggs: RIP
157925 | Tomb:1   | trelanon: oh god blink again
157925 | Tomb:1   | trelanon: blink for the love of god
157925 | Tomb:1   | Sar: this is the end
157925 | Tomb:1   | trelanon: he's still got a possibility!
157932 | Tomb:1   | daed4: Tomb is hell.
157932 | Tomb:1   | daed4: HELL.
157932 | Tomb:1   | trelanon: my ass just clenched
157932 | Tomb:1   | Sar: clever kitty
157938 | Tomb:1   | trelanon: HEì'S ALMOST
157938 | Tomb:1   | Shiggs: inb4 there's shit outside
157939 | Tomb:1   | Shiggs: NOOO
157939 | Tomb:1   | Killed from afar by a sphinx

Vanquished Creatures
  An ancient lich (Crypt:2)
  Margery (Vaults:3)
  A golden dragon (Depths:5)
  A profane servitor (Crypt:3)
  Frederick (Vaults:2)
  3 bone dragons
  Asterion (Depths:2)
  A tentacled monstrosity (Abyss:3)
  2 deep elf blademasters (Elf:3)
  2 deep elf master archers (Elf:3)
  3 liches
  3 quicksilver dragons
  7 tentacled starspawn
  4 titans
  An octopode crusher (Depths:4)
  5 sphinxes
  2 ancient champions
  Rupert (Shoals:2)
  Agnes (Elf:3)
  Frances (Snake:1)
  4 shadow dragons
  Kirke (D:14)
  A spectral weapon (Depths:2)
  A revenant (Crypt:3)
  3 tengu reavers (Vaults:3)
  Ilsuiw (Shoals:5)
  3 draconian monks (Depths:5)
  Donald (Vaults:1)
  Wiglaf (Shoals:2)
  8 frost giants
  3 vault wardens (Vaults:2)
  19 fire giants
  6 deep elf sorcerers
  7 greater nagas
  Aizul (Snake:4)
  Louise (Shoals:4)
  An orc warlord (Orc:3)
  A cacodemon (Abyss:2)
  Gastronok (D:11)
  2 emperor scorpions
  8 ghouls
  Jorgrun (Shoals:4)
  3 draconian annihilators (Depths:5)
  2 spriggan defenders
  2 green draconians (Depths:5)
  2 very ugly things (Depths:5)
  5 deep elf demonologists
  A draconian shifter (Depths:5)
  A war gargoyle (Vaults:3)
  A grey draconian (Vaults:3)
  20 stone giants
  A vampire knight (Depths:5)
  16 dire elephants
  2 black draconians (Depths:5)
  A purple draconian (Depths:5)
  11 rakshasas
  5 white draconians (Depths:5)
  A lorocyproca (Abyss:3)
  4 pale draconians (Depths:5)
  6 red draconians (Depths:5)
  6 deep elf annihilators
  An unborn (Crypt:3)
  7 fire dragons
  9 deep elf death magi
  7 eidola
  11 merfolk impalers
  9 merfolk javelineers
  10 ettins
  25 jiangshi
  9 ironheart preservers
  A quicksilver dragon zombie (Crypt:3)
  A green death (Abyss:3)
  4 minotaurs
  9 great orbs of eyes
  19 vault guards
  17 yaktaur captains
  Fannar (D:11)
  3 deep elf high priests
  25 naga warriors
  10 hydras
  11 ice dragons
  3 spriggan air magi
  5 sirens (Shoals:5)
  3 death cobs (Crypt:3)
  Nessos (Shoals:1)
  A quicksilver dragon skeleton (Crypt:3)
  3 ghost crabs (Crypt:2)
  An alligator snapping turtle (Shoals:2)
  18 anacondas
  2 merfolk aquamancers (Shoals:5)
  21 ogre magi
  6 death knights
  17 centaur warriors
  8 deep troll shamans
  30 death yaks
  10 deep troll earth magi
  2 satyrs
  4 spriggan berserkers
  15 naga sharpshooters
  6 tengu warriors
  6 thrashing horrors
  6 vampire magi
  2 orc high priests
  A spectral emperor scorpion (Crypt:3)
  4 salamander mystics
  13 deep elf knights
  3 soul eaters
  14 shock serpents
  4 wretched stars
  A catoblepas (Lair:8)
  13 hell knights
  2 fire crabs
  2 iron trolls
  A fire crab (shapeshifter) (Vaults:3)
  7 shadow wraiths
  48 skeletal warriors
  2 ice devils
  2 spatial maelstroms (Abyss:3)
  24 sea snakes
  A shadow demon (Elf:3)
  7 flayed ghosts
  A swamp dragon (shapeshifter) (Vaults:2)
  2 giant orange brains
  33 deep trolls
  Erolcha (Orc:1)
  An anaconda zombie (Crypt:1)
  10 ironbrand convokers
  7 hill giants
  2 ice statues (IceCv)
  4 lindwurms
  A harpy (shapeshifter) (Vaults:1)
  12 deep elf summoners
  7 large abominations
  13 orc knights
  6 unseen horrors
  5 naga ritualists
  23 harpies
  A wizard (Vaults:2)
  A mana viper (shapeshifter) (D:13)
  A sphinx zombie (Depths:1)
  4 orc sorcerers
  A manticore (shapeshifter) (Depths:4)
  15 phantasmal warriors
  11 cyclopes
  2 stone giant zombies (Depths:1)
  13 deep elf conjurers
  17 manticores
  5 fauns
  9 water nymphs
  31 ugly things
  6 necromancers
  A frost giant zombie (Depths:1)
  11 mana vipers
  A salamander (shapeshifter) (Vaults:3)
  A moth of wrath (shapeshifter) (D:15)
  2 wolf spiders
  4 red wasps
  2 draconians (shapeshifter)
  A fire giant zombie (Depths:1)
  14 griffons
  A shining eye (shapeshifter) (Depths:5)
  2 sixfirhies
  A water nymph (shapeshifter) (Vaults:1)
  19 salamanders
  A red wasp (shapeshifter) (Depths:3)
  A shock serpent zombie (Tomb:1)
  13 vault sentinels
  2 orange demons
  9 elephants
  A black mamba (shapeshifter) (Depths:1)
  An elephant (shapeshifter) (Abyss:2)
  37 black mambas
  2 frost giant skeletons
  16 spiny frogs
  5 worldbinders
  29 naga magi
  2 drowned souls (Shoals:5)
  5 mermaids
  2 tormentors
  A torpor snail (Depths:5)
  14 guardian serpents
  27 yaktaurs
  3 iron devils
  5 smoke demons
  7 gargoyles
  10 komodo dragons
  A feature mimic (Lair:2)
  5 kobold demonologists
  A yaktaur (shapeshifter) (Elf:1)
  4 demonic crawlers
  2 guardian mummies (Tomb:1)
  2 elves (shapeshifter)
  A spectral death drake (Crypt:2)
  A yaktaur skeleton (Depths:1)
  2 efreet
  3 ancient zymes
  A komodo dragon (shapeshifter) (D:15)
  A hellwing (Elf:3)
  A jumping spider (shapeshifter) (Elf:3)
  A wandering mushroom (Abyss:3)
  10 deep elf priests
  4 polar bears
  2 blue devils
  4 fire drakes
  10 freezing wraiths
  37 merfolk
  A jumping spider (Elf:3)
  2 tengu conjurers
  7 blink frogs
  8 trolls
  4 wind drakes
  A baby alligator (shapeshifter) (Vaults:3)
  An ice dragon zombie (Crypt:1)
  A raiju (shapeshifter) (D:14)
  57 two-headed ogres
  9 ravens
  2 hydra skeletons
  A deep troll zombie (Depths:1)
  13 snapping turtles
  6 raiju
  31 slime creatures
  A wind drake (shapeshifter) (Elf:1)
  7 basilisks
  8 boulder beetles
  A bog body (Crypt:3)
  2 ettin zombies
  6 ynoxinuls
  3 fire dragon zombies
  71 flying skulls
  7 vampires
  2 trapdoor spiders
  A redback (shapeshifter) (Depths:2)
  5 redbacks
  10 shadows
  2 air elementals (Depths:2)
  4 wyverns
  2 griffon skeletons (D:15)
  2 fire dragon skeletons
  10 water elementals
  A black mamba zombie (Crypt:1)
  36 deep elf magi
  A tarantella (Vaults:4)
  14 hippogriffs
  72 yaks
  4 spriggans
  A golden eye (shapeshifter) (Vaults:3)
  2 hill giant zombies
  3 hungry ghosts
  A golden eye (Abyss:1)
  4 hogs
  34 deep elf fighters
  A steam dragon (D:12)
  19 wraiths
  28 vampire mosquitoes
  Grum (D:8)
  17 wolves
  3 humans
  A wind drake skeleton (Crypt:2)
  A steam dragon (shapeshifter) (D:15)
  A yaktaur simulacrum (Vaults:2)
  6 neqoxecs
  A wolf (shapeshifter) (Elf:3)
  3 soldier ants
  76 nagas
  A spatial vortex (Abyss:3)
  A human zombie (Depths:1)
  35 water moccasins
  A hell hound (Abyss:3)
  5 wargs
  2 mottled dragons (D:15)
  6 chaos spawn
  A tengu skeleton (Depths:1)
  13 small abominations
  5 porcupines
  4 sky beasts
  54 orc warriors
  A manticore zombie (Crypt:2)
  5 yellow wasps
  85 ogres
  A swamp drake (Depths:5)
  7 starcursed masses
  A swamp dragon zombie (Crypt:1)
  6 necrophages
  2 lost souls
  4 boggarts (Vaults:3)
  35 centaurs
  5 black bears
  29 ice beasts
  2 boring beetles
  A boring beetle (shapeshifter) (Vaults:2)
  2 elf skeletons
  A manticore skeleton (Crypt:1)
  13 crocodiles
  Sigmund (D:7)
  Duvessa (Orc:1)
  4 big kobolds
  2 yaktaur zombies
  A hog skeleton (Crypt:2)
  A komodo dragon zombie (D:12)
  23 giant frogs
  A komodo dragon skeleton (Crypt:2)
  A draconian skeleton (Crypt:1)
  A wyvern zombie (Crypt:2)
  A water moccasin zombie (Crypt:1)
  3 cyclops zombies
  An orc simulacrum (D:15)
  A scorpion (shapeshifter) (D:15)
  6 scorpions
  An eye of draining (shapeshifter) (Vaults:2)
  2 hippogriff zombies
  An eye of draining (D:14)
  A hippogriff skeleton (D:7)
  20 killer bees
  9 jellies
  A polar bear skeleton (Crypt:2)
  10 electric eels
  3 wights (D:6)
  Dowan (Orc:1)
  4 goliath beetles
  16 crimson imps
  A soldier ant zombie (D:10)
  6 quasits
  37 orc wizards
  A centaur zombie (D:9)
  A giant frog zombie (D:10)
  12 hounds
  2 human simulacra
  Crazy Yiuf (D:7)
  An elf zombie (D:7)
  A basilisk zombie (D:14)
  5 centaur skeletons
  44 orc priests
  2 iron imps
  6 iguanas
  4 orange rats
  18 worker ants
  A felid zombie (Crypt:2)
  8 sheep
  Jessica (D:2)
  A mottled dragon skeleton (D:15)
  2 ogre skeletons
  A kobold simulacrum (D:14)
  A hound zombie (D:10)
  3 mummies
  32 adders
  87 green rats
  17 gnolls
  2 scorpion zombies
  A giant mite (D:5)
  7 shadow imps
  16 white imps
  7 worms
  5 ufetubi (Abyss:3)
  A giant gecko (D:1)
  18 oozes
  220 orcs
  2 bat skeletons
  30 goblins
  24 hobgoblins
  15 jackals
  53 kobolds
  22 quokkas
  A ball python (D:2)
  18 bats
  8 giant cockroaches
  7 giant newts
  A giant newt zombie (Crypt:2)
  A giant spore (D:12)
  A goblin skeleton (D:4)
  A hobgoblin skeleton (D:7)
  A kobold skeleton (D:4)
  23 rats
  A rat skeleton (D:4)
  8 ballistomycetes
  A bush (Elf:3)
  3 crawling corpses
  4 fungi
  A plant (Lair:3)
3169 creatures vanquished.

Vanquished Creatures (collateral kills)
  An anaconda (Snake:2)
  4 harpies (Shoals:5)
5 creatures vanquished.

Vanquished Creatures (others)
  A rakshasa (Abyss:3)
  A spriggan berserker (Depths:4)
  A deep elf conjurer (Elf:1)
  A manticore (D:15)
  An ugly thing (D:15)
  26 drowned souls (Shoals:5)
  An elephant (Abyss:3)
  A naga (Snake:5)
  A water moccasin (Snake:4)
  2 swamp worms (shapeshifter)
  A small abomination (Abyss:2)
  A swamp drake (Depths:5)
  A centaur (Vaults:3)
  A boggart (Vaults:3)
  2 ogres
  10 lost souls
  2 adders
  A shadow imp (Abyss:2)
  7 orcs
  4 giant spores
  A ballistomycete (D:8)
  A bush (Lair:7)
  A crawling corpse (D:15)
  12 fungi
  11 plants
  18 starspawn tentacles
  81 starspawn tentacle segments
191 creatures vanquished.

Grand Total: 3365 creatures vanquished
